Workbook

Sheet Model >

Sheet Drivers
A1: XYZ Company
B2: Drivers ($ in 000's)
C4: =C15 -> FQ1'26E | D4: =D15 -> FQ2'26E | E4: =E15 -> FQ3'26E | F4: =F15 -> FQ4'26E | G4: =G15 -> FQ1'27E | H4: =H15 -> FQ2'27E | I4: =I15 -> FQ3'27E | J4: =J15 -> FQ4'27E | ... AH4: =AH15 -> FQ4'33E | AI4: Noted Assumptions
B6: Global Inputs
B8: Time period
B9: Fiscal Quarter | C9: 1 | D9: 2 | E9: 3 | F9: 4 | G9: =C9 -> 1 | H9: =D9 -> 2 | I9: =E9 -> 3 | J9: =F9 -> 4 | K9: =G9 -> 1 | L9: =H9 -> 2 | M9: =I9 -> 3 | N9: =J9 -> 4 | ... AH9: =AD9 -> 4
B10: Fiscal Month End | C10: 3 | D10: 6 | E10: 9 | F10: 12 | G10: =C10 -> 3 | H10: =D10 -> 6 | I10: =E10 -> 9 | J10: =F10 -> 12 | K10: =G10 -> 3 | L10: =H10 -> 6 | M10: =I10 -> 9 | N10: =J10 -> 12 | ... AH10: =AD10 -> 12
B11: Fiscal Year | C11: 2026 | D11: 2026 | E11: 2026 | F11: 2026 | G11: =C11+1 -> 2027 | H11: =D11+1 -> 2027 | I11: =E11+1 -> 2027 | J11: =F11+1 -> 2027 | K11: =G11+1 -> 2028 | L11: =H11+1 -> 2028 | M11: =I11+1 -> 2028 | N11: =J11+1 -> 2028 | ... AH11: =AD11+1 -> 2033
B12: Fiscal Date | C12: =EOMONTH(DATE(C11,C10,1)-1, 1) -> 46112 | D12: =EOMONTH(DATE(D11,D10,1)-1, 1) -> 46203 | E12: =EOMONTH(DATE(E11,E10,1)-1, 1) -> 46295 | F12: =EOMONTH(DATE(F11,F10,1)-1, 1) -> 46387 | G12: =EOMONTH(DATE(G11,G10,1)-1, 1) -> 46477 | H12: =EOMONTH(DATE(H11,H10,1)-1, 1) -> 46568 | I12: =EOMONTH(DATE(I11,I10,1)-1, 1) -> 46660 | J12: =EOMONTH(DATE(J11,J10,1)-1, 1) -> 46752 | ... AH12: =EOMONTH(DATE(AH11,AH10,1)-1, 1) -> 48944
B13: Historical? (1=Historical, 0=Forecast)
B14: Year Name | C14: ="FY"&RIGHT(C11, 2)&IF(C13=1, "A", "E") -> FY26E | D14: ="FY"&RIGHT(D11, 2)&IF(D13=1, "A", "E") -> FY26E | E14: ="FY"&RIGHT(E11, 2)&IF(E13=1, "A", "E") -> FY26E | F14: ="FY"&RIGHT(F11, 2)&IF(F13=1, "A", "E") -> FY26E | G14: ="FY"&RIGHT(G11, 2)&IF(G13=1, "A", "E") -> FY27E | H14: ="FY"&RIGHT(H11, 2)&IF(H13=1, "A", "E") -> FY27E | I14: ="FY"&RIGHT(I11, 2)&IF(I13=1, "A", "E") -> FY27E | J14: ="FY"&RIGHT(J11, 2)&IF(J13=1, "A", "E") -> FY27E | ... AH14: ="FY"&RIGHT(AH11, 2)&IF(AH13=1, "A", "E") -> FY33E
B15: Quarter Name | C15: ="FQ"&C9&"'"&RIGHT(C11, 2)&IF(C13=1, "A", "E") -> FQ1'26E | D15: ="FQ"&D9&"'"&RIGHT(D11, 2)&IF(D13=1, "A", "E") -> FQ2'26E | E15: ="FQ"&E9&"'"&RIGHT(E11, 2)&IF(E13=1, "A", "E") -> FQ3'26E | F15: ="FQ"&F9&"'"&RIGHT(F11, 2)&IF(F13=1, "A", "E") -> FQ4'26E | G15: ="FQ"&G9&"'"&RIGHT(G11, 2)&IF(G13=1, "A", "E") -> FQ1'27E | H15: ="FQ"&H9&"'"&RIGHT(H11, 2)&IF(H13=1, "A", "E") -> FQ2'27E | I15: ="FQ"&I9&"'"&RIGHT(I11, 2)&IF(I13=1, "A", "E") -> FQ3'27E | J15: ="FQ"&J9&"'"&RIGHT(J11, 2)&IF(J13=1, "A", "E") -> FQ4'27E | ... AH15: ="FQ"&AH9&"'"&RIGHT(AH11, 2)&IF(AH13=1, "A", "E") -> FQ4'33E
B17: Financial hyperparameters
B18: Inflation | C18: 0.02 | D18: 0.02 | E18: 0.02 | F18: 0.02 | G18: 0.02 | H18: 0.02 | I18: 0.02 | J18: 0.02 | K18: 0.02 | L18: 0.02 | M18: 0.02 | N18: 0.02 | O18: 0.02 | P18: 0.02 | Q18: 0.02 | R18: 0.02 | S18: 0.02 | T18: 0.02 | U18: 0.02 | V18: 0.02
A21: x | B21: Revenue drivers
B23: Sales reps and productivity
B24: Sales reps hired (% of beginning sales reps) | C24: 0.08 | D24: 0.08 | E24: 0.08 | F24: 0.08 | G24: 0.08 | H24: 0.08 | I24: 0.08 | J24: 0.08 | K24: 0.06 | L24: 0.06 | M24: 0.06 | N24: 0.06 | O24: 0.04 | P24: 0.04 | Q24: 0.04 | R24: 0.04 | S24: 0.04 | T24: 0.04 | U24: 0.04 | V24: 0.04
B25: Sales rep attrition (% of beginning sales reps) | C25: -0.04 | D25: -0.04 | E25: -0.04 | F25: -0.04 | G25: -0.04 | H25: -0.04 | I25: -0.04 | J25: -0.04 | K25: -0.04 | L25: -0.04 | M25: -0.04 | N25: -0.04 | O25: -0.04 | P25: -0.04 | Q25: -0.04 | R25: -0.04 | S25: -0.04 | T25: -0.04 | U25: -0.04 | V25: -0.04
B26: Ramp time duration in quarters | C26: 2 | D26: 2 | E26: 2 | F26: 2 | G26: 2 | H26: 2 | I26: 2 | J26: 2 | K26: 2 | L26: 2 | M26: 2 | N26: 2 | O26: 2 | P26: 2 | Q26: 2 | R26: 2 | S26: 2 | T26: 2 | U26: 2 | V26: 2
B27: New hire intra-quarter linearity | C27: 0.5 | D27: 0.5 | E27: 0.5 | F27: 0.5 | G27: 0.5 | H27: 0.5 | I27: 0.5 | J27: 0.5 | K27: 0.5 | L27: 0.5 | M27: 0.5 | N27: 0.5 | O27: 0.5 | P27: 0.5 | Q27: 0.5 | R27: 0.5 | S27: 0.5 | T27: 0.5 | U27: 0.5 | V27: 0.5
B29: Sales funnel
B30: Leads per ramped rep | C30: 20 | D30: 20 | E30: 20 | F30: 20 | G30: 20 | H30: 20 | I30: 20 | J30: 20 | K30: 20 | L30: 20 | M30: 20 | N30: 20 | O30: 20 | P30: 20 | Q30: 20 | R30: 20 | S30: 20 | T30: 20 | U30: 20 | V30: 20
B31: Lead to SQL conversion rate | C31: 0.2 | D31: 0.2 | E31: 0.2 | F31: 0.2 | G31: 0.2 | H31: 0.2 | I31: 0.2 | J31: 0.2 | K31: 0.2 | L31: 0.2 | M31: 0.2 | N31: 0.2 | O31: 0.2 | P31: 0.2 | Q31: 0.2 | R31: 0.2 | S31: 0.2 | T31: 0.2 | U31: 0.2 | V31: 0.2
B32: SQL to opportunity conversion rate | C32: 0.4 | D32: 0.4 | E32: 0.4 | F32: 0.4 | G32: 0.4 | H32: 0.4 | I32: 0.4 | J32: 0.4 | K32: 0.4 | L32: 0.4 | M32: 0.4 | N32: 0.4 | O32: 0.4 | P32: 0.4 | Q32: 0.4 | R32: 0.4 | S32: 0.4 | T32: 0.4 | U32: 0.4 | V32: 0.4
B33: Opportunity to new customer conversion rate | C33: 0.4 | D33: 0.4 | E33: 0.4 | F33: 0.4 | G33: 0.4 | H33: 0.4 | I33: 0.4 | J33: 0.4 | K33: 0.4 | L33: 0.4 | M33: 0.4 | N33: 0.4 | O33: 0.4 | P33: 0.4 | Q33: 0.4 | R33: 0.4 | S33: 0.4 | T33: 0.4 | U33: 0.4 | V33: 0.4
B34: Win rate | C34: =C31*C32*C33 -> 0.032 | D34: =D31*D32*D33 -> 0.032 | E34: =E31*E32*E33 -> 0.032 | F34: =F31*F32*F33 -> 0.032 | G34: =G31*G32*G33 -> 0.032 | H34: =H31*H32*H33 -> 0.032 | I34: =I31*I32*I33 -> 0.032 | J34: =J31*J32*J33 -> 0.032 | ... V34: =V31*V32*V33 -> 0.032
B35: Pipeline Coverage Ratio (x) | C35: 3.5 | D35: 3.5 | E35: 3.5 | F35: 3.5 | G35: 3.5 | H35: 3.5 | I35: 3.5 | J35: 3.5 | K35: 3.5 | L35: 3.5 | M35: 3.5 | N35: 3.5 | O35: 3.5 | P35: 3.5 | Q35: 3.5 | R35: 3.5 | S35: 3.5 | T35: 3.5 | U35: 3.5 | V35: 3.5
B37: New logo wins
B38: Average new logo ACV per customer | C38: 30 | D38: 30 | E38: 30 | F38: 30 | G38: =C38*(1+G39) -> 30.6 | H38: =D38*(1+H39) -> 30.6 | I38: =E38*(1+I39) -> 30.6 | J38: =F38*(1+J39) -> 30.6 | K38: =G38*(1+K39) -> 31.212 | L38: =H38*(1+L39) -> 31.212 | M38: =I38*(1+M39) -> 31.212 | N38: =J38*(1+N39) -> 31.212 | ... V38: =R38*(1+V39) -> 32.472965
B39: Inflation rate | G39: 0.02 | H39: 0.02 | I39: 0.02 | J39: 0.02 | K39: 0.02 | L39: 0.02 | M39: 0.02 | N39: 0.02 | O39: 0.02 | P39: 0.02 | Q39: 0.02 | R39: 0.02 | S39: 0.02 | T39: 0.02 | U39: 0.02 | V39: 0.02
B40: Avg contract duration in years | C40: 1 | D40: 1 | E40: 1 | F40: 1 | G40: 1 | H40: 1 | I40: 1 | J40: 1 | K40: 1 | L40: 1 | M40: 1 | N40: 1 | O40: 1 | P40: 1 | Q40: 1 | R40: 1 | S40: 1 | T40: 1 | U40: 1 | V40: 1
B41: Avg duration in quarters | C41: =C40*4 -> 4 | D41: =D40*4 -> 4 | E41: =E40*4 -> 4 | F41: =F40*4 -> 4 | G41: =G40*4 -> 4 | H41: =H40*4 -> 4 | I41: =I40*4 -> 4 | J41: =J40*4 -> 4 | ... V41: =V40*4 -> 4
B42: Avg deal win intra-quarter linearity | C42: 0.33 | D42: 0.33 | E42: 0.33 | F42: 0.33 | G42: 0.33 | H42: 0.33 | I42: 0.33 | J42: 0.33 | K42: 0.33 | L42: 0.33 | M42: 0.33 | N42: 0.33 | O42: 0.33 | P42: 0.33 | Q42: 0.33 | R42: 0.33 | S42: 0.33 | T42: 0.33 | U42: 0.33 | V42: 0.33
B44: Renewals
B45: Customer renewal rate | G45: 0.95 | H45: 0.95 | I45: 0.95 | J45: 0.95 | K45: 0.95 | L45: 0.95 | M45: 0.95 | N45: 0.95 | O45: 0.95 | P45: 0.95 | Q45: 0.95 | R45: 0.95 | S45: 0.95 | T45: 0.95 | U45: 0.95 | V45: 0.95
B46: Churn rate on renewal | G46: =G45-1 -> -0.05 | H46: =H45-1 -> -0.05 | I46: =I45-1 -> -0.05 | J46: =J45-1 -> -0.05 | K46: =K45-1 -> -0.05 | L46: =L45-1 -> -0.05 | M46: =M45-1 -> -0.05 | N46: =N45-1 -> -0.05 | ... V46: =V45-1 -> -0.05
B47: Avg ACV expansion rate on renewal | G47: 0.15 | H47: 0.15 | I47: 0.15 | J47: 0.15 | K47: 0.17 | L47: 0.17 | M47: 0.17 | N47: 0.17 | O47: 0.19 | P47: 0.19 | Q47: 0.19 | R47: 0.19 | S47: 0.2 | T47: 0.2 | U47: 0.2 | V47: 0.2
B48: Avg ACV downsell rate on renewal | G48: -0.05 | H48: -0.05 | I48: -0.05 | J48: -0.05 | K48: -0.05 | L48: -0.05 | M48: -0.05 | N48: -0.05 | O48: -0.05 | P48: -0.05 | Q48: -0.05 | R48: -0.05 | S48: -0.05 | T48: -0.05 | U48: -0.05 | V48: -0.05
B49: Avg ACV churn rate on renewal | G49: =G46 -> -0.05 | H49: =H46 -> -0.05 | I49: =I46 -> -0.05 | J49: =J46 -> -0.05 | K49: =K46 -> -0.05 | L49: =L46 -> -0.05 | M49: =M46 -> -0.05 | N49: =N46 -> -0.05 | ... V49: =V46 -> -0.05
B51: Other revenue
B52: Professional services revenue as a % of subscription new ACV | C52: 0.1 | D52: 0.1 | E52: 0.1 | F52: 0.1 | G52: 0.1 | H52: 0.1 | I52: 0.1 | J52: 0.1 | K52: 0.1 | L52: 0.1 | M52: 0.1 | N52: 0.1 | O52: 0.1 | P52: 0.1 | Q52: 0.1 | R52: 0.1 | S52: 0.1 | T52: 0.1 | U52: 0.1 | V52: 0.1
A55: x | B55: Cost drivers
B57: Cost of revenue as a % of revenue
B58: Subscription | C58: -0.25 | D58: -0.25 | E58: -0.25 | F58: -0.25 | G58: -0.24 | H58: -0.24 | I58: -0.24 | J58: -0.24 | K58: -0.23 | L58: -0.23 | M58: -0.23 | N58: -0.23 | O58: -0.22 | P58: -0.22 | Q58: -0.22 | R58: -0.22 | S58: -0.21 | T58: -0.21 | U58: -0.21 | V58: -0.21
B59: Professional services | C59: -0.6 | D59: -0.6 | E59: -0.6 | F59: -0.6 | G59: -0.6 | H59: -0.6 | I59: -0.6 | J59: -0.6 | K59: -0.6 | L59: -0.6 | M59: -0.6 | N59: -0.6 | O59: -0.6 | P59: -0.6 | Q59: -0.6 | R59: -0.6 | S59: -0.6 | T59: -0.6 | U59: -0.6 | V59: -0.6
B61: Other headcount
B62: Sales reps per sales manager | C62: 12 | D62: 12 | E62: 12 | F62: 12 | G62: 12 | H62: 12 | I62: 12 | J62: 12 | K62: 12 | L62: 12 | M62: 12 | N62: 12 | O62: 12 | P62: 12 | Q62: 12 | R62: 12 | S62: 12 | T62: 12 | U62: 12 | V62: 12
B63: Other employee growth rate Q/Q | C63: =(1.1)^(1/4)-1 -> 0.024113689 | D63: =(1.1)^(1/4)-1 -> 0.024113689 | E63: =(1.1)^(1/4)-1 -> 0.024113689 | F63: =(1.1)^(1/4)-1 -> 0.024113689 | G63: =(1.1)^(1/4)-1 -> 0.024113689 | H63: =(1.1)^(1/4)-1 -> 0.024113689 | I63: =(1.1)^(1/4)-1 -> 0.024113689 | J63: =(1.1)^(1/4)-1 -> 0.024113689 | ... V63: =(1.1)^(1/4)-1 -> 0.024113689 | AI63: No seasonality assumption
B65: Sales costs
B66: Avg annual base salaries
B67: Sales reps | C67: -75 | D67: -75 | E67: -75 | F67: -75 | G67: =C67*(1+G68) -> -76.5 | H67: =D67*(1+H68) -> -76.5 | I67: =E67*(1+I68) -> -76.5 | J67: =F67*(1+J68) -> -76.5 | K67: =G67*(1+K68) -> -78.03 | L67: =H67*(1+L68) -> -78.03 | M67: =I67*(1+M68) -> -78.03 | N67: =J67*(1+N68) -> -78.03 | ... V67: =R67*(1+V68) -> -81.182412
B68: Inflation | C68: =C$18 -> 0.02 | D68: =D$18 -> 0.02 | E68: =E$18 -> 0.02 | F68: =F$18 -> 0.02 | G68: =G$18 -> 0.02 | H68: =H$18 -> 0.02 | I68: =I$18 -> 0.02 | J68: =J$18 -> 0.02 | ... V68: =V$18 -> 0.02
B69: Sales managers | C69: -100 | D69: -100 | E69: -100 | F69: -100 | G69: =C69*(1+G70) -> -102 | H69: =D69*(1+H70) -> -102 | I69: =E69*(1+I70) -> -102 | J69: =F69*(1+J70) -> -102 | K69: =G69*(1+K70) -> -104.04 | L69: =H69*(1+L70) -> -104.04 | M69: =I69*(1+M70) -> -104.04 | N69: =J69*(1+N70) -> -104.04 | ... V69: =R69*(1+V70) -> -108.24322
B70: Inflation | C70: =C$18 -> 0.02 | D70: =D$18 -> 0.02 | E70: =E$18 -> 0.02 | F70: =F$18 -> 0.02 | G70: =G$18 -> 0.02 | H70: =H$18 -> 0.02 | I70: =I$18 -> 0.02 | J70: =J$18 -> 0.02 | ... V70: =V$18 -> 0.02
B71: Other compensation as a % of base salary
B72: Employee benefits | C72: 0.28 | D72: 0.28 | E72: 0.28 | F72: 0.28 | G72: 0.28 | H72: 0.28 | I72: 0.28 | J72: 0.28 | K72: 0.28 | L72: 0.28 | M72: 0.28 | N72: 0.28 | O72: 0.28 | P72: 0.28 | Q72: 0.28 | R72: 0.28 | S72: 0.28 | T72: 0.28 | U72: 0.28 | V72: 0.28 | AI72: 401k, insurance, etc
B73: Overhead (T&E, allowances, etc) | C73: 0.1 | D73: 0.1 | E73: 0.1 | F73: 0.1 | G73: 0.1 | H73: 0.1 | I73: 0.1 | J73: 0.1 | K73: 0.1 | L73: 0.1 | M73: 0.1 | N73: 0.1 | O73: 0.1 | P73: 0.1 | Q73: 0.1 | R73: 0.1 | S73: 0.1 | T73: 0.1 | U73: 0.1 | V73: 0.1
B74: Sales commissions / bonuses / accelerators as a % of:
B75: As a % of new logo ACV | C75: -0.13 | D75: -0.13 | E75: -0.13 | F75: -0.13 | G75: -0.13 | H75: -0.13 | I75: -0.13 | J75: -0.13 | K75: -0.13 | L75: -0.13 | M75: -0.13 | N75: -0.13 | O75: -0.13 | P75: -0.13 | Q75: -0.13 | R75: -0.13 | S75: -0.13 | T75: -0.13 | U75: -0.13 | V75: -0.13 | AI75: Average across all SKUs
B76: As a % of expansion ACV | C76: -0.08 | D76: -0.08 | E76: -0.08 | F76: -0.08 | G76: -0.08 | H76: -0.08 | I76: -0.08 | J76: -0.08 | K76: -0.08 | L76: -0.08 | M76: -0.08 | N76: -0.08 | O76: -0.08 | P76: -0.08 | Q76: -0.08 | R76: -0.08 | S76: -0.08 | T76: -0.08 | U76: -0.08 | V76: -0.08
B77: As a % of renewal ACV | C77: -0.02 | D77: -0.02 | E77: -0.02 | F77: -0.02 | G77: -0.02 | H77: -0.02 | I77: -0.02 | J77: -0.02 | K77: -0.02 | L77: -0.02 | M77: -0.02 | N77: -0.02 | O77: -0.02 | P77: -0.02 | Q77: -0.02 | R77: -0.02 | S77: -0.02 | T77: -0.02 | U77: -0.02 | V77: -0.02
B78: Associated payroll taxes as a % of ACV | C78: 0.065 | D78: 0.065 | E78: 0.065 | F78: 0.065 | G78: 0.065 | H78: 0.065 | I78: 0.065 | J78: 0.065 | K78: 0.065 | L78: 0.065 | M78: 0.065 | N78: 0.065 | O78: 0.065 | P78: 0.065 | Q78: 0.065 | R78: 0.065 | S78: 0.065 | T78: 0.065 | U78: 0.065 | V78: 0.065 | AI78: Social security (incremental salary up to cap), medicare, FUTA, SUTA
B79: Other sales costs
B80: Cost per lead generated | C80: -0.1 | D80: -0.1 | E80: -0.1 | F80: -0.1 | G80: =C80*(1+G81) -> -0.102 | H80: =D80*(1+H81) -> -0.102 | I80: =E80*(1+I81) -> -0.102 | J80: =F80*(1+J81) -> -0.102 | K80: =G80*(1+K81) -> -0.10404 | L80: =H80*(1+L81) -> -0.10404 | M80: =I80*(1+M81) -> -0.10404 | N80: =J80*(1+N81) -> -0.10404 | ... V80: =R80*(1+V81) -> -0.10824322
B81: Inflation | C81: =C$18 -> 0.02 | D81: =D$18 -> 0.02 | E81: =E$18 -> 0.02 | F81: =F$18 -> 0.02 | G81: =G$18 -> 0.02 | H81: =H$18 -> 0.02 | I81: =I$18 -> 0.02 | J81: =J$18 -> 0.02 | ... V81: =V$18 -> 0.02
B83: Other OpEx as a % of revenue
B84: Marketing | C84: -0.05 | D84: -0.05 | E84: -0.05 | F84: -0.05 | G84: -0.05 | H84: -0.05 | I84: -0.05 | J84: -0.05 | K84: -0.05 | L84: -0.05 | M84: -0.05 | N84: -0.05 | O84: -0.05 | P84: -0.05 | Q84: -0.05 | R84: -0.05 | S84: -0.05 | T84: -0.05 | U84: -0.05 | V84: -0.05 | AI84: Assumed independent of headcount
B85: R&D | C85: -0.2 | D85: -0.2 | E85: -0.2 | F85: -0.2 | G85: -0.2 | H85: -0.2 | I85: -0.2 | J85: -0.2 | K85: -0.2 | L85: -0.2 | M85: -0.2 | N85: -0.2 | O85: -0.2 | P85: -0.2 | Q85: -0.2 | R85: -0.2 | S85: -0.2 | T85: -0.2 | U85: -0.2 | V85: -0.2
B86: G&A | C86: -0.05 | D86: -0.05 | E86: -0.05 | F86: -0.05 | G86: -0.05 | H86: -0.05 | I86: -0.05 | J86: -0.05 | K86: -0.05 | L86: -0.05 | M86: -0.05 | N86: -0.05 | O86: -0.05 | P86: -0.05 | Q86: -0.05 | R86: -0.05 | S86: -0.05 | T86: -0.05 | U86: -0.05 | V86: -0.05
B88: SBC grant (% of revenue)
B89: % of revenue
B90: Cost of revenue | C90: -0.03 | D90: -0.03 | E90: -0.03 | F90: -0.03 | G90: -0.03 | H90: -0.03 | I90: -0.03 | J90: -0.03 | K90: -0.03 | L90: -0.03 | M90: -0.03 | N90: -0.03 | O90: -0.03 | P90: -0.03 | Q90: -0.03 | R90: -0.03 | S90: -0.03 | T90: -0.03 | U90: -0.03 | V90: -0.03
B91: Sales | C91: -0.06 | D91: -0.06 | E91: -0.06 | F91: -0.06 | G91: -0.06 | H91: -0.06 | I91: -0.06 | J91: -0.06 | K91: -0.06 | L91: -0.06 | M91: -0.06 | N91: -0.06 | O91: -0.06 | P91: -0.06 | Q91: -0.06 | R91: -0.06 | S91: -0.06 | T91: -0.06 | U91: -0.06 | V91: -0.06
B92: Marketing | C92: -0.06 | D92: -0.06 | E92: -0.06 | F92: -0.06 | G92: -0.06 | H92: -0.06 | I92: -0.06 | J92: -0.06 | K92: -0.06 | L92: -0.06 | M92: -0.06 | N92: -0.06 | O92: -0.06 | P92: -0.06 | Q92: -0.06 | R92: -0.06 | S92: -0.06 | T92: -0.06 | U92: -0.06 | V92: -0.06
B93: R&D | C93: -0.08 | D93: -0.08 | E93: -0.08 | F93: -0.08 | G93: -0.08 | H93: -0.08 | I93: -0.08 | J93: -0.08 | K93: -0.08 | L93: -0.08 | M93: -0.08 | N93: -0.08 | O93: -0.08 | P93: -0.08 | Q93: -0.08 | R93: -0.08 | S93: -0.08 | T93: -0.08 | U93: -0.08 | V93: -0.08
B94: G&A | C94: -0.03 | D94: -0.03 | E94: -0.03 | F94: -0.03 | G94: -0.03 | H94: -0.03 | I94: -0.03 | J94: -0.03 | K94: -0.03 | L94: -0.03 | M94: -0.03 | N94: -0.03 | O94: -0.03 | P94: -0.03 | Q94: -0.03 | R94: -0.03 | S94: -0.03 | T94: -0.03 | U94: -0.03 | V94: -0.03
B95: Total | C95: =SUM(C90:C94) -> -0.26 | D95: =SUM(D90:D94) -> -0.26 | E95: =SUM(E90:E94) -> -0.26 | F95: =SUM(F90:F94) -> -0.26 | G95: =SUM(G90:G94) -> -0.26 | H95: =SUM(H90:H94) -> -0.26 | I95: =SUM(I90:I94) -> -0.26 | J95: =SUM(J90:J94) -> -0.26 | ... V95: =SUM(V90:V94) -> -0.26
B97: Depreciation
B98: Depreciation avg useful life in years | C98: 5 | D98: 5 | E98: 5 | F98: 5 | G98: 5 | H98: 5 | I98: 5 | J98: 5 | K98: 5 | L98: 5 | M98: 5 | N98: 5 | O98: 5 | P98: 5 | Q98: 5 | R98: 5 | S98: 5 | T98: 5 | U98: 5 | V98: 5
B99: Avg useful life in quarters | C99: =C98*4 -> 20 | D99: =D98*4 -> 20 | E99: =E98*4 -> 20 | F99: =F98*4 -> 20 | G99: =G98*4 -> 20 | H99: =H98*4 -> 20 | I99: =I98*4 -> 20 | J99: =J98*4 -> 20 | ... V99: =V98*4 -> 20
B100: CapEx intraquarter acquisition linearity | C100: 0.5 | D100: 0.5 | E100: 0.5 | F100: 0.5 | G100: 0.5 | H100: 0.5 | I100: 0.5 | J100: 0.5 | K100: 0.5 | L100: 0.5 | M100: 0.5 | N100: 0.5 | O100: 0.5 | P100: 0.5 | Q100: 0.5 | R100: 0.5 | S100: 0.5 | T100: 0.5 | U100: 0.5 | V100: 0.5
B102: Income tax
B103: Federal tax rate | C103: -0.21 | D103: -0.21 | E103: -0.21 | F103: -0.21 | G103: -0.21 | H103: -0.21 | I103: -0.21 | J103: -0.21 | K103: -0.21 | L103: -0.21 | M103: -0.21 | N103: -0.21 | O103: -0.21 | P103: -0.21 | Q103: -0.21 | R103: -0.21 | S103: -0.21 | T103: -0.21 | U103: -0.21 | V103: -0.21
B104: State tax rate | C104: -0.05 | D104: -0.05 | E104: -0.05 | F104: -0.05 | G104: -0.05 | H104: -0.05 | I104: -0.05 | J104: -0.05 | K104: -0.05 | L104: -0.05 | M104: -0.05 | N104: -0.05 | O104: -0.05 | P104: -0.05 | Q104: -0.05 | R104: -0.05 | S104: -0.05 | T104: -0.05 | U104: -0.05 | V104: -0.05
B105: R&D amortization under Section 174 in years | C105: 5 | D105: 5 | E105: 5 | F105: 5 | G105: 5 | H105: 5 | I105: 5 | J105: 5 | K105: 5 | L105: 5 | M105: 5 | N105: 5 | O105: 5 | P105: 5 | Q105: 5 | R105: 5 | S105: 5 | T105: 5 | U105: 5 | V105: 5
B106: R&D amortization under Section 174 in quarters | C106: =C105*4 -> 20 | D106: =D105*4 -> 20 | E106: =E105*4 -> 20 | F106: =F105*4 -> 20 | G106: =G105*4 -> 20 | H106: =H105*4 -> 20 | I106: =I105*4 -> 20 | J106: =J105*4 -> 20 | ... V106: =V105*4 -> 20
B107: Mid-year convention under Section 174 | C107: 0.5 | D107: 0.5 | E107: 0.5 | F107: 0.5 | G107: 0.5 | H107: 0.5 | I107: 0.5 | J107: 0.5 | K107: 0.5 | L107: 0.5 | M107: 0.5 | N107: 0.5 | O107: 0.5 | P107: 0.5 | Q107: 0.5 | R107: 0.5 | S107: 0.5 | T107: 0.5 | U107: 0.5 | V107: 0.5
A110: x | B110: Other income
B112: Interest rate on cash balances | C112: 0.02 | D112: 0.02 | E112: 0.02 | F112: 0.02 | G112: 0.02 | H112: 0.02 | I112: 0.02 | J112: 0.02 | K112: 0.02 | L112: 0.02 | M112: 0.02 | N112: 0.02 | O112: 0.02 | P112: 0.02 | Q112: 0.02 | R112: 0.02 | S112: 0.02 | T112: 0.02 | U112: 0.02 | V112: 0.02
A115: x | B115: Cash Flow
B117: Capex (% of revenue) | C117: -0.06 | D117: -0.06 | E117: -0.06 | F117: -0.06 | G117: -0.06 | H117: -0.06 | I117: -0.06 | J117: -0.06 | K117: -0.06 | L117: -0.06 | M117: -0.06 | N117: -0.06 | O117: -0.06 | P117: -0.06 | Q117: -0.06 | R117: -0.06 | S117: -0.06 | T117: -0.06 | U117: -0.06 | V117: -0.06
B119: Equity financing
B120: Months of cash burn to cover with cash balance | C120: 24 | D120: 24 | E120: 24 | F120: 24 | G120: 24 | H120: 24 | I120: 24 | J120: 24 | K120: 24 | L120: 24 | M120: 24 | N120: 24 | O120: 24 | P120: 24 | Q120: 24 | R120: 24 | S120: 24 | T120: 24 | U120: 24 | V120: 24
B121: Cash needed - additional margin of safety | C121: 0.2 | D121: 0.2 | E121: 0.2 | F121: 0.2 | G121: 0.2 | H121: 0.2 | I121: 0.2 | J121: 0.2 | K121: 0.2 | L121: 0.2 | M121: 0.2 | N121: 0.2 | O121: 0.2 | P121: 0.2 | Q121: 0.2 | R121: 0.2 | S121: 0.2 | T121: 0.2 | U121: 0.2 | V121: 0.2
A124: x | B124: Balance Sheet
B126: DPO | C126: 25 | D126: 25 | E126: 25 | F126: 25 | G126: 25 | H126: 25 | I126: 25 | J126: 25 | K126: 25 | L126: 25 | M126: 25 | N126: 25 | O126: 25 | P126: 25 | Q126: 25 | R126: 25 | S126: 25 | T126: 25 | U126: 25 | V126: 25
B127: Prepaid & Other CA (% Revenue) | C127: 0.05 | D127: 0.05 | E127: 0.05 | F127: 0.05 | G127: 0.05 | H127: 0.05 | I127: 0.05 | J127: 0.05 | K127: 0.05 | L127: 0.05 | M127: 0.05 | N127: 0.05 | O127: 0.05 | P127: 0.05 | Q127: 0.05 | R127: 0.05 | S127: 0.05 | T127: 0.05 | U127: 0.05 | V127: 0.05
B128: Accrued Expenses (% Revenue) | C128: 0.12 | D128: 0.12 | E128: 0.12 | F128: 0.12 | G128: 0.12 | H128: 0.12 | I128: 0.12 | J128: 0.12 | K128: 0.12 | L128: 0.12 | M128: 0.12 | N128: 0.12 | O128: 0.12 | P128: 0.12 | Q128: 0.12 | R128: 0.12 | S128: 0.12 | T128: 0.12 | U128: 0.12 | V128: 0.12
A131: x | B131: Valuation and shares outstanding
B133: SBC years to vest | C133: 4 | D133: 4 | E133: 4 | F133: 4 | G133: 4 | H133: 4 | I133: 4 | J133: 4 | K133: 4 | L133: 4 | M133: 4 | N133: 4 | O133: 4 | P133: 4 | Q133: 4 | R133: 4 | S133: 4 | T133: 4 | U133: 4 | V133: 4
...

Sheet Calculations
A1: =Drivers!A1 -> XYZ Company
B2: Calculations ($ in 000's)
C4: =Drivers!C15 -> FQ1'26E | D4: =Drivers!D15 -> FQ2'26E | E4: =Drivers!E15 -> FQ3'26E | F4: =Drivers!F15 -> FQ4'26E | G4: =Drivers!G15 -> FQ1'27E | H4: =Drivers!H15 -> FQ2'27E | I4: =Drivers!I15 -> FQ3'27E | J4: =Drivers!J15 -> FQ4'27E | ... AH4: =Drivers!AH15 -> FQ4'33E | AI4: Noted Assumptions | AJ4: --- Calculation Inputs --- | AP4: =AP6 -> FY26E | AQ4: =AQ6 -> FY27E | AR4: =AR6 -> FY28E | AS4: =AS6 -> FY29E | AT4: =AT6 -> FY30E | AU4: =AU6 -> FY31E | AV4: =AV6 -> FY32E | AW4: =AW6 -> FY33E
B5: Fiscal date | C5: =Drivers!C12 -> 46112 | D5: =Drivers!D12 -> 46203 | E5: =Drivers!E12 -> 46295 | F5: =Drivers!F12 -> 46387 | G5: =Drivers!G12 -> 46477 | H5: =Drivers!H12 -> 46568 | I5: =Drivers!I12 -> 46660 | J5: =Drivers!J12 -> 46752 | ... AH5: =Drivers!AH12 -> 48944
B6: Fiscal year | C6: =Drivers!C14 -> FY26E | D6: =Drivers!D14 -> FY26E | E6: =Drivers!E14 -> FY26E | F6: =Drivers!F14 -> FY26E | G6: =Drivers!G14 -> FY27E | H6: =Drivers!H14 -> FY27E | I6: =Drivers!I14 -> FY27E | J6: =Drivers!J14 -> FY27E | ... AH6: =Drivers!AH14 -> FY33E | AP6: =F6 -> FY26E | AQ6: =J6 -> FY27E | AR6: =N6 -> FY28E | AS6: =R6 -> FY29E | AT6: =V6 -> FY30E | AU6: =Z6 -> FY31E | AV6: =AD6 -> FY32E | AW6: =AH6 -> FY33E
B7: Year end balances | F7: =F6 -> FY26E | J7: =J6 -> FY27E | N7: =N6 -> FY28E | R7: =R6 -> FY29E | V7: =V6 -> FY30E | Z7: =Z6 -> FY31E | AD7: =AD6 -> FY32E | AH7: =AH6 -> FY33E
A9: x | B9: Sales Headcount
B11: # of sales reps
B12: Beginning of quarter | C12: 0 | D12: =C15 -> 25 | E12: =D15 -> 26 | F12: =E15 -> 27 | G12: =F15 -> 28 | H12: =G15 -> 29 | I12: =H15 -> 30 | J12: =I15 -> 31 | K12: =J15 -> 32 | ... AH12: =AG15 -> 36 | AP12: =C12 -> 0 | AQ12: =AP15 -> 28 | AR12: =AQ15 -> 32 | AS12: =AR15 -> 36 | AT12: =AS15 -> 36 | AU12: =AT15 -> 36 | AV12: =AU15 -> 36 | AW12: =AV15 -> 36
B13: Attrition (rounded) | C13: =ROUND(C$12*C21, 0) -> 0 | D13: =ROUND(D$12*D21, 0) -> -1 | E13: =ROUND(E$12*E21, 0) -> -1 | F13: =ROUND(F$12*F21, 0) -> -1 | G13: =ROUND(G$12*G21, 0) -> -1 | H13: =ROUND(H$12*H21, 0) -> -1 | I13: =ROUND(I$12*I21, 0) -> -1 | J13: =ROUND(J$12*J21, 0) -> -1 | ... AH13: =ROUND(AH$12*AH21, 0) -> 0 | AP13: =SUMIFS($B13:$AI13, $B$6:$AI$6, AP$6) -> -3 | AQ13: =SUMIFS($B13:$AI13, $B$6:$AI$6, AQ$6) -> -4 | AR13: =SUMIFS($B13:$AI13, $B$6:$AI$6, AR$6) -> -4 | AS13: =SUMIFS($B13:$AI13, $B$6:$AI$6, AS$6) -> -4 | AT13: =SUMIFS($B13:$AI13, $B$6:$AI$6, AT$6) -> -4 | AU13: =SUMIFS($B13:$AI13, $B$6:$AI$6, AU$6) -> 0 | AV13: =SUMIFS($B13:$AI13, $B$6:$AI$6, AV$6) -> 0 | AW13: =SUMIFS($B13:$AI13, $B$6:$AI$6, AW$6) -> 0
B14: New hires | C14: 25 | D14: =ROUND(D$12*D20, 0) -> 2 | E14: =ROUND(E$12*E20, 0) -> 2 | F14: =ROUND(F$12*F20, 0) -> 2 | G14: =ROUND(G$12*G20, 0) -> 2 | H14: =ROUND(H$12*H20, 0) -> 2 | I14: =ROUND(I$12*I20, 0) -> 2 | J14: =ROUND(J$12*J20, 0) -> 2 | K14: =ROUND(K$12*K20, 0) -> 2 | ... AH14: =ROUND(AH$12*AH20, 0) -> 0 | AP14: =SUMIFS($B14:$AI14, $B$6:$AI$6, AP$6) -> 31 | AQ14: =SUMIFS($B14:$AI14, $B$6:$AI$6, AQ$6) -> 8 | AR14: =SUMIFS($B14:$AI14, $B$6:$AI$6, AR$6) -> 8 | AS14: =SUMIFS($B14:$AI14, $B$6:$AI$6, AS$6) -> 4 | AT14: =SUMIFS($B14:$AI14, $B$6:$AI$6, AT$6) -> 4 | AU14: =SUMIFS($B14:$AI14, $B$6:$AI$6, AU$6) -> 0 | AV14: =SUMIFS($B14:$AI14, $B$6:$AI$6, AV$6) -> 0 | AW14: =SUMIFS($B14:$AI14, $B$6:$AI$6, AW$6) -> 0
B15: End of quarter | C15: =SUM(C12:C14) -> 25 | D15: =SUM(D12:D14) -> 26 | E15: =SUM(E12:E14) -> 27 | F15: =SUM(F12:F14) -> 28 | G15: =SUM(G12:G14) -> 29 | H15: =SUM(H12:H14) -> 30 | I15: =SUM(I12:I14) -> 31 | J15: =SUM(J12:J14) -> 32 | ... AH15: =SUM(AH12:AH14) -> 36 | AP15: =SUM(AP12:AP14) -> 28 | AQ15: =SUM(AQ12:AQ14) -> 32 | AR15: =SUM(AR12:AR14) -> 36 | AS15: =SUM(AS12:AS14) -> 36 | AT15: =SUM(AT12:AT14) -> 36 | AU15: =SUM(AU12:AU14) -> 36 | AV15: =SUM(AV12:AV14) -> 36 | AW15: =SUM(AW12:AW14) -> 36
B16: Avg during quarter | C16: =AVERAGE(C12, C15) -> 12.5 | D16: =AVERAGE(D12, D15) -> 25.5 | E16: =AVERAGE(E12, E15) -> 26.5 | F16: =AVERAGE(F12, F15) -> 27.5 | G16: =AVERAGE(G12, G15) -> 28.5 | H16: =AVERAGE(H12, H15) -> 29.5 | I16: =AVERAGE(I12, I15) -> 30.5 | J16: =AVERAGE(J12, J15) -> 31.5 | ... AH16: =AVERAGE(AH12, AH15) -> 36 | AP16: =AVERAGE(AP12, AP15) -> 14 | AQ16: =AVERAGE(AQ12, AQ15) -> 30 | AR16: =AVERAGE(AR12, AR15) -> 34 | AS16: =AVERAGE(AS12, AS15) -> 36 | AT16: =AVERAGE(AT12, AT15) -> 36 | AU16: =AVERAGE(AU12, AU15) -> 36 | AV16: =AVERAGE(AV12, AV15) -> 36 | AW16: =AVERAGE(AW12, AW15) -> 36
B17: Y/Y % | G17: =G16/C16-1 -> 1.28 | H17: =H16/D16-1 -> 0.15686275 | I17: =I16/E16-1 -> 0.1509434 | J17: =J16/F16-1 -> 0.14545455 | K17: =K16/G16-1 -> 0.14035088 | L17: =L16/H16-1 -> 0.13559322 | M17: =M16/I16-1 -> 0.13114754 | N17: =N16/J16-1 -> 0.12698413 | ... AH17: =AH16/AD16-1 -> 0 | AQ17: =IFERROR(AQ16/AP16-1, 0) -> 1.1428571 | AR17: =IFERROR(AR16/AQ16-1, 0) -> 0.13333333 | AS17: =IFERROR(AS16/AR16-1, 0) -> 0.058823529 | AT17: =IFERROR(AT16/AS16-1, 0) -> 0 | AU17: =IFERROR(AU16/AT16-1, 0) -> 0 | AV17: =IFERROR(AV16/AU16-1, 0) -> 0 | AW17: =IFERROR(AW16/AV16-1, 0) -> 0
B18: Q/Q % | D18: =D16/C16-1 -> 1.04 | E18: =E16/D16-1 -> 0.039215686 | F18: =F16/E16-1 -> 0.037735849 | G18: =G16/F16-1 -> 0.036363636 | H18: =H16/G16-1 -> 0.035087719 | I18: =I16/H16-1 -> 0.033898305 | J18: =J16/I16-1 -> 0.032786885 | K18: =K16/J16-1 -> 0.031746032 | ... AH18: =AH16/AG16-1 -> 0
B20: Sales reps hired (% of beginning sales reps) | C20: =Drivers!C24 -> 0.08 | D20: =Drivers!D24 -> 0.08 | E20: =Drivers!E24 -> 0.08 | F20: =Drivers!F24 -> 0.08 | G20: =Drivers!G24 -> 0.08 | H20: =Drivers!H24 -> 0.08 | I20: =Drivers!I24 -> 0.08 | J20: =Drivers!J24 -> 0.08 | ... AH20: =Drivers!AH24 -> 0
B21: Attrition (% of beginning sales reps) | C21: =Drivers!C25 -> -0.04 | D21: =Drivers!D25 -> -0.04 | E21: =Drivers!E25 -> -0.04 | F21: =Drivers!F25 -> -0.04 | G21: =Drivers!G25 -> -0.04 | H21: =Drivers!H25 -> -0.04 | I21: =Drivers!I25 -> -0.04 | J21: =Drivers!J25 -> -0.04 | ... AH21: =Drivers!AH25 -> 0
B23: # of ramped reps
B24: Beginning of quarter | C24: =C12*75% -> 0 | D24: =C27 -> 6.25 | E24: =D27 -> 18.25 | F24: =E27 -> 25 | G24: =F27 -> 26 | H24: =G27 -> 27 | I24: =H27 -> 28 | J24: =I27 -> 29 | K24: =J27 -> 30 | ... AH24: =AG27 -> 36 | AP24: =C24 -> 0 | AQ24: =AP27 -> 26 | AR24: =AQ27 -> 30 | AS24: =AR27 -> 34 | AT24: =AS27 -> 35 | AU24: =AT27 -> 35 | AV24: =AU27 -> 36 | AW24: =AV27 -> 36
B25: Attrition | C25: =C13 -> 0 | D25: =D13 -> -1 | E25: =E13 -> -1 | F25: =F13 -> -1 | G25: =G13 -> -1 | H25: =H13 -> -1 | I25: =I13 -> -1 | J25: =J13 -> -1 | ... AH25: =AH13 -> 0 | AI25: Reps don't attrite while ramping. | AP25: =SUMIFS($B25:$AI25, $B$6:$AI$6, AP$6) -> -3 | AQ25: =SUMIFS($B25:$AI25, $B$6:$AI$6, AQ$6) -> -4 | AR25: =SUMIFS($B25:$AI25, $B$6:$AI$6, AR$6) -> -4 | AS25: =SUMIFS($B25:$AI25, $B$6:$AI$6, AS$6) -> -4 | AT25: =SUMIFS($B25:$AI25, $B$6:$AI$6, AT$6) -> -4 | AU25: =SUMIFS($B25:$AI25, $B$6:$AI$6, AU$6) -> 0 | AV25: =SUMIFS($B25:$AI25, $B$6:$AI$6, AV$6) -> 0 | AW25: =SUMIFS($B25:$AI25, $B$6:$AI$6, AW$6) -> 0
B26: New ramped reps | C26: =C67 -> 6.25 | D26: =D67 -> 13 | E26: =E67 -> 7.75 | F26: =F67 -> 2 | G26: =G67 -> 2 | H26: =H67 -> 2 | I26: =I67 -> 2 | J26: =J67 -> 2 | ... AH26: =AH67 -> 0 | AP26: =SUMIFS($B26:$AI26, $B$6:$AI$6, AP$6) -> 29 | AQ26: =SUMIFS($B26:$AI26, $B$6:$AI$6, AQ$6) -> 8 | AR26: =SUMIFS($B26:$AI26, $B$6:$AI$6, AR$6) -> 8 | AS26: =SUMIFS($B26:$AI26, $B$6:$AI$6, AS$6) -> 5 | AT26: =SUMIFS($B26:$AI26, $B$6:$AI$6, AT$6) -> 4 | AU26: =SUMIFS($B26:$AI26, $B$6:$AI$6, AU$6) -> 1 | AV26: =SUMIFS($B26:$AI26, $B$6:$AI$6, AV$6) -> 0 | AW26: =SUMIFS($B26:$AI26, $B$6:$AI$6, AW$6) -> 0
B27: End of quarter | C27: =SUM(C24:C26) -> 6.25 | D27: =SUM(D24:D26) -> 18.25 | E27: =SUM(E24:E26) -> 25 | F27: =SUM(F24:F26) -> 26 | G27: =SUM(G24:G26) -> 27 | H27: =SUM(H24:H26) -> 28 | I27: =SUM(I24:I26) -> 29 | J27: =SUM(J24:J26) -> 30 | ... AH27: =SUM(AH24:AH26) -> 36 | AP27: =SUM(AP24:AP26) -> 26 | AQ27: =SUM(AQ24:AQ26) -> 30 | AR27: =SUM(AR24:AR26) -> 34 | AS27: =SUM(AS24:AS26) -> 35 | AT27: =SUM(AT24:AT26) -> 35 | AU27: =SUM(AU24:AU26) -> 36 | AV27: =SUM(AV24:AV26) -> 36 | AW27: =SUM(AW24:AW26) -> 36
B28: Avg during quarter | C28: =AVERAGE(C27, C24) -> 3.125 | D28: =AVERAGE(D27, D24) -> 12.25 | E28: =AVERAGE(E27, E24) -> 21.625 | F28: =AVERAGE(F27, F24) -> 25.5 | G28: =AVERAGE(G27, G24) -> 26.5 | H28: =AVERAGE(H27, H24) -> 27.5 | I28: =AVERAGE(I27, I24) -> 28.5 | J28: =AVERAGE(J27, J24) -> 29.5 | ... AH28: =AVERAGE(AH27, AH24) -> 36 | AP28: =AVERAGE(AP27, AP24) -> 13 | AQ28: =AVERAGE(AQ27, AQ24) -> 28 | AR28: =AVERAGE(AR27, AR24) -> 32 | AS28: =AVERAGE(AS27, AS24) -> 34.5 | AT28: =AVERAGE(AT27, AT24) -> 35 | AU28: =AVERAGE(AU27, AU24) -> 35.5 | AV28: =AVERAGE(AV27, AV24) -> 36 | AW28: =AVERAGE(AW27, AW24) -> 36
B29: Y/Y % | G29: =G28/C28-1 -> 7.48 | H29: =H28/D28-1 -> 1.244898 | I29: =I28/E28-1 -> 0.31791908 | J29: =J28/F28-1 -> 0.15686275 | K29: =K28/G28-1 -> 0.1509434 | L29: =L28/H28-1 -> 0.14545455 | M29: =M28/I28-1 -> 0.14035088 | N29: =N28/J28-1 -> 0.13559322 | ... AH29: =AH28/AD28-1 -> 0 | AQ29: =IFERROR(AQ28/AP28-1, 0) -> 1.1538462 | AR29: =IFERROR(AR28/AQ28-1, 0) -> 0.14285714 | AS29: =IFERROR(AS28/AR28-1, 0) -> 0.078125 | AT29: =IFERROR(AT28/AS28-1, 0) -> 0.014492754 | AU29: =IFERROR(AU28/AT28-1, 0) -> 0.014285714 | AV29: =IFERROR(AV28/AU28-1, 0) -> 0.014084507 | AW29: =IFERROR(AW28/AV28-1, 0) -> 0
B30: Q/Q % | D30: =D28/C28-1 -> 2.92 | E30: =E28/D28-1 -> 0.76530612 | F30: =F28/E28-1 -> 0.17919075 | G30: =G28/F28-1 -> 0.039215686 | H30: =H28/G28-1 -> 0.037735849 | I30: =I28/H28-1 -> 0.036363636 | J30: =J28/I28-1 -> 0.035087719 | K30: =K28/J28-1 -> 0.033898305 | ... AH30: =AH28/AG28-1 -> 0
B31: % of reps ramped | C31: =C28/C16 -> 0.25 | D31: =D28/D16 -> 0.48039216 | E31: =E28/E16 -> 0.81603774 | F31: =F28/F16 -> 0.92727273 | G31: =G28/G16 -> 0.92982456 | H31: =H28/H16 -> 0.93220339 | I31: =I28/I16 -> 0.93442623 | J31: =J28/J16 -> 0.93650794 | ... AH31: =AH28/AH16 -> 1 | AQ31: =AQ28/AQ16 -> 0.93333333 | AR31: =AR28/AR16 -> 0.94117647 | AS31: =AS28/AS16 -> 0.95833333 | AT31: =AT28/AT16 -> 0.97222222 | AU31: =AU28/AU16 -> 0.98611111 | AV31: =AV28/AV16 -> 1 | AW31: =AW28/AW16 -> 1
B33: Ramp waterfall | AI33: Formula explanation | AJ33: Cohort | AK33: Duration | AL33: Linearity | AM33: Fiscal Date | AN33: Index | AO33: Math
B34: {=INDEX($B$4:$AI$4, 1, AN34)} -> FQ1'26E | C34: =IF($AM34>C$5,0,IF($AM34=C$5,IFERROR($AJ34/$AK34*$AL34, 0),IF(IFERROR((SUM($B34:B34)+$AJ34/$AK34*(1-$AL34)),0)>=$AJ34, $AJ34-SUM($B34:B34), IFERROR($AJ34/$AK34, 0)))) -> 6.25 | D34: =IF($AM34>D$5,0,IF($AM34=D$5,IFERROR($AJ34/$AK34*$AL34, 0),IF(IFERROR((SUM($B34:C34)+$AJ34/$AK34*(1-$AL34)),0)>=$AJ34, $AJ34-SUM($B34:C34), IFERROR($AJ34/$AK34, 0)))) -> 12.5 | E34: =IF($AM34>E$5,0,IF($AM34=E$5,IFERROR($AJ34/$AK34*$AL34, 0),IF(IFERROR((SUM($B34:D34)+$AJ34/$AK34*(1-$AL34)),0)>=$AJ34, $AJ34-SUM($B34:D34), IFERROR($AJ34/$AK34, 0)))) -> 6.25 | F34: =IF($AM34>F$5,0,IF($AM34=F$5,IFERROR($AJ34/$AK34*$AL34, 0),IF(IFERROR((SUM($B34:E34)+$AJ34/$AK34*(1-$AL34)),0)>=$AJ34, $AJ34-SUM($B34:E34), IFERROR($AJ34/$AK34, 0)))) -> 0 | G34: =IF($AM34>G$5,0,IF($AM34=G$5,IFERROR($AJ34/$AK34*$AL34, 0),IF(IFERROR((SUM($B34:F34)+$AJ34/$AK34*(1-$AL34)),0)>=$AJ34, $AJ34-SUM($B34:F34), IFERROR($AJ34/$AK34, 0)))) -> 0 | H34: =IF($AM34>H$5,0,IF($AM34=H$5,IFERROR($AJ34/$AK34*$AL34, 0),IF(IFERROR((SUM($B34:G34)+$AJ34/$AK34*(1-$AL34)),0)>=$AJ34, $AJ34-SUM($B34:G34), IFERROR($AJ34/$AK34, 0)))) -> 0 | I34: =IF($AM34>I$5,0,IF($AM34=I$5,IFERROR($AJ34/$AK34*$AL34, 0),IF(IFERROR((SUM($B34:H34)+$AJ34/$AK34*(1-$AL34)),0)>=$AJ34, $AJ34-SUM($B34:H34), IFERROR($AJ34/$AK34, 0)))) -> 0 | J34: =IF($AM34>J$5,0,IF($AM34=J$5,IFERROR($AJ34/$AK34*$AL34, 0),IF(IFERROR((SUM($B34:I34)+$AJ34/$AK34*(1-$AL34)),0)>=$AJ34, $AJ34-SUM($B34:I34), IFERROR($AJ34/$AK34, 0)))) -> 0 | ... AH34: =IF($AM34>AH$5,0,IF($AM34=AH$5,IFERROR($AJ34/$AK34*$AL34, 0),IF(IFERROR((SUM($B34:AG34)+$AJ34/$AK34*(1-$AL34)),0)>=$AJ34, $AJ34-SUM($B34:AG34), IFERROR($AJ34/$AK34, 0)))) -> 0 | AI34: Calculation allocates linearly across each month, | AJ34: {=INDEX(Calculations!$B$14:$AN$14, 1, AN34)} -> 25 | AK34: =INDEX(Drivers!$B$26:$AI$26, 1, MATCH($B34, Drivers!$B$4:$AI$4, 0)) -> 2 | AL34: =INDEX(Drivers!$B$27:$AI$27, 1, MATCH($B34, Drivers!$B$4:$AI$4, 0)) -> 0.5 | AM34: {=INDEX(Drivers!$B$12:$AI$12, 1, AN34)} -> 46112 | AN34: 2 | AO34: =SUM(B34:AI34)-AJ34 -> 0 | AP34: =SUMIFS($B34:$AI34, $B$6:$AI$6, AP$6) -> 25 | AQ34: =SUMIFS($B34:$AI34, $B$6:$AI$6, AQ$6) -> 0 | AR34: =SUMIFS($B34:$AI34, $B$6:$AI$6, AR$6) -> 0 | AS34: =SUMIFS($B34:$AI34, $B$6:$AI$6, AS$6) -> 0 | AT34: =SUMIFS($B34:$AI34, $B$6:$AI$6, AT$6) -> 0 | AU34: =SUMIFS($B34:$AI34, $B$6:$AI$6, AU$6) -> 0 | AV34: =SUMIFS($B34:$AI34, $B$6:$AI$6, AV$6) -> 0 | AW34: =SUMIFS($B34:$AI34, $B$6:$AI$6, AW$6) -> 0
B35: {=INDEX($B$4:$AI$4, 1, AN35)} -> FQ2'26E | C35: =IF($AM35>C$5,0,IF($AM35=C$5,IFERROR($AJ35/$AK35*$AL35, 0),IF(IFERROR((SUM($B35:B35)+$AJ35/$AK35*(1-$AL35)),0)>=$AJ35, $AJ35-SUM($B35:B35), IFERROR($AJ35/$AK35, 0)))) -> 0 | D35: =IF($AM35>D$5,0,IF($AM35=D$5,IFERROR($AJ35/$AK35*$AL35, 0),IF(IFERROR((SUM($B35:C35)+$AJ35/$AK35*(1-$AL35)),0)>=$AJ35, $AJ35-SUM($B35:C35), IFERROR($AJ35/$AK35, 0)))) -> 0.5 | E35: =IF($AM35>E$5,0,IF($AM35=E$5,IFERROR($AJ35/$AK35*$AL35, 0),IF(IFERROR((SUM($B35:D35)+$AJ35/$AK35*(1-$AL35)),0)>=$AJ35, $AJ35-SUM($B35:D35), IFERROR($AJ35/$AK35, 0)))) -> 1 | F35: =IF($AM35>F$5,0,IF($AM35=F$5,IFERROR($AJ35/$AK35*$AL35, 0),IF(IFERROR((SUM($B35:E35)+$AJ35/$AK35*(1-$AL35)),0)>=$AJ35, $AJ35-SUM($B35:E35), IFERROR($AJ35/$AK35, 0)))) -> 0.5 | G35: =IF($AM35>G$5,0,IF($AM35=G$5,IFERROR($AJ35/$AK35*$AL35, 0),IF(IFERROR((SUM($B35:F35)+$AJ35/$AK35*(1-$AL35)),0)>=$AJ35, $AJ35-SUM($B35:F35), IFERROR($AJ35/$AK35, 0)))) -> 0 | H35: =IF($AM35>H$5,0,IF($AM35=H$5,IFERROR($AJ35/$AK35*$AL35, 0),IF(IFERROR((SUM($B35:G35)+$AJ35/$AK35*(1-$AL35)),0)>=$AJ35, $AJ35-SUM($B35:G35), IFERROR($AJ35/$AK35, 0)))) -> 0 | I35: =IF($AM35>I$5,0,IF($AM35=I$5,IFERROR($AJ35/$AK35*$AL35, 0),IF(IFERROR((SUM($B35:H35)+$AJ35/$AK35*(1-$AL35)),0)>=$AJ35, $AJ35-SUM($B35:H35), IFERROR($AJ35/$AK35, 0)))) -> 0 | J35: =IF($AM35>J$5,0,IF($AM35=J$5,IFERROR($AJ35/$AK35*$AL35, 0),IF(IFERROR((SUM($B35:I35)+$AJ35/$AK35*(1-$AL35)),0)>=$AJ35, $AJ35-SUM($B35:I35), IFERROR($AJ35/$AK35, 0)))) -> 0 | ... AH35: =IF($AM35>AH$5,0,IF($AM35=AH$5,IFERROR($AJ35/$AK35*$AL35, 0),IF(IFERROR((SUM($B35:AG35)+$AJ35/$AK35*(1-$AL35)),0)>=$AJ35, $AJ35-SUM($B35:AG35), IFERROR($AJ35/$AK35, 0)))) -> 0 | AI35: based on ramp time assumption. | AJ35: {=INDEX(Calculations!$B$14:$AN$14, 1, AN35)} -> 2 | AK35: =INDEX(Drivers!$B$26:$AI$26, 1, MATCH($B35, Drivers!$B$4:$AI$4, 0)) -> 2 | AL35: =INDEX(Drivers!$B$27:$AI$27, 1, MATCH($B35, Drivers!$B$4:$AI$4, 0)) -> 0.5 | AM35: {=INDEX(Drivers!$B$12:$AI$12, 1, AN35)} -> 46203 | AN35: =AN34+1 -> 3 | AO35: =SUM(B35:AI35)-AJ35 -> 0 | AP35: =SUMIFS($B35:$AI35, $B$6:$AI$6, AP$6) -> 2 | AQ35: =SUMIFS($B35:$AI35, $B$6:$AI$6, AQ$6) -> 0 | AR35: =SUMIFS($B35:$AI35, $B$6:$AI$6, AR$6) -> 0 | AS35: =SUMIFS($B35:$AI35, $B$6:$AI$6, AS$6) -> 0 | AT35: =SUMIFS($B35:$AI35, $B$6:$AI$6, AT$6) -> 0 | AU35: =SUMIFS($B35:$AI35, $B$6:$AI$6, AU$6) -> 0 | AV35: =SUMIFS($B35:$AI35, $B$6:$AI$6, AV$6) -> 0 | AW35: =SUMIFS($B35:$AI35, $B$6:$AI$6, AW$6) -> 0
B36: {=INDEX($B$4:$AI$4, 1, AN36)} -> FQ3'26E | C36: =IF($AM36>C$5,0,IF($AM36=C$5,IFERROR($AJ36/$AK36*$AL36, 0),IF(IFERROR((SUM($B36:B36)+$AJ36/$AK36*(1-$AL36)),0)>=$AJ36, $AJ36-SUM($B36:B36), IFERROR($AJ36/$AK36, 0)))) -> 0 | D36: =IF($AM36>D$5,0,IF($AM36=D$5,IFERROR($AJ36/$AK36*$AL36, 0),IF(IFERROR((SUM($B36:C36)+$AJ36/$AK36*(1-$AL36)),0)>=$AJ36, $AJ36-SUM($B36:C36), IFERROR($AJ36/$AK36, 0)))) -> 0 | E36: =IF($AM36>E$5,0,IF($AM36=E$5,IFERROR($AJ36/$AK36*$AL36, 0),IF(IFERROR((SUM($B36:D36)+$AJ36/$AK36*(1-$AL36)),0)>=$AJ36, $AJ36-SUM($B36:D36), IFERROR($AJ36/$AK36, 0)))) -> 0.5 | F36: =IF($AM36>F$5,0,IF($AM36=F$5,IFERROR($AJ36/$AK36*$AL36, 0),IF(IFERROR((SUM($B36:E36)+$AJ36/$AK36*(1-$AL36)),0)>=$AJ36, $AJ36-SUM($B36:E36), IFERROR($AJ36/$AK36, 0)))) -> 1 | G36: =IF($AM36>G$5,0,IF($AM36=G$5,IFERROR($AJ36/$AK36*$AL36, 0),IF(IFERROR((SUM($B36:F36)+$AJ36/$AK36*(1-$AL36)),0)>=$AJ36, $AJ36-SUM($B36:F36), IFERROR($AJ36/$AK36, 0)))) -> 0.5 | H36: =IF($AM36>H$5,0,IF($AM36=H$5,IFERROR($AJ36/$AK36*$AL36, 0),IF(IFERROR((SUM($B36:G36)+$AJ36/$AK36*(1-$AL36)),0)>=$AJ36, $AJ36-SUM($B36:G36), IFERROR($AJ36/$AK36, 0)))) -> 0 | I36: =IF($AM36>I$5,0,IF($AM36=I$5,IFERROR($AJ36/$AK36*$AL36, 0),IF(IFERROR((SUM($B36:H36)+$AJ36/$AK36*(1-$AL36)),0)>=$AJ36, $AJ36-SUM($B36:H36), IFERROR($AJ36/$AK36, 0)))) -> 0 | J36: =IF($AM36>J$5,0,IF($AM36=J$5,IFERROR($AJ36/$AK36*$AL36, 0),IF(IFERROR((SUM($B36:I36)+$AJ36/$AK36*(1-$AL36)),0)>=$AJ36, $AJ36-SUM($B36:I36), IFERROR($AJ36/$AK36, 0)))) -> 0 | ... AH36: =IF($AM36>AH$5,0,IF($AM36=AH$5,IFERROR($AJ36/$AK36*$AL36, 0),IF(IFERROR((SUM($B36:AG36)+$AJ36/$AK36*(1-$AL36)),0)>=$AJ36, $AJ36-SUM($B36:AG36), IFERROR($AJ36/$AK36, 0)))) -> 0 | AI36: Linearity refers to which month within the quarter that the | AJ36: {=INDEX(Calculations!$B$14:$AN$14, 1, AN36)} -> 2 | AK36: =INDEX(Drivers!$B$26:$AI$26, 1, MATCH($B36, Drivers!$B$4:$AI$4, 0)) -> 2 | AL36: =INDEX(Drivers!$B$27:$AI$27, 1, MATCH($B36, Drivers!$B$4:$AI$4, 0)) -> 0.5 | AM36: {=INDEX(Drivers!$B$12:$AI$12, 1, AN36)} -> 46295 | AN36: =AN35+1 -> 4 | AO36: =SUM(B36:AI36)-AJ36 -> 0 | AP36: =SUMIFS($B36:$AI36, $B$6:$AI$6, AP$6) -> 1.5 | AQ36: =SUMIFS($B36:$AI36, $B$6:$AI$6, AQ$6) -> 0.5 | AR36: =SUMIFS($B36:$AI36, $B$6:$AI$6, AR$6) -> 0 | AS36: =SUMIFS($B36:$AI36, $B$6:$AI$6, AS$6) -> 0 | AT36: =SUMIFS($B36:$AI36, $B$6:$AI$6, AT$6) -> 0 | AU36: =SUMIFS($B36:$AI36, $B$6:$AI$6, AU$6) -> 0 | AV36: =SUMIFS($B36:$AI36, $B$6:$AI$6, AV$6) -> 0 | AW36: =SUMIFS($B36:$AI36, $B$6:$AI$6, AW$6) -> 0
B37: {=INDEX($B$4:$AI$4, 1, AN37)} -> FQ4'26E | C37: =IF($AM37>C$5,0,IF($AM37=C$5,IFERROR($AJ37/$AK37*$AL37, 0),IF(IFERROR((SUM($B37:B37)+$AJ37/$AK37*(1-$AL37)),0)>=$AJ37, $AJ37-SUM($B37:B37), IFERROR($AJ37/$AK37, 0)))) -> 0 | D37: =IF($AM37>D$5,0,IF($AM37=D$5,IFERROR($AJ37/$AK37*$AL37, 0),IF(IFERROR((SUM($B37:C37)+$AJ37/$AK37*(1-$AL37)),0)>=$AJ37, $AJ37-SUM($B37:C37), IFERROR($AJ37/$AK37, 0)))) -> 0 | E37: =IF($AM37>E$5,0,IF($AM37=E$5,IFERROR($AJ37/$AK37*$AL37, 0),IF(IFERROR((SUM($B37:D37)+$AJ37/$AK37*(1-$AL37)),0)>=$AJ37, $AJ37-SUM($B37:D37), IFERROR($AJ37/$AK37, 0)))) -> 0 | F37: =IF($AM37>F$5,0,IF($AM37=F$5,IFERROR($AJ37/$AK37*$AL37, 0),IF(IFERROR((SUM($B37:E37)+$AJ37/$AK37*(1-$AL37)),0)>=$AJ37, $AJ37-SUM($B37:E37), IFERROR($AJ37/$AK37, 0)))) -> 0.5 | G37: =IF($AM37>G$5,0,IF($AM37=G$5,IFERROR($AJ37/$AK37*$AL37, 0),IF(IFERROR((SUM($B37:F37)+$AJ37/$AK37*(1-$AL37)),0)>=$AJ37, $AJ37-SUM($B37:F37), IFERROR($AJ37/$AK37, 0)))) -> 1 | H37: =IF($AM37>H$5,0,IF($AM37=H$5,IFERROR($AJ37/$AK37*$AL37, 0),IF(IFERROR((SUM($B37:G37)+$AJ37/$AK37*(1-$AL37)),0)>=$AJ37, $AJ37-SUM($B37:G37), IFERROR($AJ37/$AK37, 0)))) -> 0.5 | I37: =IF($AM37>I$5,0,IF($AM37=I$5,IFERROR($AJ37/$AK37*$AL37, 0),IF(IFERROR((SUM($B37:H37)+$AJ37/$AK37*(1-$AL37)),0)>=$AJ37, $AJ37-SUM($B37:H37), IFERROR($AJ37/$AK37, 0)))) -> 0 | J37: =IF($AM37>J$5,0,IF($AM37=J$5,IFERROR($AJ37/$AK37*$AL37, 0),IF(IFERROR((SUM($B37:I37)+$AJ37/$AK37*(1-$AL37)),0)>=$AJ37, $AJ37-SUM($B37:I37), IFERROR($AJ37/$AK37, 0)))) -> 0 | ... AH37: =IF($AM37>AH$5,0,IF($AM37=AH$5,IFERROR($AJ37/$AK37*$AL37, 0),IF(IFERROR((SUM($B37:AG37)+$AJ37/$AK37*(1-$AL37)),0)>=$AJ37, $AJ37-SUM($B37:AG37), IFERROR($AJ37/$AK37, 0)))) -> 0 | AI37: calculation begins. | AJ37: {=INDEX(Calculations!$B$14:$AN$14, 1, AN37)} -> 2 | AK37: =INDEX(Drivers!$B$26:$AI$26, 1, MATCH($B37, Drivers!$B$4:$AI$4, 0)) -> 2 | AL37: =INDEX(Drivers!$B$27:$AI$27, 1, MATCH($B37, Drivers!$B$4:$AI$4, 0)) -> 0.5 | AM37: {=INDEX(Drivers!$B$12:$AI$12, 1, AN37)} -> 46387 | AN37: =AN36+1 -> 5 | AO37: =SUM(B37:AI37)-AJ37 -> 0 | AP37: =SUMIFS($B37:$AI37, $B$6:$AI$6, AP$6) -> 0.5 | AQ37: =SUMIFS($B37:$AI37, $B$6:$AI$6, AQ$6) -> 1.5 | AR37: =SUMIFS($B37:$AI37, $B$6:$AI$6, AR$6) -> 0 | AS37: =SUMIFS($B37:$AI37, $B$6:$AI$6, AS$6) -> 0 | AT37: =SUMIFS($B37:$AI37, $B$6:$AI$6, AT$6) -> 0 | AU37: =SUMIFS($B37:$AI37, $B$6:$AI$6, AU$6) -> 0 | AV37: =SUMIFS($B37:$AI37, $B$6:$AI$6, AV$6) -> 0 | AW37: =SUMIFS($B37:$AI37, $B$6:$AI$6, AW$6) -> 0
B38: {=INDEX($B$4:$AI$4, 1, AN38)} -> FQ1'27E | C38: =IF($AM38>C$5,0,IF($AM38=C$5,IFERROR($AJ38/$AK38*$AL38, 0),IF(IFERROR((SUM($B38:B38)+$AJ38/$AK38*(1-$AL38)),0)>=$AJ38, $AJ38-SUM($B38:B38), IFERROR($AJ38/$AK38, 0)))) -> 0 | D38: =IF($AM38>D$5,0,IF($AM38=D$5,IFERROR($AJ38/$AK38*$AL38, 0),IF(IFERROR((SUM($B38:C38)+$AJ38/$AK38*(1-$AL38)),0)>=$AJ38, $AJ38-SUM($B38:C38), IFERROR($AJ38/$AK38, 0)))) -> 0 | E38: =IF($AM38>E$5,0,IF($AM38=E$5,IFERROR($AJ38/$AK38*$AL38, 0),IF(IFERROR((SUM($B38:D38)+$AJ38/$AK38*(1-$AL38)),0)>=$AJ38, $AJ38-SUM($B38:D38), IFERROR($AJ38/$AK38, 0)))) -> 0 | F38: =IF($AM38>F$5,0,IF($AM38=F$5,IFERROR($AJ38/$AK38*$AL38, 0),IF(IFERROR((SUM($B38:E38)+$AJ38/$AK38*(1-$AL38)),0)>=$AJ38, $AJ38-SUM($B38:E38), IFERROR($AJ38/$AK38, 0)))) -> 0 | G38: =IF($AM38>G$5,0,IF($AM38=G$5,IFERROR($AJ38/$AK38*$AL38, 0),IF(IFERROR((SUM($B38:F38)+$AJ38/$AK38*(1-$AL38)),0)>=$AJ38, $AJ38-SUM($B38:F38), IFERROR($AJ38/$AK38, 0)))) -> 0.5 | H38: =IF($AM38>H$5,0,IF($AM38=H$5,IFERROR($AJ38/$AK38*$AL38, 0),IF(IFERROR((SUM($B38:G38)+$AJ38/$AK38*(1-$AL38)),0)>=$AJ38, $AJ38-SUM($B38:G38), IFERROR($AJ38/$AK38, 0)))) -> 1 | I38: =IF($AM38>I$5,0,IF($AM38=I$5,IFERROR($AJ38/$AK38*$AL38, 0),IF(IFERROR((SUM($B38:H38)+$AJ38/$AK38*(1-$AL38)),0)>=$AJ38, $AJ38-SUM($B38:H38), IFERROR($AJ38/$AK38, 0)))) -> 0.5 | J38: =IF($AM38>J$5,0,IF($AM38=J$5,IFERROR($AJ38/$AK38*$AL38, 0),IF(IFERROR((SUM($B38:I38)+$AJ38/$AK38*(1-$AL38)),0)>=$AJ38, $AJ38-SUM($B38:I38), IFERROR($AJ38/$AK38, 0)))) -> 0 | ... AH38: =IF($AM38>AH$5,0,IF($AM38=AH$5,IFERROR($AJ38/$AK38*$AL38, 0),IF(IFERROR((SUM($B38:AG38)+$AJ38/$AK38*(1-$AL38)),0)>=$AJ38, $AJ38-SUM($B38:AG38), IFERROR($AJ38/$AK38, 0)))) -> 0 | AJ38: {=INDEX(Calculations!$B$14:$AN$14, 1, AN38)} -> 2 | AK38: =INDEX(Drivers!$B$26:$AI$26, 1, MATCH($B38, Drivers!$B$4:$AI$4, 0)) -> 2 | AL38: =INDEX(Drivers!$B$27:$AI$27, 1, MATCH($B38, Drivers!$B$4:$AI$4, 0)) -> 0.5 | AM38: {=INDEX(Drivers!$B$12:$AI$12, 1, AN38)} -> 46477 | AN38: =AN37+1 -> 6 | AO38: =SUM(B38:AI38)-AJ38 -> 0 | AP38: =SUMIFS($B38:$AI38, $B$6:$AI$6, AP$6) -> 0 | AQ38: =SUMIFS($B38:$AI38, $B$6:$AI$6, AQ$6) -> 2 | AR38: =SUMIFS($B38:$AI38, $B$6:$AI$6, AR$6) -> 0 | AS38: =SUMIFS($B38:$AI38, $B$6:$AI$6, AS$6) -> 0 | AT38: =SUMIFS($B38:$AI38, $B$6:$AI$6, AT$6) -> 0 | AU38: =SUMIFS($B38:$AI38, $B$6:$AI$6, AU$6) -> 0 | AV38: =SUMIFS($B38:$AI38, $B$6:$AI$6, AV$6) -> 0 | AW38: =SUMIFS($B38:$AI38, $B$6:$AI$6, AW$6) -> 0
B39: {=INDEX($B$4:$AI$4, 1, AN39)} -> FQ2'27E | C39: =IF($AM39>C$5,0,IF($AM39=C$5,IFERROR($AJ39/$AK39*$AL39, 0),IF(IFERROR((SUM($B39:B39)+$AJ39/$AK39*(1-$AL39)),0)>=$AJ39, $AJ39-SUM($B39:B39), IFERROR($AJ39/$AK39, 0)))) -> 0 | D39: =IF($AM39>D$5,0,IF($AM39=D$5,IFERROR($AJ39/$AK39*$AL39, 0),IF(IFERROR((SUM($B39:C39)+$AJ39/$AK39*(1-$AL39)),0)>=$AJ39, $AJ39-SUM($B39:C39), IFERROR($AJ39/$AK39, 0)))) -> 0 | E39: =IF($AM39>E$5,0,IF($AM39=E$5,IFERROR($AJ39/$AK39*$AL39, 0),IF(IFERROR((SUM($B39:D39)+$AJ39/$AK39*(1-$AL39)),0)>=$AJ39, $AJ39-SUM($B39:D39), IFERROR($AJ39/$AK39, 0)))) -> 0 | F39: =IF($AM39>F$5,0,IF($AM39=F$5,IFERROR($AJ39/$AK39*$AL39, 0),IF(IFERROR((SUM($B39:E39)+$AJ39/$AK39*(1-$AL39)),0)>=$AJ39, $AJ39-SUM($B39:E39), IFERROR($AJ39/$AK39, 0)))) -> 0 | G39: =IF($AM39>G$5,0,IF($AM39=G$5,IFERROR($AJ39/$AK39*$AL39, 0),IF(IFERROR((SUM($B39:F39)+$AJ39/$AK39*(1-$AL39)),0)>=$AJ39, $AJ39-SUM($B39:F39), IFERROR($AJ39/$AK39, 0)))) -> 0 | H39: =IF($AM39>H$5,0,IF($AM39=H$5,IFERROR($AJ39/$AK39*$AL39, 0),IF(IFERROR((SUM($B39:G39)+$AJ39/$AK39*(1-$AL39)),0)>=$AJ39, $AJ39-SUM($B39:G39), IFERROR($AJ39/$AK39, 0)))) -> 0.5 | I39: =IF($AM39>I$5,0,IF($AM39=I$5,IFERROR($AJ39/$AK39*$AL39, 0),IF(IFERROR((SUM($B39:H39)+$AJ39/$AK39*(1-$AL39)),0)>=$AJ39, $AJ39-SUM($B39:H39), IFERROR($AJ39/$AK39, 0)))) -> 1 | J39: =IF($AM39>J$5,0,IF($AM39=J$5,IFERROR($AJ39/$AK39*$AL39, 0),IF(IFERROR((SUM($B39:I39)+$AJ39/$AK39*(1-$AL39)),0)>=$AJ39, $AJ39-SUM($B39:I39), IFERROR($AJ39/$AK39, 0)))) -> 0.5 | ... AH39: =IF($AM39>AH$5,0,IF($AM39=AH$5,IFERROR($AJ39/$AK39*$AL39, 0),IF(IFERROR((SUM($B39:AG39)+$AJ39/$AK39*(1-$AL39)),0)>=$AJ39, $AJ39-SUM($B39:AG39), IFERROR($AJ39/$AK39, 0)))) -> 0 | AJ39: {=INDEX(Calculations!$B$14:$AN$14, 1, AN39)} -> 2 | AK39: =INDEX(Drivers!$B$26:$AI$26, 1, MATCH($B39, Drivers!$B$4:$AI$4, 0)) -> 2 | AL39: =INDEX(Drivers!$B$27:$AI$27, 1, MATCH($B39, Drivers!$B$4:$AI$4, 0)) -> 0.5 | AM39: {=INDEX(Drivers!$B$12:$AI$12, 1, AN39)} -> 46568 | AN39: =AN38+1 -> 7 | AO39: =SUM(B39:AI39)-AJ39 -> 0 | AP39: =SUMIFS($B39:$AI39, $B$6:$AI$6, AP$6) -> 0 | AQ39: =SUMIFS($B39:$AI39, $B$6:$AI$6, AQ$6) -> 2 | AR39: =SUMIFS($B39:$AI39, $B$6:$AI$6, AR$6) -> 0 | AS39: =SUMIFS($B39:$AI39, $B$6:$AI$6, AS$6) -> 0 | AT39: =SUMIFS($B39:$AI39, $B$6:$AI$6, AT$6) -> 0 | AU39: =SUMIFS($B39:$AI39, $B$6:$AI$6, AU$6) -> 0 | AV39: =SUMIFS($B39:$AI39, $B$6:$AI$6, AV$6) -> 0 | AW39: =SUMIFS($B39:$AI39, $B$6:$AI$6, AW$6) -> 0
B40: {=INDEX($B$4:$AI$4, 1, AN40)} -> FQ3'27E | C40: =IF($AM40>C$5,0,IF($AM40=C$5,IFERROR($AJ40/$AK40*$AL40, 0),IF(IFERROR((SUM($B40:B40)+$AJ40/$AK40*(1-$AL40)),0)>=$AJ40, $AJ40-SUM($B40:B40), IFERROR($AJ40/$AK40, 0)))) -> 0 | D40: =IF($AM40>D$5,0,IF($AM40=D$5,IFERROR($AJ40/$AK40*$AL40, 0),IF(IFERROR((SUM($B40:C40)+$AJ40/$AK40*(1-$AL40)),0)>=$AJ40, $AJ40-SUM($B40:C40), IFERROR($AJ40/$AK40, 0)))) -> 0 | E40: =IF($AM40>E$5,0,IF($AM40=E$5,IFERROR($AJ40/$AK40*$AL40, 0),IF(IFERROR((SUM($B40:D40)+$AJ40/$AK40*(1-$AL40)),0)>=$AJ40, $AJ40-SUM($B40:D40), IFERROR($AJ40/$AK40, 0)))) -> 0 | F40: =IF($AM40>F$5,0,IF($AM40=F$5,IFERROR($AJ40/$AK40*$AL40, 0),IF(IFERROR((SUM($B40:E40)+$AJ40/$AK40*(1-$AL40)),0)>=$AJ40, $AJ40-SUM($B40:E40), IFERROR($AJ40/$AK40, 0)))) -> 0 | G40: =IF($AM40>G$5,0,IF($AM40=G$5,IFERROR($AJ40/$AK40*$AL40, 0),IF(IFERROR((SUM($B40:F40)+$AJ40/$AK40*(1-$AL40)),0)>=$AJ40, $AJ40-SUM($B40:F40), IFERROR($AJ40/$AK40, 0)))) -> 0 | H40: =IF($AM40>H$5,0,IF($AM40=H$5,IFERROR($AJ40/$AK40*$AL40, 0),IF(IFERROR((SUM($B40:G40)+$AJ40/$AK40*(1-$AL40)),0)>=$AJ40, $AJ40-SUM($B40:G40), IFERROR($AJ40/$AK40, 0)))) -> 0 | I40: =IF($AM40>I$5,0,IF($AM40=I$5,IFERROR($AJ40/$AK40*$AL40, 0),IF(IFERROR((SUM($B40:H40)+$AJ40/$AK40*(1-$AL40)),0)>=$AJ40, $AJ40-SUM($B40:H40), IFERROR($AJ40/$AK40, 0)))) -> 0.5 | J40: =IF($AM40>J$5,0,IF($AM40=J$5,IFERROR($AJ40/$AK40*$AL40, 0),IF(IFERROR((SUM($B40:I40)+$AJ40/$AK40*(1-$AL40)),0)>=$AJ40, $AJ40-SUM($B40:I40), IFERROR($AJ40/$AK40, 0)))) -> 1 | ... AH40: =IF($AM40>AH$5,0,IF($AM40=AH$5,IFERROR($AJ40/$AK40*$AL40, 0),IF(IFERROR((SUM($B40:AG40)+$AJ40/$AK40*(1-$AL40)),0)>=$AJ40, $AJ40-SUM($B40:AG40), IFERROR($AJ40/$AK40, 0)))) -> 0 | AJ40: {=INDEX(Calculations!$B$14:$AN$14, 1, AN40)} -> 2 | AK40: =INDEX(Drivers!$B$26:$AI$26, 1, MATCH($B40, Drivers!$B$4:$AI$4, 0)) -> 2 | AL40: =INDEX(Drivers!$B$27:$AI$27, 1, MATCH($B40, Drivers!$B$4:$AI$4, 0)) -> 0.5 | AM40: {=INDEX(Drivers!$B$12:$AI$12, 1, AN40)} -> 46660 | AN40: =AN39+1 -> 8 | AO40: =SUM(B40:AI40)-AJ40 -> 0 | AP40: =SUMIFS($B40:$AI40, $B$6:$AI$6, AP$6) -> 0 | AQ40: =SUMIFS($B40:$AI40, $B$6:$AI$6, AQ$6) -> 1.5 | AR40: =SUMIFS($B40:$AI40, $B$6:$AI$6, AR$6) -> 0.5 | AS40: =SUMIFS($B40:$AI40, $B$6:$AI$6, AS$6) -> 0 | AT40: =SUMIFS($B40:$AI40, $B$6:$AI$6, AT$6) -> 0 | AU40: =SUMIFS($B40:$AI40, $B$6:$AI$6, AU$6) -> 0 | AV40: =SUMIFS($B40:$AI40, $B$6:$AI$6, AV$6) -> 0 | AW40: =SUMIFS($B40:$AI40, $B$6:$AI$6, AW$6) -> 0
B41: {=INDEX($B$4:$AI$4, 1, AN41)} -> FQ4'27E | C41: =IF($AM41>C$5,0,IF($AM41=C$5,IFERROR($AJ41/$AK41*$AL41, 0),IF(IFERROR((SUM($B41:B41)+$AJ41/$AK41*(1-$AL41)),0)>=$AJ41, $AJ41-SUM($B41:B41), IFERROR($AJ41/$AK41, 0)))) -> 0 | D41: =IF($AM41>D$5,0,IF($AM41=D$5,IFERROR($AJ41/$AK41*$AL41, 0),IF(IFERROR((SUM($B41:C41)+$AJ41/$AK41*(1-$AL41)),0)>=$AJ41, $AJ41-SUM($B41:C41), IFERROR($AJ41/$AK41, 0)))) -> 0 | E41: =IF($AM41>E$5,0,IF($AM41=E$5,IFERROR($AJ41/$AK41*$AL41, 0),IF(IFERROR((SUM($B41:D41)+$AJ41/$AK41*(1-$AL41)),0)>=$AJ41, $AJ41-SUM($B41:D41), IFERROR($AJ41/$AK41, 0)))) -> 0 | F41: =IF($AM41>F$5,0,IF($AM41=F$5,IFERROR($AJ41/$AK41*$AL41, 0),IF(IFERROR((SUM($B41:E41)+$AJ41/$AK41*(1-$AL41)),0)>=$AJ41, $AJ41-SUM($B41:E41), IFERROR($AJ41/$AK41, 0)))) -> 0 | G41: =IF($AM41>G$5,0,IF($AM41=G$5,IFERROR($AJ41/$AK41*$AL41, 0),IF(IFERROR((SUM($B41:F41)+$AJ41/$AK41*(1-$AL41)),0)>=$AJ41, $AJ41-SUM($B41:F41), IFERROR($AJ41/$AK41, 0)))) -> 0 | H41: =IF($AM41>H$5,0,IF($AM41=H$5,IFERROR($AJ41/$AK41*$AL41, 0),IF(IFERROR((SUM($B41:G41)+$AJ41/$AK41*(1-$AL41)),0)>=$AJ41, $AJ41-SUM($B41:G41), IFERROR($AJ41/$AK41, 0)))) -> 0 | I41: =IF($AM41>I$5,0,IF($AM41=I$5,IFERROR($AJ41/$AK41*$AL41, 0),IF(IFERROR((SUM($B41:H41)+$AJ41/$AK41*(1-$AL41)),0)>=$AJ41, $AJ41-SUM($B41:H41), IFERROR($AJ41/$AK41, 0)))) -> 0 | J41: =IF($AM41>J$5,0,IF($AM41=J$5,IFERROR($AJ41/$AK41*$AL41, 0),IF(IFERROR((SUM($B41:I41)+$AJ41/$AK41*(1-$AL41)),0)>=$AJ41, $AJ41-SUM($B41:I41), IFERROR($AJ41/$AK41, 0)))) -> 0.5 | ... AH41: =IF($AM41>AH$5,0,IF($AM41=AH$5,IFERROR($AJ41/$AK41*$AL41, 0),IF(IFERROR((SUM($B41:AG41)+$AJ41/$AK41*(1-$AL41)),0)>=$AJ41, $AJ41-SUM($B41:AG41), IFERROR($AJ41/$AK41, 0)))) -> 0 | AJ41: {=INDEX(Calculations!$B$14:$AN$14, 1, AN41)} -> 2 | AK41: =INDEX(Drivers!$B$26:$AI$26, 1, MATCH($B41, Drivers!$B$4:$AI$4, 0)) -> 2 | AL41: =INDEX(Drivers!$B$27:$AI$27, 1, MATCH($B41, Drivers!$B$4:$AI$4, 0)) -> 0.5 | AM41: {=INDEX(Drivers!$B$12:$AI$12, 1, AN41)} -> 46752 | AN41: =AN40+1 -> 9 | AO41: =SUM(B41:AI41)-AJ41 -> 0 | AP41: =SUMIFS($B41:$AI41, $B$6:$AI$6, AP$6) -> 0 | AQ41: =SUMIFS($B41:$AI41, $B$6:$AI$6, AQ$6) -> 0.5 | AR41: =SUMIFS($B41:$AI41, $B$6:$AI$6, AR$6) -> 1.5 | AS41: =SUMIFS($B41:$AI41, $B$6:$AI$6, AS$6) -> 0 | AT41: =SUMIFS($B41:$AI41, $B$6:$AI$6, AT$6) -> 0 | AU41: =SUMIFS($B41:$AI41, $B$6:$AI$6, AU$6) -> 0 | AV41: =SUMIFS($B41:$AI41, $B$6:$AI$6, AV$6) -> 0 | AW41: =SUMIFS($B41:$AI41, $B$6:$AI$6, AW$6) -> 0
B42: {=INDEX($B$4:$AI$4, 1, AN42)} -> FQ1'28E | C42: =IF($AM42>C$5,0,IF($AM42=C$5,IFERROR($AJ42/$AK42*$AL42, 0),IF(IFERROR((SUM($B42:B42)+$AJ42/$AK42*(1-$AL42)),0)>=$AJ42, $AJ42-SUM($B42:B42), IFERROR($AJ42/$AK42, 0)))) -> 0 | D42: =IF($AM42>D$5,0,IF($AM42=D$5,IFERROR($AJ42/$AK42*$AL42, 0),IF(IFERROR((SUM($B42:C42)+$AJ42/$AK42*(1-$AL42)),0)>=$AJ42, $AJ42-SUM($B42:C42), IFERROR($AJ42/$AK42, 0)))) -> 0 | E42: =IF($AM42>E$5,0,IF($AM42=E$5,IFERROR($AJ42/$AK42*$AL42, 0),IF(IFERROR((SUM($B42:D42)+$AJ42/$AK42*(1-$AL42)),0)>=$AJ42, $AJ42-SUM($B42:D42), IFERROR($AJ42/$AK42, 0)))) -> 0 | F42: =IF($AM42>F$5,0,IF($AM42=F$5,IFERROR($AJ42/$AK42*$AL42, 0),IF(IFERROR((SUM($B42:E42)+$AJ42/$AK42*(1-$AL42)),0)>=$AJ42, $AJ42-SUM($B42:E42), IFERROR($AJ42/$AK42, 0)))) -> 0 | G42: =IF($AM42>G$5,0,IF($AM42=G$5,IFERROR($AJ42/$AK42*$AL42, 0),IF(IFERROR((SUM($B42:F42)+$AJ42/$AK42*(1-$AL42)),0)>=$AJ42, $AJ42-SUM($B42:F42), IFERROR($AJ42/$AK42, 0)))) -> 0 | H42: =IF($AM42>H$5,0,IF($AM42=H$5,IFERROR($AJ42/$AK42*$AL42, 0),IF(IFERROR((SUM($B42:G42)+$AJ42/$AK42*(1-$AL42)),0)>=$AJ42, $AJ42-SUM($B42:G42), IFERROR($AJ42/$AK42, 0)))) -> 0 | I42: =IF($AM42>I$5,0,IF($AM42=I$5,IFERROR($AJ42/$AK42*$AL42, 0),IF(IFERROR((SUM($B42:H42)+$AJ42/$AK42*(1-$AL42)),0)>=$AJ42, $AJ42-SUM($B42:H42), IFERROR($AJ42/$AK42, 0)))) -> 0 | J42: =IF($AM42>J$5,0,IF($AM42=J$5,IFERROR($AJ42/$AK42*$AL42, 0),IF(IFERROR((SUM($B42:I42)+$AJ42/$AK42*(1-$AL42)),0)>=$AJ42, $AJ42-SUM($B42:I42), IFERROR($AJ42/$AK42, 0)))) -> 0 | ... AH42: =IF($AM42>AH$5,0,IF($AM42=AH$5,IFERROR($AJ42/$AK42*$AL42, 0),IF(IFERROR((SUM($B42:AG42)+$AJ42/$AK42*(1-$AL42)),0)>=$AJ42, $AJ42-SUM($B42:AG42), IFERROR($AJ42/$AK42, 0)))) -> 0 | AJ42: {=INDEX(Calculations!$B$14:$AN$14, 1, AN42)} -> 2 | AK42: =INDEX(Drivers!$B$26:$AI$26, 1, MATCH($B42, Drivers!$B$4:$AI$4, 0)) -> 2 | AL42: =INDEX(Drivers!$B$27:$AI$27, 1, MATCH($B42, Drivers!$B$4:$AI$4, 0)) -> 0.5 | AM42: {=INDEX(Drivers!$B$12:$AI$12, 1, AN42)} -> 46843 | AN42: =AN41+1 -> 10 | AO42: =SUM(B42:AI42)-AJ42 -> 0 | AP42: =SUMIFS($B42:$AI42, $B$6:$AI$6, AP$6) -> 0 | AQ42: =SUMIFS($B42:$AI42, $B$6:$AI$6, AQ$6) -> 0 | AR42: =SUMIFS($B42:$AI42, $B$6:$AI$6, AR$6) -> 2 | AS42: =SUMIFS($B42:$AI42, $B$6:$AI$6, AS$6) -> 0 | AT42: =SUMIFS($B42:$AI42, $B$6:$AI$6, AT$6) -> 0 | AU42: =SUMIFS($B42:$AI42, $B$6:$AI$6, AU$6) -> 0 | AV42: =SUMIFS($B42:$AI42, $B$6:$AI$6, AV$6) -> 0 | AW42: =SUMIFS($B42:$AI42, $B$6:$AI$6, AW$6) -> 0
B43: {=INDEX($B$4:$AI$4, 1, AN43)} -> FQ2'28E | C43: =IF($AM43>C$5,0,IF($AM43=C$5,IFERROR($AJ43/$AK43*$AL43, 0),IF(IFERROR((SUM($B43:B43)+$AJ43/$AK43*(1-$AL43)),0)>=$AJ43, $AJ43-SUM($B43:B43), IFERROR($AJ43/$AK43, 0)))) -> 0 | D43: =IF($AM43>D$5,0,IF($AM43=D$5,IFERROR($AJ43/$AK43*$AL43, 0),IF(IFERROR((SUM($B43:C43)+$AJ43/$AK43*(1-$AL43)),0)>=$AJ43, $AJ43-SUM($B43:C43), IFERROR($AJ43/$AK43, 0)))) -> 0 | E43: =IF($AM43>E$5,0,IF($AM43=E$5,IFERROR($AJ43/$AK43*$AL43, 0),IF(IFERROR((SUM($B43:D43)+$AJ43/$AK43*(1-$AL43)),0)>=$AJ43, $AJ43-SUM($B43:D43), IFERROR($AJ43/$AK43, 0)))) -> 0 | F43: =IF($AM43>F$5,0,IF($AM43=F$5,IFERROR($AJ43/$AK43*$AL43, 0),IF(IFERROR((SUM($B43:E43)+$AJ43/$AK43*(1-$AL43)),0)>=$AJ43, $AJ43-SUM($B43:E43), IFERROR($AJ43/$AK43, 0)))) -> 0 | G43: =IF($AM43>G$5,0,IF($AM43=G$5,IFERROR($AJ43/$AK43*$AL43, 0),IF(IFERROR((SUM($B43:F43)+$AJ43/$AK43*(1-$AL43)),0)>=$AJ43, $AJ43-SUM($B43:F43), IFERROR($AJ43/$AK43, 0)))) -> 0 | H43: =IF($AM43>H$5,0,IF($AM43=H$5,IFERROR($AJ43/$AK43*$AL43, 0),IF(IFERROR((SUM($B43:G43)+$AJ43/$AK43*(1-$AL43)),0)>=$AJ43, $AJ43-SUM($B43:G43), IFERROR($AJ43/$AK43, 0)))) -> 0 | I43: =IF($AM43>I$5,0,IF($AM43=I$5,IFERROR($AJ43/$AK43*$AL43, 0),IF(IFERROR((SUM($B43:H43)+$AJ43/$AK43*(1-$AL43)),0)>=$AJ43, $AJ43-SUM($B43:H43), IFERROR($AJ43/$AK43, 0)))) -> 0 | J43: =IF($AM43>J$5,0,IF($AM43=J$5,IFERROR($AJ43/$AK43*$AL43, 0),IF(IFERROR((SUM($B43:I43)+$AJ43/$AK43*(1-$AL43)),0)>=$AJ43, $AJ43-SUM($B43:I43), IFERROR($AJ43/$AK43, 0)))) -> 0 | ... AH43: =IF($AM43>AH$5,0,IF($AM43=AH$5,IFERROR($AJ43/$AK43*$AL43, 0),IF(IFERROR((SUM($B43:AG43)+$AJ43/$AK43*(1-$AL43)),0)>=$AJ43, $AJ43-SUM($B43:AG43), IFERROR($AJ43/$AK43, 0)))) -> 0 | AJ43: {=INDEX(Calculations!$B$14:$AN$14, 1, AN43)} -> 2 | AK43: =INDEX(Drivers!$B$26:$AI$26, 1, MATCH($B43, Drivers!$B$4:$AI$4, 0)) -> 2 | AL43: =INDEX(Drivers!$B$27:$AI$27, 1, MATCH($B43, Drivers!$B$4:$AI$4, 0)) -> 0.5 | AM43: {=INDEX(Drivers!$B$12:$AI$12, 1, AN43)} -> 46934 | AN43: =AN42+1 -> 11 | AO43: =SUM(B43:AI43)-AJ43 -> 0 | AP43: =SUMIFS($B43:$AI43, $B$6:$AI$6, AP$6) -> 0 | AQ43: =SUMIFS($B43:$AI43, $B$6:$AI$6, AQ$6) -> 0 | AR43: =SUMIFS($B43:$AI43, $B$6:$AI$6, AR$6) -> 2 | AS43: =SUMIFS($B43:$AI43, $B$6:$AI$6, AS$6) -> 0 | AT43: =SUMIFS($B43:$AI43, $B$6:$AI$6, AT$6) -> 0 | AU43: =SUMIFS($B43:$AI43, $B$6:$AI$6, AU$6) -> 0 | AV43: =SUMIFS($B43:$AI43, $B$6:$AI$6, AV$6) -> 0 | AW43: =SUMIFS($B43:$AI43, $B$6:$AI$6, AW$6) -> 0
B44: {=INDEX($B$4:$AI$4, 1, AN44)} -> FQ3'28E | C44: =IF($AM44>C$5,0,IF($AM44=C$5,IFERROR($AJ44/$AK44*$AL44, 0),IF(IFERROR((SUM($B44:B44)+$AJ44/$AK44*(1-$AL44)),0)>=$AJ44, $AJ44-SUM($B44:B44), IFERROR($AJ44/$AK44, 0)))) -> 0 | D44: =IF($AM44>D$5,0,IF($AM44=D$5,IFERROR($AJ44/$AK44*$AL44, 0),IF(IFERROR((SUM($B44:C44)+$AJ44/$AK44*(1-$AL44)),0)>=$AJ44, $AJ44-SUM($B44:C44), IFERROR($AJ44/$AK44, 0)))) -> 0 | E44: =IF($AM44>E$5,0,IF($AM44=E$5,IFERROR($AJ44/$AK44*$AL44, 0),IF(IFERROR((SUM($B44:D44)+$AJ44/$AK44*(1-$AL44)),0)>=$AJ44, $AJ44-SUM($B44:D44), IFERROR($AJ44/$AK44, 0)))) -> 0 | F44: =IF($AM44>F$5,0,IF($AM44=F$5,IFERROR($AJ44/$AK44*$AL44, 0),IF(IFERROR((SUM($B44:E44)+$AJ44/$AK44*(1-$AL44)),0)>=$AJ44, $AJ44-SUM($B44:E44), IFERROR($AJ44/$AK44, 0)))) -> 0 | G44: =IF($AM44>G$5,0,IF($AM44=G$5,IFERROR($AJ44/$AK44*$AL44, 0),IF(IFERROR((SUM($B44:F44)+$AJ44/$AK44*(1-$AL44)),0)>=$AJ44, $AJ44-SUM($B44:F44), IFERROR($AJ44/$AK44, 0)))) -> 0 | H44: =IF($AM44>H$5,0,IF($AM44=H$5,IFERROR($AJ44/$AK44*$AL44, 0),IF(IFERROR((SUM($B44:G44)+$AJ44/$AK44*(1-$AL44)),0)>=$AJ44, $AJ44-SUM($B44:G44), IFERROR($AJ44/$AK44, 0)))) -> 0 | I44: =IF($AM44>I$5,0,IF($AM44=I$5,IFERROR($AJ44/$AK44*$AL44, 0),IF(IFERROR((SUM($B44:H44)+$AJ44/$AK44*(1-$AL44)),0)>=$AJ44, $AJ44-SUM($B44:H44), IFERROR($AJ44/$AK44, 0)))) -> 0 | J44: =IF($AM44>J$5,0,IF($AM44=J$5,IFERROR($AJ44/$AK44*$AL44, 0),IF(IFERROR((SUM($B44:I44)+$AJ44/$AK44*(1-$AL44)),0)>=$AJ44, $AJ44-SUM($B44:I44), IFERROR($AJ44/$AK44, 0)))) -> 0 | ... AH44: =IF($AM44>AH$5,0,IF($AM44=AH$5,IFERROR($AJ44/$AK44*$AL44, 0),IF(IFERROR((SUM($B44:AG44)+$AJ44/$AK44*(1-$AL44)),0)>=$AJ44, $AJ44-SUM($B44:AG44), IFERROR($AJ44/$AK44, 0)))) -> 0 | AJ44: {=INDEX(Calculations!$B$14:$AN$14, 1, AN44)} -> 2 | AK44: =INDEX(Drivers!$B$26:$AI$26, 1, MATCH($B44, Drivers!$B$4:$AI$4, 0)) -> 2 | AL44: =INDEX(Drivers!$B$27:$AI$27, 1, MATCH($B44, Drivers!$B$4:$AI$4, 0)) -> 0.5 | AM44: {=INDEX(Drivers!$B$12:$AI$12, 1, AN44)} -> 47026 | AN44: =AN43+1 -> 12 | AO44: =SUM(B44:AI44)-AJ44 -> 0 | AP44: =SUMIFS($B44:$AI44, $B$6:$AI$6, AP$6) -> 0 | AQ44: =SUMIFS($B44:$AI44, $B$6:$AI$6, AQ$6) -> 0 | AR44: =SUMIFS($B44:$AI44, $B$6:$AI$6, AR$6) -> 1.5 | AS44: =SUMIFS($B44:$AI44, $B$6:$AI$6, AS$6) -> 0.5 | AT44: =SUMIFS($B44:$AI44, $B$6:$AI$6, AT$6) -> 0 | AU44: =SUMIFS($B44:$AI44, $B$6:$AI$6, AU$6) -> 0 | AV44: =SUMIFS($B44:$AI44, $B$6:$AI$6, AV$6) -> 0 | AW44: =SUMIFS($B44:$AI44, $B$6:$AI$6, AW$6) -> 0
B45: {=INDEX($B$4:$AI$4, 1, AN45)} -> FQ4'28E | C45: =IF($AM45>C$5,0,IF($AM45=C$5,IFERROR($AJ45/$AK45*$AL45, 0),IF(IFERROR((SUM($B45:B45)+$AJ45/$AK45*(1-$AL45)),0)>=$AJ45, $AJ45-SUM($B45:B45), IFERROR($AJ45/$AK45, 0)))) -> 0 | D45: =IF($AM45>D$5,0,IF($AM45=D$5,IFERROR($AJ45/$AK45*$AL45, 0),IF(IFERROR((SUM($B45:C45)+$AJ45/$AK45*(1-$AL45)),0)>=$AJ45, $AJ45-SUM($B45:C45), IFERROR($AJ45/$AK45, 0)))) -> 0 | E45: =IF($AM45>E$5,0,IF($AM45=E$5,IFERROR($AJ45/$AK45*$AL45, 0),IF(IFERROR((SUM($B45:D45)+$AJ45/$AK45*(1-$AL45)),0)>=$AJ45, $AJ45-SUM($B45:D45), IFERROR($AJ45/$AK45, 0)))) -> 0 | F45: =IF($AM45>F$5,0,IF($AM45=F$5,IFERROR($AJ45/$AK45*$AL45, 0),IF(IFERROR((SUM($B45:E45)+$AJ45/$AK45*(1-$AL45)),0)>=$AJ45, $AJ45-SUM($B45:E45), IFERROR($AJ45/$AK45, 0)))) -> 0 | G45: =IF($AM45>G$5,0,IF($AM45=G$5,IFERROR($AJ45/$AK45*$AL45, 0),IF(IFERROR((SUM($B45:F45)+$AJ45/$AK45*(1-$AL45)),0)>=$AJ45, $AJ45-SUM($B45:F45), IFERROR($AJ45/$AK45, 0)))) -> 0 | H45: =IF($AM45>H$5,0,IF($AM45=H$5,IFERROR($AJ45/$AK45*$AL45, 0),IF(IFERROR((SUM($B45:G45)+$AJ45/$AK45*(1-$AL45)),0)>=$AJ45, $AJ45-SUM($B45:G45), IFERROR($AJ45/$AK45, 0)))) -> 0 | I45: =IF($AM45>I$5,0,IF($AM45=I$5,IFERROR($AJ45/$AK45*$AL45, 0),IF(IFERROR((SUM($B45:H45)+$AJ45/$AK45*(1-$AL45)),0)>=$AJ45, $AJ45-SUM($B45:H45), IFERROR($AJ45/$AK45, 0)))) -> 0 | J45: =IF($AM45>J$5,0,IF($AM45=J$5,IFERROR($AJ45/$AK45*$AL45, 0),IF(IFERROR((SUM($B45:I45)+$AJ45/$AK45*(1-$AL45)),0)>=$AJ45, $AJ45-SUM($B45:I45), IFERROR($AJ45/$AK45, 0)))) -> 0 | ... AH45: =IF($AM45>AH$5,0,IF($AM45=AH$5,IFERROR($AJ45/$AK45*$AL45, 0),IF(IFERROR((SUM($B45:AG45)+$AJ45/$AK45*(1-$AL45)),0)>=$AJ45, $AJ45-SUM($B45:AG45), IFERROR($AJ45/$AK45, 0)))) -> 0 | AJ45: {=INDEX(Calculations!$B$14:$AN$14, 1, AN45)} -> 2 | AK45: =INDEX(Drivers!$B$26:$AI$26, 1, MATCH($B45, Drivers!$B$4:$AI$4, 0)) -> 2 | AL45: =INDEX(Drivers!$B$27:$AI$27, 1, MATCH($B45, Drivers!$B$4:$AI$4, 0)) -> 0.5 | AM45: {=INDEX(Drivers!$B$12:$AI$12, 1, AN45)} -> 47118 | AN45: =AN44+1 -> 13 | AO45: =SUM(B45:AI45)-AJ45 -> 0 | AP45: =SUMIFS($B45:$AI45, $B$6:$AI$6, AP$6) -> 0 | AQ45: =SUMIFS($B45:$AI45, $B$6:$AI$6, AQ$6) -> 0 | AR45: =SUMIFS($B45:$AI45, $B$6:$AI$6, AR$6) -> 0.5 | AS45: =SUMIFS($B45:$AI45, $B$6:$AI$6, AS$6) -> 1.5 | AT45: =SUMIFS($B45:$AI45, $B$6:$AI$6, AT$6) -> 0 | AU45: =SUMIFS($B45:$AI45, $B$6:$AI$6, AU$6) -> 0 | AV45: =SUMIFS($B45:$AI45, $B$6:$AI$6, AV$6) -> 0 | AW45: =SUMIFS($B45:$AI45, $B$6:$AI$6, AW$6) -> 0
B46: {=INDEX($B$4:$AI$4, 1, AN46)} -> FQ1'29E | C46: =IF($AM46>C$5,0,IF($AM46=C$5,IFERROR($AJ46/$AK46*$AL46, 0),IF(IFERROR((SUM($B46:B46)+$AJ46/$AK46*(1-$AL46)),0)>=$AJ46, $AJ46-SUM($B46:B46), IFERROR($AJ46/$AK46, 0)))) -> 0 | D46: =IF($AM46>D$5,0,IF($AM46=D$5,IFERROR($AJ46/$AK46*$AL46, 0),IF(IFERROR((SUM($B46:C46)+$AJ46/$AK46*(1-$AL46)),0)>=$AJ46, $AJ46-SUM($B46:C46), IFERROR($AJ46/$AK46, 0)))) -> 0 | E46: =IF($AM46>E$5,0,IF($AM46=E$5,IFERROR($AJ46/$AK46*$AL46, 0),IF(IFERROR((SUM($B46:D46)+$AJ46/$AK46*(1-$AL46)),0)>=$AJ46, $AJ46-SUM($B46:D46), IFERROR($AJ46/$AK46, 0)))) -> 0 | F46: =IF($AM46>F$5,0,IF($AM46=F$5,IFERROR($AJ46/$AK46*$AL46, 0),IF(IFERROR((SUM($B46:E46)+$AJ46/$AK46*(1-$AL46)),0)>=$AJ46, $AJ46-SUM($B46:E46), IFERROR($AJ46/$AK46, 0)))) -> 0 | G46: =IF($AM46>G$5,0,IF($AM46=G$5,IFERROR($AJ46/$AK46*$AL46, 0),IF(IFERROR((SUM($B46:F46)+$AJ46/$AK46*(1-$AL46)),0)>=$AJ46, $AJ46-SUM($B46:F46), IFERROR($AJ46/$AK46, 0)))) -> 0 | H46: =IF($AM46>H$5,0,IF($AM46=H$5,IFERROR($AJ46/$AK46*$AL46, 0),IF(IFERROR((SUM($B46:G46)+$AJ46/$AK46*(1-$AL46)),0)>=$AJ46, $AJ46-SUM($B46:G46), IFERROR($AJ46/$AK46, 0)))) -> 0 | I46: =IF($AM46>I$5,0,IF($AM46=I$5,IFERROR($AJ46/$AK46*$AL46, 0),IF(IFERROR((SUM($B46:H46)+$AJ46/$AK46*(1-$AL46)),0)>=$AJ46, $AJ46-SUM($B46:H46), IFERROR($AJ46/$AK46, 0)))) -> 0 | J46: =IF($AM46>J$5,0,IF($AM46=J$5,IFERROR($AJ46/$AK46*$AL46, 0),IF(IFERROR((SUM($B46:I46)+$AJ46/$AK46*(1-$AL46)),0)>=$AJ46, $AJ46-SUM($B46:I46), IFERROR($AJ46/$AK46, 0)))) -> 0 | ... AH46: =IF($AM46>AH$5,0,IF($AM46=AH$5,IFERROR($AJ46/$AK46*$AL46, 0),IF(IFERROR((SUM($B46:AG46)+$AJ46/$AK46*(1-$AL46)),0)>=$AJ46, $AJ46-SUM($B46:AG46), IFERROR($AJ46/$AK46, 0)))) -> 0 | AJ46: {=INDEX(Calculations!$B$14:$AN$14, 1, AN46)} -> 1 | AK46: =INDEX(Drivers!$B$26:$AI$26, 1, MATCH($B46, Drivers!$B$4:$AI$4, 0)) -> 2 | AL46: =INDEX(Drivers!$B$27:$AI$27, 1, MATCH($B46, Drivers!$B$4:$AI$4, 0)) -> 0.5 | AM46: {=INDEX(Drivers!$B$12:$AI$12, 1, AN46)} -> 47208 | AN46: =AN45+1 -> 14 | AO46: =SUM(B46:AI46)-AJ46 -> 0 | AP46: =SUMIFS($B46:$AI46, $B$6:$AI$6, AP$6) -> 0 | AQ46: =SUMIFS($B46:$AI46, $B$6:$AI$6, AQ$6) -> 0 | AR46: =SUMIFS($B46:$AI46, $B$6:$AI$6, AR$6) -> 0 | AS46: =SUMIFS($B46:$AI46, $B$6:$AI$6, AS$6) -> 1 | AT46: =SUMIFS($B46:$AI46, $B$6:$AI$6, AT$6) -> 0 | AU46: =SUMIFS($B46:$AI46, $B$6:$AI$6, AU$6) -> 0 | AV46: =SUMIFS($B46:$AI46, $B$6:$AI$6, AV$6) -> 0 | AW46: =SUMIFS($B46:$AI46, $B$6:$AI$6, AW$6) -> 0
B47: {=INDEX($B$4:$AI$4, 1, AN47)} -> FQ2'29E | C47: =IF($AM47>C$5,0,IF($AM47=C$5,IFERROR($AJ47/$AK47*$AL47, 0),IF(IFERROR((SUM($B47:B47)+$AJ47/$AK47*(1-$AL47)),0)>=$AJ47, $AJ47-SUM($B47:B47), IFERROR($AJ47/$AK47, 0)))) -> 0 | D47: =IF($AM47>D$5,0,IF($AM47=D$5,IFERROR($AJ47/$AK47*$AL47, 0),IF(IFERROR((SUM($B47:C47)+$AJ47/$AK47*(1-$AL47)),0)>=$AJ47, $AJ47-SUM($B47:C47), IFERROR($AJ47/$AK47, 0)))) -> 0 | E47: =IF($AM47>E$5,0,IF($AM47=E$5,IFERROR($AJ47/$AK47*$AL47, 0),IF(IFERROR((SUM($B47:D47)+$AJ47/$AK47*(1-$AL47)),0)>=$AJ47, $AJ47-SUM($B47:D47), IFERROR($AJ47/$AK47, 0)))) -> 0 | F47: =IF($AM47>F$5,0,IF($AM47=F$5,IFERROR($AJ47/$AK47*$AL47, 0),IF(IFERROR((SUM($B47:E47)+$AJ47/$AK47*(1-$AL47)),0)>=$AJ47, $AJ47-SUM($B47:E47), IFERROR($AJ47/$AK47, 0)))) -> 0 | G47: =IF($AM47>G$5,0,IF($AM47=G$5,IFERROR($AJ47/$AK47*$AL47, 0),IF(IFERROR((SUM($B47:F47)+$AJ47/$AK47*(1-$AL47)),0)>=$AJ47, $AJ47-SUM($B47:F47), IFERROR($AJ47/$AK47, 0)))) -> 0 | H47: =IF($AM47>H$5,0,IF($AM47=H$5,IFERROR($AJ47/$AK47*$AL47, 0),IF(IFERROR((SUM($B47:G47)+$AJ47/$AK47*(1-$AL47)),0)>=$AJ47, $AJ47-SUM($B47:G47), IFERROR($AJ47/$AK47, 0)))) -> 0 | I47: =IF($AM47>I$5,0,IF($AM47=I$5,IFERROR($AJ47/$AK47*$AL47, 0),IF(IFERROR((SUM($B47:H47)+$AJ47/$AK47*(1-$AL47)),0)>=$AJ47, $AJ47-SUM($B47:H47), IFERROR($AJ47/$AK47, 0)))) -> 0 | J47: =IF($AM47>J$5,0,IF($AM47=J$5,IFERROR($AJ47/$AK47*$AL47, 0),IF(IFERROR((SUM($B47:I47)+$AJ47/$AK47*(1-$AL47)),0)>=$AJ47, $AJ47-SUM($B47:I47), IFERROR($AJ47/$AK47, 0)))) -> 0 | ... AH47: =IF($AM47>AH$5,0,IF($AM47=AH$5,IFERROR($AJ47/$AK47*$AL47, 0),IF(IFERROR((SUM($B47:AG47)+$AJ47/$AK47*(1-$AL47)),0)>=$AJ47, $AJ47-SUM($B47:AG47), IFERROR($AJ47/$AK47, 0)))) -> 0 | AJ47: {=INDEX(Calculations!$B$14:$AN$14, 1, AN47)} -> 1 | AK47: =INDEX(Drivers!$B$26:$AI$26, 1, MATCH($B47, Drivers!$B$4:$AI$4, 0)) -> 2 | AL47: =INDEX(Drivers!$B$27:$AI$27, 1, MATCH($B47, Drivers!$B$4:$AI$4, 0)) -> 0.5 | AM47: {=INDEX(Drivers!$B$12:$AI$12, 1, AN47)} -> 47299 | AN47: =AN46+1 -> 15 | AO47: =SUM(B47:AI47)-AJ47 -> 0 | AP47: =SUMIFS($B47:$AI47, $B$6:$AI$6, AP$6) -> 0 | AQ47: =SUMIFS($B47:$AI47, $B$6:$AI$6, AQ$6) -> 0 | AR47: =SUMIFS($B47:$AI47, $B$6:$AI$6, AR$6) -> 0 | AS47: =SUMIFS($B47:$AI47, $B$6:$AI$6, AS$6) -> 1 | AT47: =SUMIFS($B47:$AI47, $B$6:$AI$6, AT$6) -> 0 | AU47: =SUMIFS($B47:$AI47, $B$6:$AI$6, AU$6) -> 0 | AV47: =SUMIFS($B47:$AI47, $B$6:$AI$6, AV$6) -> 0 | AW47: =SUMIFS($B47:$AI47, $B$6:$AI$6, AW$6) -> 0
B48: {=INDEX($B$4:$AI$4, 1, AN48)} -> FQ3'29E | C48: =IF($AM48>C$5,0,IF($AM48=C$5,IFERROR($AJ48/$AK48*$AL48, 0),IF(IFERROR((SUM($B48:B48)+$AJ48/$AK48*(1-$AL48)),0)>=$AJ48, $AJ48-SUM($B48:B48), IFERROR($AJ48/$AK48, 0)))) -> 0 | D48: =IF($AM48>D$5,0,IF($AM48=D$5,IFERROR($AJ48/$AK48*$AL48, 0),IF(IFERROR((SUM($B48:C48)+$AJ48/$AK48*(1-$AL48)),0)>=$AJ48, $AJ48-SUM($B48:C48), IFERROR($AJ48/$AK48, 0)))) -> 0 | E48: =IF($AM48>E$5,0,IF($AM48=E$5,IFERROR($AJ48/$AK48*$AL48, 0),IF(IFERROR((SUM($B48:D48)+$AJ48/$AK48*(1-$AL48)),0)>=$AJ48, $AJ48-SUM($B48:D48), IFERROR($AJ48/$AK48, 0)))) -> 0 | F48: =IF($AM48>F$5,0,IF($AM48=F$5,IFERROR($AJ48/$AK48*$AL48, 0),IF(IFERROR((SUM($B48:E48)+$AJ48/$AK48*(1-$AL48)),0)>=$AJ48, $AJ48-SUM($B48:E48), IFERROR($AJ48/$AK48, 0)))) -> 0 | G48: =IF($AM48>G$5,0,IF($AM48=G$5,IFERROR($AJ48/$AK48*$AL48, 0),IF(IFERROR((SUM($B48:F48)+$AJ48/$AK48*(1-$AL48)),0)>=$AJ48, $AJ48-SUM($B48:F48), IFERROR($AJ48/$AK48, 0)))) -> 0 | H48: =IF($AM48>H$5,0,IF($AM48=H$5,IFERROR($AJ48/$AK48*$AL48, 0),IF(IFERROR((SUM($B48:G48)+$AJ48/$AK48*(1-$AL48)),0)>=$AJ48, $AJ48-SUM($B48:G48), IFERROR($AJ48/$AK48, 0)))) -> 0 | I48: =IF($AM48>I$5,0,IF($AM48=I$5,IFERROR($AJ48/$AK48*$AL48, 0),IF(IFERROR((SUM($B48:H48)+$AJ48/$AK48*(1-$AL48)),0)>=$AJ48, $AJ48-SUM($B48:H48), IFERROR($AJ48/$AK48, 0)))) -> 0 | J48: =IF($AM48>J$5,0,IF($AM48=J$5,IFERROR($AJ48/$AK48*$AL48, 0),IF(IFERROR((SUM($B48:I48)+$AJ48/$AK48*(1-$AL48)),0)>=$AJ48, $AJ48-SUM($B48:I48), IFERROR($AJ48/$AK48, 0)))) -> 0 | ... AH48: =IF($AM48>AH$5,0,IF($AM48=AH$5,IFERROR($AJ48/$AK48*$AL48, 0),IF(IFERROR((SUM($B48:AG48)+$AJ48/$AK48*(1-$AL48)),0)>=$AJ48, $AJ48-SUM($B48:AG48), IFERROR($AJ48/$AK48, 0)))) -> 0 | AJ48: {=INDEX(Calculations!$B$14:$AN$14, 1, AN48)} -> 1 | AK48: =INDEX(Drivers!$B$26:$AI$26, 1, MATCH($B48, Drivers!$B$4:$AI$4, 0)) -> 2 | AL48: =INDEX(Drivers!$B$27:$AI$27, 1, MATCH($B48, Drivers!$B$4:$AI$4, 0)) -> 0.5 | AM48: {=INDEX(Drivers!$B$12:$AI$12, 1, AN48)} -> 47391 | AN48: =AN47+1 -> 16 | AO48: =SUM(B48:AI48)-AJ48 -> 0 | AP48: =SUMIFS($B48:$AI48, $B$6:$AI$6, AP$6) -> 0 | AQ48: =SUMIFS($B48:$AI48, $B$6:$AI$6, AQ$6) -> 0 | AR48: =SUMIFS($B48:$AI48, $B$6:$AI$6, AR$6) -> 0 | AS48: =SUMIFS($B48:$AI48, $B$6:$AI$6, AS$6) -> 0.75 | AT48: =SUMIFS($B48:$AI48, $B$6:$AI$6, AT$6) -> 0.25 | AU48: =SUMIFS($B48:$AI48, $B$6:$AI$6, AU$6) -> 0 | AV48: =SUMIFS($B48:$AI48, $B$6:$AI$6, AV$6) -> 0 | AW48: =SUMIFS($B48:$AI48, $B$6:$AI$6, AW$6) -> 0
B49: {=INDEX($B$4:$AI$4, 1, AN49)} -> FQ4'29E | C49: =IF($AM49>C$5,0,IF($AM49=C$5,IFERROR($AJ49/$AK49*$AL49, 0),IF(IFERROR((SUM($B49:B49)+$AJ49/$AK49*(1-$AL49)),0)>=$AJ49, $AJ49-SUM($B49:B49), IFERROR($AJ49/$AK49, 0)))) -> 0 | D49: =IF($AM49>D$5,0,IF($AM49=D$5,IFERROR($AJ49/$AK49*$AL49, 0),IF(IFERROR((SUM($B49:C49)+$AJ49/$AK49*(1-$AL49)),0)>=$AJ49, $AJ49-SUM($B49:C49), IFERROR($AJ49/$AK49, 0)))) -> 0 | E49: =IF($AM49>E$5,0,IF($AM49=E$5,IFERROR($AJ49/$AK49*$AL49, 0),IF(IFERROR((SUM($B49:D49)+$AJ49/$AK49*(1-$AL49)),0)>=$AJ49, $AJ49-SUM($B49:D49), IFERROR($AJ49/$AK49, 0)))) -> 0 | F49: =IF($AM49>F$5,0,IF($AM49=F$5,IFERROR($AJ49/$AK49*$AL49, 0),IF(IFERROR((SUM($B49:E49)+$AJ49/$AK49*(1-$AL49)),0)>=$AJ49, $AJ49-SUM($B49:E49), IFERROR($AJ49/$AK49, 0)))) -> 0 | G49: =IF($AM49>G$5,0,IF($AM49=G$5,IFERROR($AJ49/$AK49*$AL49, 0),IF(IFERROR((SUM($B49:F49)+$AJ49/$AK49*(1-$AL49)),0)>=$AJ49, $AJ49-SUM($B49:F49), IFERROR($AJ49/$AK49, 0)))) -> 0 | H49: =IF($AM49>H$5,0,IF($AM49=H$5,IFERROR($AJ49/$AK49*$AL49, 0),IF(IFERROR((SUM($B49:G49)+$AJ49/$AK49*(1-$AL49)),0)>=$AJ49, $AJ49-SUM($B49:G49), IFERROR($AJ49/$AK49, 0)))) -> 0 | I49: =IF($AM49>I$5,0,IF($AM49=I$5,IFERROR($AJ49/$AK49*$AL49, 0),IF(IFERROR((SUM($B49:H49)+$AJ49/$AK49*(1-$AL49)),0)>=$AJ49, $AJ49-SUM($B49:H49), IFERROR($AJ49/$AK49, 0)))) -> 0 | J49: =IF($AM49>J$5,0,IF($AM49=J$5,IFERROR($AJ49/$AK49*$AL49, 0),IF(IFERROR((SUM($B49:I49)+$AJ49/$AK49*(1-$AL49)),0)>=$AJ49, $AJ49-SUM($B49:I49), IFERROR($AJ49/$AK49, 0)))) -> 0 | ... AH49: =IF($AM49>AH$5,0,IF($AM49=AH$5,IFERROR($AJ49/$AK49*$AL49, 0),IF(IFERROR((SUM($B49:AG49)+$AJ49/$AK49*(1-$AL49)),0)>=$AJ49, $AJ49-SUM($B49:AG49), IFERROR($AJ49/$AK49, 0)))) -> 0 | AJ49: {=INDEX(Calculations!$B$14:$AN$14, 1, AN49)} -> 1 | AK49: =INDEX(Drivers!$B$26:$AI$26, 1, MATCH($B49, Drivers!$B$4:$AI$4, 0)) -> 2 | AL49: =INDEX(Drivers!$B$27:$AI$27, 1, MATCH($B49, Drivers!$B$4:$AI$4, 0)) -> 0.5 | AM49: {=INDEX(Drivers!$B$12:$AI$12, 1, AN49)} -> 47483 | AN49: =AN48+1 -> 17 | AO49: =SUM(B49:AI49)-AJ49 -> 0 | AP49: =SUMIFS($B49:$AI49, $B$6:$AI$6, AP$6) -> 0 | AQ49: =SUMIFS($B49:$AI49, $B$6:$AI$6, AQ$6) -> 0 | AR49: =SUMIFS($B49:$AI49, $B$6:$AI$6, AR$6) -> 0 | AS49: =SUMIFS($B49:$AI49, $B$6:$AI$6, AS$6) -> 0.25 | AT49: =SUMIFS($B49:$AI49, $B$6:$AI$6, AT$6) -> 0.75 | AU49: =SUMIFS($B49:$AI49, $B$6:$AI$6, AU$6) -> 0 | AV49: =SUMIFS($B49:$AI49, $B$6:$AI$6, AV$6) -> 0 | AW49: =SUMIFS($B49:$AI49, $B$6:$AI$6, AW$6) -> 0
... B65: {=INDEX($B$4:$AI$4, 1, AN65)} -> FQ4'33E | C65: =IF($AM65>C$5,0,IF($AM65=C$5,IFERROR($AJ65/$AK65*$AL65, 0),IF(IFERROR((SUM($B65:B65)+$AJ65/$AK65*(1-$AL65)),0)>=$AJ65, $AJ65-SUM($B65:B65), IFERROR($AJ65/$AK65, 0)))) -> 0 | D65: =IF($AM65>D$5,0,IF($AM65=D$5,IFERROR($AJ65/$AK65*$AL65, 0),IF(IFERROR((SUM($B65:C65)+$AJ65/$AK65*(1-$AL65)),0)>=$AJ65, $AJ65-SUM($B65:C65), IFERROR($AJ65/$AK65, 0)))) -> 0 | E65: =IF($AM65>E$5,0,IF($AM65=E$5,IFERROR($AJ65/$AK65*$AL65, 0),IF(IFERROR((SUM($B65:D65)+$AJ65/$AK65*(1-$AL65)),0)>=$AJ65, $AJ65-SUM($B65:D65), IFERROR($AJ65/$AK65, 0)))) -> 0 | F65: =IF($AM65>F$5,0,IF($AM65=F$5,IFERROR($AJ65/$AK65*$AL65, 0),IF(IFERROR((SUM($B65:E65)+$AJ65/$AK65*(1-$AL65)),0)>=$AJ65, $AJ65-SUM($B65:E65), IFERROR($AJ65/$AK65, 0)))) -> 0 | G65: =IF($AM65>G$5,0,IF($AM65=G$5,IFERROR($AJ65/$AK65*$AL65, 0),IF(IFERROR((SUM($B65:F65)+$AJ65/$AK65*(1-$AL65)),0)>=$AJ65, $AJ65-SUM($B65:F65), IFERROR($AJ65/$AK65, 0)))) -> 0 | H65: =IF($AM65>H$5,0,IF($AM65=H$5,IFERROR($AJ65/$AK65*$AL65, 0),IF(IFERROR((SUM($B65:G65)+$AJ65/$AK65*(1-$AL65)),0)>=$AJ65, $AJ65-SUM($B65:G65), IFERROR($AJ65/$AK65, 0)))) -> 0 | I65: =IF($AM65>I$5,0,IF($AM65=I$5,IFERROR($AJ65/$AK65*$AL65, 0),IF(IFERROR((SUM($B65:H65)+$AJ65/$AK65*(1-$AL65)),0)>=$AJ65, $AJ65-SUM($B65:H65), IFERROR($AJ65/$AK65, 0)))) -> 0 | J65: =IF($AM65>J$5,0,IF($AM65=J$5,IFERROR($AJ65/$AK65*$AL65, 0),IF(IFERROR((SUM($B65:I65)+$AJ65/$AK65*(1-$AL65)),0)>=$AJ65, $AJ65-SUM($B65:I65), IFERROR($AJ65/$AK65, 0)))) -> 0 | ... AH65: =IF($AM65>AH$5,0,IF($AM65=AH$5,IFERROR($AJ65/$AK65*$AL65, 0),IF(IFERROR((SUM($B65:AG65)+$AJ65/$AK65*(1-$AL65)),0)>=$AJ65, $AJ65-SUM($B65:AG65), IFERROR($AJ65/$AK65, 0)))) -> 0 | AJ65: {=INDEX(Calculations!$B$14:$AN$14, 1, AN65)} -> 0 | AK65: =INDEX(Drivers!$B$26:$AI$26, 1, MATCH($B65, Drivers!$B$4:$AI$4, 0)) -> 0 | AL65: =INDEX(Drivers!$B$27:$AI$27, 1, MATCH($B65, Drivers!$B$4:$AI$4, 0)) -> 0 | AM65: {=INDEX(Drivers!$B$12:$AI$12, 1, AN65)} -> 48944 | AN65: =AN64+1 -> 33 | AO65: =SUM(B65:AI65)-AJ65 -> 0 | AP65: =SUMIFS($B65:$AI65, $B$6:$AI$6, AP$6) -> 0 | AQ65: =SUMIFS($B65:$AI65, $B$6:$AI$6, AQ$6) -> 0 | AR65: =SUMIFS($B65:$AI65, $B$6:$AI$6, AR$6) -> 0 | AS65: =SUMIFS($B65:$AI65, $B$6:$AI$6, AS$6) -> 0 | AT65: =SUMIFS($B65:$AI65, $B$6:$AI$6, AT$6) -> 0 | AU65: =SUMIFS($B65:$AI65, $B$6:$AI$6, AU$6) -> 0 | AV65: =SUMIFS($B65:$AI65, $B$6:$AI$6, AV$6) -> 0 | AW65: =SUMIFS($B65:$AI65, $B$6:$AI$6, AW$6) -> 0
B67: Total new ramped reps | C67: =SUM(C33:C66) -> 6.25 | D67: =SUM(D33:D66) -> 13 | E67: =SUM(E33:E66) -> 7.75 | F67: =SUM(F33:F66) -> 2 | G67: =SUM(G33:G66) -> 2 | H67: =SUM(H33:H66) -> 2 | I67: =SUM(I33:I66) -> 2 | J67: =SUM(J33:J66) -> 2 | ... AH67: =SUM(AH33:AH66) -> 0 | AP67: =SUM(AP33:AP66) -> 29 | AQ67: =SUM(AQ33:AQ66) -> 8 | AR67: =SUM(AR33:AR66) -> 8 | AS67: =SUM(AS33:AS66) -> 5 | AT67: =SUM(AT33:AT66) -> 4 | AU67: =SUM(AU33:AU66) -> 1 | AV67: =SUM(AV33:AV66) -> 0 | AW67: =SUM(AW33:AW66) -> 0
A70: x | B70: Sales Funnel
B72: Sales funnel
B73: Avg # of ramped reps | C73: =C28 -> 3.125 | D73: =D28 -> 12.25 | E73: =E28 -> 21.625 | F73: =F28 -> 25.5 | G73: =G28 -> 26.5 | H73: =H28 -> 27.5 | I73: =I28 -> 28.5 | J73: =J28 -> 29.5 | ... AH73: =AH28 -> 36 | AP73: =AP28 -> 13 | AQ73: =AQ28 -> 28 | AR73: =AR28 -> 32 | AS73: =AS28 -> 34.5 | AT73: =AT28 -> 35 | AU73: =AU28 -> 35.5 | AV73: =AV28 -> 36 | AW73: =AW28 -> 36
B74: Leads per ramped rep per month | C74: =Drivers!C30 -> 20 | D74: =Drivers!D30 -> 20 | E74: =Drivers!E30 -> 20 | F74: =Drivers!F30 -> 20 | G74: =Drivers!G30 -> 20 | H74: =Drivers!H30 -> 20 | I74: =Drivers!I30 -> 20 | J74: =Drivers!J30 -> 20 | ... AH74: =Drivers!AH30 -> 0 | AP74: =IFERROR(AP75/AP73, 0) -> 288.53846 | AQ74: =IFERROR(AQ75/AQ73, 0) -> 240 | AR74: =IFERROR(AR75/AR73, 0) -> 240 | AS74: =IFERROR(AS75/AS73, 0) -> 242.2029 | AT74: =IFERROR(AT75/AT73, 0) -> 240 | AU74: =IFERROR(AU75/AU73, 0) -> 0 | AV74: =IFERROR(AV75/AV73, 0) -> 0 | AW74: =IFERROR(AW75/AW73, 0) -> 0
B75: # of leads (rounded) | C75: =ROUND(C73*C74*3, 0) -> 188 | D75: =ROUND(D73*D74*3, 0) -> 735 | E75: =ROUND(E73*E74*3, 0) -> 1298 | F75: =ROUND(F73*F74*3, 0) -> 1530 | G75: =ROUND(G73*G74*3, 0) -> 1590 | H75: =ROUND(H73*H74*3, 0) -> 1650 | I75: =ROUND(I73*I74*3, 0) -> 1710 | J75: =ROUND(J73*J74*3, 0) -> 1770 | ... AH75: =ROUND(AH73*AH74*3, 0) -> 0 | AP75: =SUMIFS($B75:$AI75, $B$6:$AI$6, AP$6) -> 3751 | AQ75: =SUMIFS($B75:$AI75, $B$6:$AI$6, AQ$6) -> 6720 | AR75: =SUMIFS($B75:$AI75, $B$6:$AI$6, AR$6) -> 7680 | AS75: =SUMIFS($B75:$AI75, $B$6:$AI$6, AS$6) -> 8356 | AT75: =SUMIFS($B75:$AI75, $B$6:$AI$6, AT$6) -> 8400 | AU75: =SUMIFS($B75:$AI75, $B$6:$AI$6, AU$6) -> 0 | AV75: =SUMIFS($B75:$AI75, $B$6:$AI$6, AV$6) -> 0 | AW75: =SUMIFS($B75:$AI75, $B$6:$AI$6, AW$6) -> 0
B76: Lead to SQL rate | C76: =Drivers!C31 -> 0.2 | D76: =Drivers!D31 -> 0.2 | E76: =Drivers!E31 -> 0.2 | F76: =Drivers!F31 -> 0.2 | G76: =Drivers!G31 -> 0.2 | H76: =Drivers!H31 -> 0.2 | I76: =Drivers!I31 -> 0.2 | J76: =Drivers!J31 -> 0.2 | ... AH76: =Drivers!AH31 -> 0 | AP76: =IFERROR(AP77/AP75, 0) -> 0.20021328 | AQ76: =IFERROR(AQ77/AQ75, 0) -> 0.2 | AR76: =IFERROR(AR77/AR75, 0) -> 0.2 | AS76: =IFERROR(AS77/AS75, 0) -> 0.20009574 | AT76: =IFERROR(AT77/AT75, 0) -> 0.2 | AU76: =IFERROR(AU77/AU75, 0) -> 0 | AV76: =IFERROR(AV77/AV75, 0) -> 0 | AW76: =IFERROR(AW77/AW75, 0) -> 0
B77: # of SQLs (rounded) | C77: =ROUND(C75*C76, 0) -> 38 | D77: =ROUND(D75*D76, 0) -> 147 | E77: =ROUND(E75*E76, 0) -> 260 | F77: =ROUND(F75*F76, 0) -> 306 | G77: =ROUND(G75*G76, 0) -> 318 | H77: =ROUND(H75*H76, 0) -> 330 | I77: =ROUND(I75*I76, 0) -> 342 | J77: =ROUND(J75*J76, 0) -> 354 | ... AH77: =ROUND(AH75*AH76, 0) -> 0 | AP77: =SUMIFS($B77:$AI77, $B$6:$AI$6, AP$6) -> 751 | AQ77: =SUMIFS($B77:$AI77, $B$6:$AI$6, AQ$6) -> 1344 | AR77: =SUMIFS($B77:$AI77, $B$6:$AI$6, AR$6) -> 1536 | AS77: =SUMIFS($B77:$AI77, $B$6:$AI$6, AS$6) -> 1672 | AT77: =SUMIFS($B77:$AI77, $B$6:$AI$6, AT$6) -> 1680 | AU77: =SUMIFS($B77:$AI77, $B$6:$AI$6, AU$6) -> 0 | AV77: =SUMIFS($B77:$AI77, $B$6:$AI$6, AV$6) -> 0 | AW77: =SUMIFS($B77:$AI77, $B$6:$AI$6, AW$6) -> 0
B78: SQL to opportunity rate | C78: =Drivers!C32 -> 0.4 | D78: =Drivers!D32 -> 0.4 | E78: =Drivers!E32 -> 0.4 | F78: =Drivers!F32 -> 0.4 | G78: =Drivers!G32 -> 0.4 | H78: =Drivers!H32 -> 0.4 | I78: =Drivers!I32 -> 0.4 | J78: =Drivers!J32 -> 0.4 | ... AH78: =Drivers!AH32 -> 0 | AP78: =IFERROR(AP79/AP77, 0) -> 0.39946738 | AQ78: =IFERROR(AQ79/AQ77, 0) -> 0.40029762 | AR78: =IFERROR(AR79/AR77, 0) -> 0.39973958 | AS78: =IFERROR(AS79/AS77, 0) -> 0.40011962 | AT78: =IFERROR(AT79/AT77, 0) -> 0.4 | AU78: =IFERROR(AU79/AU77, 0) -> 0 | AV78: =IFERROR(AV79/AV77, 0) -> 0 | AW78: =IFERROR(AW79/AW77, 0) -> 0
B79: # of opportunities (rounded) | C79: =ROUND(C77*C78, 0) -> 15 | D79: =ROUND(D77*D78, 0) -> 59 | E79: =ROUND(E77*E78, 0) -> 104 | F79: =ROUND(F77*F78, 0) -> 122 | G79: =ROUND(G77*G78, 0) -> 127 | H79: =ROUND(H77*H78, 0) -> 132 | I79: =ROUND(I77*I78, 0) -> 137 | J79: =ROUND(J77*J78, 0) -> 142 | ... AH79: =ROUND(AH77*AH78, 0) -> 0 | AP79: =SUMIFS($B79:$AI79, $B$6:$AI$6, AP$6) -> 300 | AQ79: =SUMIFS($B79:$AI79, $B$6:$AI$6, AQ$6) -> 538 | AR79: =SUMIFS($B79:$AI79, $B$6:$AI$6, AR$6) -> 614 | AS79: =SUMIFS($B79:$AI79, $B$6:$AI$6, AS$6) -> 669 | AT79: =SUMIFS($B79:$AI79, $B$6:$AI$6, AT$6) -> 672 | AU79: =SUMIFS($B79:$AI79, $B$6:$AI$6, AU$6) -> 0 | AV79: =SUMIFS($B79:$AI79, $B$6:$AI$6, AV$6) -> 0 | AW79: =SUMIFS($B79:$AI79, $B$6:$AI$6, AW$6) -> 0
B80: Opportunity to new customer rate | C80: =Drivers!C33 -> 0.4 | D80: =Drivers!D33 -> 0.4 | E80: =Drivers!E33 -> 0.4 | F80: =Drivers!F33 -> 0.4 | G80: =Drivers!G33 -> 0.4 | H80: =Drivers!H33 -> 0.4 | I80: =Drivers!I33 -> 0.4 | J80: =Drivers!J33 -> 0.4 | ... AH80: =Drivers!AH33 -> 0 | AP80: =IFERROR(AP81/AP79, 0) -> 0.40333333 | AQ80: =IFERROR(AQ81/AQ79, 0) -> 0.40148699 | AR80: =IFERROR(AR81/AR79, 0) -> 0.39739414 | AS80: =IFERROR(AS81/AS79, 0) -> 0.39910314 | AT80: =IFERROR(AT81/AT79, 0) -> 0.39880952 | AU80: =IFERROR(AU81/AU79, 0) -> 0 | AV80: =IFERROR(AV81/AV79, 0) -> 0 | AW80: =IFERROR(AW81/AW79, 0) -> 0
B81: # of new logo wins (rounded) | C81: =ROUND(C79*C80, 0) -> 6 | D81: =ROUND(D79*D80, 0) -> 24 | E81: =ROUND(E79*E80, 0) -> 42 | F81: =ROUND(F79*F80, 0) -> 49 | G81: =ROUND(G79*G80, 0) -> 51 | H81: =ROUND(H79*H80, 0) -> 53 | I81: =ROUND(I79*I80, 0) -> 55 | J81: =ROUND(J79*J80, 0) -> 57 | ... AH81: =ROUND(AH79*AH80, 0) -> 0 | AP81: =SUMIFS($B81:$AI81, $B$6:$AI$6, AP$6) -> 121 | AQ81: =SUMIFS($B81:$AI81, $B$6:$AI$6, AQ$6) -> 216 | AR81: =SUMIFS($B81:$AI81, $B$6:$AI$6, AR$6) -> 244 | AS81: =SUMIFS($B81:$AI81, $B$6:$AI$6, AS$6) -> 267 | AT81: =SUMIFS($B81:$AI81, $B$6:$AI$6, AT$6) -> 268 | AU81: =SUMIFS($B81:$AI81, $B$6:$AI$6, AU$6) -> 0 | AV81: =SUMIFS($B81:$AI81, $B$6:$AI$6, AV$6) -> 0 | AW81: =SUMIFS($B81:$AI81, $B$6:$AI$6, AW$6) -> 0
B82: Avg new logo ACV per customer | C82: =Drivers!C38 -> 30 | D82: =Drivers!D38 -> 30 | E82: =Drivers!E38 -> 30 | F82: =Drivers!F38 -> 30 | G82: =Drivers!G38 -> 30.6 | H82: =Drivers!H38 -> 30.6 | I82: =Drivers!I38 -> 30.6 | J82: =Drivers!J38 -> 30.6 | ... AH82: =Drivers!AH38 -> 0 | AP82: =IFERROR(AP83/AP81, 0) -> 30 | AQ82: =IFERROR(AQ83/AQ81, 0) -> 30.6 | AR82: =IFERROR(AR83/AR81, 0) -> 31.212 | AS82: =IFERROR(AS83/AS81, 0) -> 31.83624 | AT82: =IFERROR(AT83/AT81, 0) -> 32.472965 | AU82: =IFERROR(AU83/AU81, 0) -> 0 | AV82: =IFERROR(AV83/AV81, 0) -> 0 | AW82: =IFERROR(AW83/AW81, 0) -> 0
B83: Total new logo ACV | C83: =C81*C82 -> 180 | D83: =D81*D82 -> 720 | E83: =E81*E82 -> 1260 | F83: =F81*F82 -> 1470 | G83: =G81*G82 -> 1560.6 | H83: =H81*H82 -> 1621.8 | I83: =I81*I82 -> 1683 | J83: =J81*J82 -> 1744.2 | ... AH83: =AH81*AH82 -> 0 | AP83: =SUMIFS($B83:$AI83, $B$6:$AI$6, AP$6) -> 3630 | AQ83: =SUMIFS($B83:$AI83, $B$6:$AI$6, AQ$6) -> 6609.6 | AR83: =SUMIFS($B83:$AI83, $B$6:$AI$6, AR$6) -> 7615.728 | AS83: =SUMIFS($B83:$AI83, $B$6:$AI$6, AS$6) -> 8500.2761 | AT83: =SUMIFS($B83:$AI83, $B$6:$AI$6, AT$6) -> 8702.7546 | AU83: =SUMIFS($B83:$AI83, $B$6:$AI$6, AU$6) -> 0 | AV83: =SUMIFS($B83:$AI83, $B$6:$AI$6, AV$6) -> 0 | AW83: =SUMIFS($B83:$AI83, $B$6:$AI$6, AW$6) -> 0
B84: Win rate | C84: =Drivers!C34 -> 0.032 | D84: =Drivers!D34 -> 0.032 | E84: =Drivers!E34 -> 0.032 | F84: =Drivers!F34 -> 0.032 | G84: =Drivers!G34 -> 0.032 | H84: =Drivers!H34 -> 0.032 | I84: =Drivers!I34 -> 0.032 | J84: =Drivers!J34 -> 0.032 | ... AH84: =Drivers!AH34 -> 0 | AP84: =IFERROR(AP83/AP85, 0) -> 0.032 | AQ84: =IFERROR(AQ83/AQ85, 0) -> 0.032 | AR84: =IFERROR(AR83/AR85, 0) -> 0.032 | AS84: =IFERROR(AS83/AS85, 0) -> 0.032 | AT84: =IFERROR(AT83/AT85, 0) -> 0.032 | AU84: =IFERROR(AU83/AU85, 0) -> 0 | AV84: =IFERROR(AV83/AV85, 0) -> 0 | AW84: =IFERROR(AW83/AW85, 0) -> 0
B85: Pipeline required | C85: =IFERROR(C83/C84, 0) -> 5625 | D85: =IFERROR(D83/D84, 0) -> 22500 | E85: =IFERROR(E83/E84, 0) -> 39375 | F85: =IFERROR(F83/F84, 0) -> 45937.5 | G85: =IFERROR(G83/G84, 0) -> 48768.75 | H85: =IFERROR(H83/H84, 0) -> 50681.25 | I85: =IFERROR(I83/I84, 0) -> 52593.75 | J85: =IFERROR(J83/J84, 0) -> 54506.25 | ... AH85: =IFERROR(AH83/AH84, 0) -> 0 | AP85: =SUMIFS($B85:$AI85, $B$6:$AI$6, AP$6) -> 113437.5 | AQ85: =SUMIFS($B85:$AI85, $B$6:$AI$6, AQ$6) -> 206550 | AR85: =SUMIFS($B85:$AI85, $B$6:$AI$6, AR$6) -> 237991.5 | AS85: =SUMIFS($B85:$AI85, $B$6:$AI$6, AS$6) -> 265633.63 | AT85: =SUMIFS($B85:$AI85, $B$6:$AI$6, AT$6) -> 271961.08 | AU85: =SUMIFS($B85:$AI85, $B$6:$AI$6, AU$6) -> 0 | AV85: =SUMIFS($B85:$AI85, $B$6:$AI$6, AV$6) -> 0 | AW85: =SUMIFS($B85:$AI85, $B$6:$AI$6, AW$6) -> 0
B86: Pipeline coverage ratio | C86: =Drivers!C35 -> 3.5 | D86: =Drivers!D35 -> 3.5 | E86: =Drivers!E35 -> 3.5 | F86: =Drivers!F35 -> 3.5 | G86: =Drivers!G35 -> 3.5 | H86: =Drivers!H35 -> 3.5 | I86: =Drivers!I35 -> 3.5 | J86: =Drivers!J35 -> 3.5 | ... AH86: =Drivers!AH35 -> 0 | AP86: =IFERROR(AP85/AP87, 0) -> 3.5 | AQ86: =IFERROR(AQ85/AQ87, 0) -> 3.5 | AR86: =IFERROR(AR85/AR87, 0) -> 3.5 | AS86: =IFERROR(AS85/AS87, 0) -> 3.5 | AT86: =IFERROR(AT85/AT87, 0) -> 3.5 | AU86: =IFERROR(AU85/AU87, 0) -> 0 | AV86: =IFERROR(AV85/AV87, 0) -> 0 | AW86: =IFERROR(AW85/AW87, 0) -> 0
B87: Total quota required | C87: =IFERROR(C85/C86, 0) -> 1607.1429 | D87: =IFERROR(D85/D86, 0) -> 6428.5714 | E87: =IFERROR(E85/E86, 0) -> 11250 | F87: =IFERROR(F85/F86, 0) -> 13125 | G87: =IFERROR(G85/G86, 0) -> 13933.929 | H87: =IFERROR(H85/H86, 0) -> 14480.357 | I87: =IFERROR(I85/I86, 0) -> 15026.786 | J87: =IFERROR(J85/J86, 0) -> 15573.214 | ... AH87: =IFERROR(AH85/AH86, 0) -> 0 | AP87: =SUMIFS($B87:$AI87, $B$6:$AI$6, AP$6) -> 32410.714 | AQ87: =SUMIFS($B87:$AI87, $B$6:$AI$6, AQ$6) -> 59014.286 | AR87: =SUMIFS($B87:$AI87, $B$6:$AI$6, AR$6) -> 67997.571 | AS87: =SUMIFS($B87:$AI87, $B$6:$AI$6, AS$6) -> 75895.322 | AT87: =SUMIFS($B87:$AI87, $B$6:$AI$6, AT$6) -> 77703.166 | AU87: =SUMIFS($B87:$AI87, $B$6:$AI$6, AU$6) -> 0 | AV87: =SUMIFS($B87:$AI87, $B$6:$AI$6, AV$6) -> 0 | AW87: =SUMIFS($B87:$AI87, $B$6:$AI$6, AW$6) -> 0
B88: Quota per rep required | C88: =C87/C73 -> 514.28571 | D88: =D87/D73 -> 524.78134 | E88: =E87/E73 -> 520.23121 | F88: =F87/F73 -> 514.70588 | G88: =G87/G73 -> 525.80863 | H88: =H87/H73 -> 526.55844 | I88: =I87/I73 -> 527.25564 | J88: =J87/J73 -> 527.90557 | ... AH88: =AH87/AH73 -> 0 | AP88: =AP87/AP73 -> 2493.1319 | AQ88: =AQ87/AQ73 -> 2107.6531 | AR88: =AR87/AR73 -> 2124.9241 | AS88: =AS87/AS73 -> 2199.8644 | AT88: =AT87/AT73 -> 2220.0905 | AU88: =AU87/AU73 -> 0 | AV88: =AV87/AV73 -> 0 | AW88: =AW87/AW73 -> 0
B90: # of customers
B91: Beginning of quarter | C91: 0 | D91: =C94 -> 6 | E91: =D94 -> 30 | F91: =E94 -> 72 | G91: =F94 -> 121 | H91: =G94 -> 172 | I91: =H94 -> 223 | J91: =I94 -> 274 | K91: =J94 -> 325 | ... AH91: =AG94 -> 837 | AP91: =C91 -> 0 | AQ91: =AP94 -> 121 | AR91: =AQ94 -> 325 | AS91: =AR94 -> 519 | AT91: =AS94 -> 696 | AU91: =AT94 -> 837 | AV91: =AU94 -> 837 | AW91: =AV94 -> 837
B92: Churned (rounded) | G92: =ROUND(C94*G99, 0) -> 0 | H92: =ROUND(D94*H99, 0) -> -2 | I92: =ROUND(E94*I99, 0) -> -4 | J92: =ROUND(F94*J99, 0) -> -6 | K92: =ROUND(G94*K99, 0) -> -9 | L92: =ROUND(H94*L99, 0) -> -11 | M92: =ROUND(I94*M99, 0) -> -14 | N92: =ROUND(J94*N99, 0) -> -16 | ... AH92: =ROUND(AD94*AH99, 0) -> 0 | AP92: =SUMIFS($B92:$AI92, $B$6:$AI$6, AP$6) -> 0 | AQ92: =SUMIFS($B92:$AI92, $B$6:$AI$6, AQ$6) -> -12 | AR92: =SUMIFS($B92:$AI92, $B$6:$AI$6, AR$6) -> -50 | AS92: =SUMIFS($B92:$AI92, $B$6:$AI$6, AS$6) -> -90 | AT92: =SUMIFS($B92:$AI92, $B$6:$AI$6, AT$6) -> -127 | AU92: =SUMIFS($B92:$AI92, $B$6:$AI$6, AU$6) -> 0 | AV92: =SUMIFS($B92:$AI92, $B$6:$AI$6, AV$6) -> 0 | AW92: =SUMIFS($B92:$AI92, $B$6:$AI$6, AW$6) -> 0
B93: New logo wins | C93: =C81 -> 6 | D93: =D81 -> 24 | E93: =E81 -> 42 | F93: =F81 -> 49 | G93: =G81 -> 51 | H93: =H81 -> 53 | I93: =I81 -> 55 | J93: =J81 -> 57 | ... AH93: =AH81 -> 0 | AP93: =SUMIFS($B93:$AI93, $B$6:$AI$6, AP$6) -> 121 | AQ93: =SUMIFS($B93:$AI93, $B$6:$AI$6, AQ$6) -> 216 | AR93: =SUMIFS($B93:$AI93, $B$6:$AI$6, AR$6) -> 244 | AS93: =SUMIFS($B93:$AI93, $B$6:$AI$6, AS$6) -> 267 | AT93: =SUMIFS($B93:$AI93, $B$6:$AI$6, AT$6) -> 268 | AU93: =SUMIFS($B93:$AI93, $B$6:$AI$6, AU$6) -> 0 | AV93: =SUMIFS($B93:$AI93, $B$6:$AI$6, AV$6) -> 0 | AW93: =SUMIFS($B93:$AI93, $B$6:$AI$6, AW$6) -> 0
B94: End of quarter | C94: =SUM(C91:C93) -> 6 | D94: =SUM(D91:D93) -> 30 | E94: =SUM(E91:E93) -> 72 | F94: =SUM(F91:F93) -> 121 | G94: =SUM(G91:G93) -> 172 | H94: =SUM(H91:H93) -> 223 | I94: =SUM(I91:I93) -> 274 | J94: =SUM(J91:J93) -> 325 | ... AH94: =SUM(AH91:AH93) -> 837 | AP94: =SUM(AP91:AP93) -> 121 | AQ94: =SUM(AQ91:AQ93) -> 325 | AR94: =SUM(AR91:AR93) -> 519 | AS94: =SUM(AS91:AS93) -> 696 | AT94: =SUM(AT91:AT93) -> 837 | AU94: =SUM(AU91:AU93) -> 837 | AV94: =SUM(AV91:AV93) -> 837 | AW94: =SUM(AW91:AW93) -> 837
B95: Avg during quarter | C95: =AVERAGE(C91, C94) -> 3 | D95: =AVERAGE(D91, D94) -> 18 | E95: =AVERAGE(E91, E94) -> 51 | F95: =AVERAGE(F91, F94) -> 96.5 | G95: =AVERAGE(G91, G94) -> 146.5 | H95: =AVERAGE(H91, H94) -> 197.5 | I95: =AVERAGE(I91, I94) -> 248.5 | J95: =AVERAGE(J91, J94) -> 299.5 | ... AH95: =AVERAGE(AH91, AH94) -> 837 | AP95: =AVERAGE(AP91, AP94) -> 60.5 | AQ95: =AVERAGE(AQ91, AQ94) -> 223 | AR95: =AVERAGE(AR91, AR94) -> 422 | AS95: =AVERAGE(AS91, AS94) -> 607.5 | AT95: =AVERAGE(AT91, AT94) -> 766.5 | AU95: =AVERAGE(AU91, AU94) -> 837 | AV95: =AVERAGE(AV91, AV94) -> 837 | AW95: =AVERAGE(AW91, AW94) -> 837
B96: Y/Y % | G96: =IFERROR(G95/C95-1, 0) -> 47.833333 | H96: =IFERROR(H95/D95-1, 0) -> 9.9722222 | I96: =IFERROR(I95/E95-1, 0) -> 3.872549 | J96: =IFERROR(J95/F95-1, 0) -> 2.1036269 | K96: =IFERROR(K95/G95-1, 0) -> 1.3856655 | L96: =IFERROR(L95/H95-1, 0) -> 1.0177215 | M96: =IFERROR(M95/I95-1, 0) -> 0.79879276 | N96: =IFERROR(N95/J95-1, 0) -> 0.65275459 | ... AH96: =IFERROR(AH95/AD95-1, 0) -> 0 | AQ96: =IFERROR(AQ95/AP95-1, 0) -> 2.6859504 | AR96: =IFERROR(AR95/AQ95-1, 0) -> 0.89237668 | AS96: =IFERROR(AS95/AR95-1, 0) -> 0.43957346 | AT96: =IFERROR(AT95/AS95-1, 0) -> 0.2617284 | AU96: =IFERROR(AU95/AT95-1, 0) -> 0.091976517 | AV96: =IFERROR(AV95/AU95-1, 0) -> 0 | AW96: =IFERROR(AW95/AV95-1, 0) -> 0
B97: Q/Q % | D97: =IFERROR(D95/C95-1, 0) -> 5 | E97: =IFERROR(E95/D95-1, 0) -> 1.8333333 | F97: =IFERROR(F95/E95-1, 0) -> 0.89215686 | G97: =IFERROR(G95/F95-1, 0) -> 0.51813472 | H97: =IFERROR(H95/G95-1, 0) -> 0.34812287 | I97: =IFERROR(I95/H95-1, 0) -> 0.25822785 | J97: =IFERROR(J95/I95-1, 0) -> 0.20523139 | K97: =IFERROR(K95/J95-1, 0) -> 0.16694491 | ... AH97: =IFERROR(AH95/AG95-1, 0) -> 0
B99: =Drivers!B46 -> Churn rate on renewal | G99: =Drivers!G46 -> -0.05 | H99: =Drivers!H46 -> -0.05 | I99: =Drivers!I46 -> -0.05 | J99: =Drivers!J46 -> -0.05 | K99: =Drivers!K46 -> -0.05 | L99: =Drivers!L46 -> -0.05 | M99: =Drivers!M46 -> -0.05 | N99: =Drivers!N46 -> -0.05 | ... AH99: =Drivers!AH46 -> 0 | AP99: =AP198 -> 0 | AQ99: =AQ198 -> -0.05 | AR99: =AR198 -> -0.05 | AS99: =AS198 -> -0.05 | AT99: =AT198 -> -0.05 | AU99: =AU198 -> 0 | AV99: =AV198 -> 0 | AW99: =AW198 -> 0
B100: Q/Q % | G100: =G92/G91 -> 0 | H100: =H92/H91 -> -0.011627907 | I100: =I92/I91 -> -0.01793722 | J100: =J92/J91 -> -0.02189781 | K100: =K92/K91 -> -0.027692308 | L100: =L92/L91 -> -0.029411765 | M100: =M92/M91 -> -0.033096927 | N100: =N92/N91 -> -0.033970276 | ... AH100: =AH92/AH91 -> 0
A103: x | B103: ACV
B105: ACV
B106: New logo | C106: =C83 -> 180 | D106: =D83 -> 720 | E106: =E83 -> 1260 | F106: =F83 -> 1470 | G106: =G83 -> 1560.6 | H106: =H83 -> 1621.8 | I106: =I83 -> 1683 | J106: =J83 -> 1744.2 | ... AH106: =AH83 -> 0 | AP106: =AP83 -> 3630 | AQ106: =AQ83 -> 6609.6 | AR106: =AR83 -> 7615.728 | AS106: =AS83 -> 8500.2761 | AT106: =AT83 -> 8702.7546 | AU106: =AU83 -> 0 | AV106: =AV83 -> 0 | AW106: =AW83 -> 0
B107: Renewal | G107: =G133 -> 180 | H107: =H133 -> 720 | I107: =I133 -> 1260 | J107: =J133 -> 1470 | K107: =K133 -> 1749.6 | L107: =L133 -> 2377.8 | M107: =M133 -> 3006 | N107: =N133 -> 3287.7 | ... V107: =V133 -> 8144.8217 | AP107: =AP133 -> 0 | AQ107: =AQ133 -> 3630 | AR107: =AR133 -> 10421.1 | AS107: =AS133 -> 18766.305 | AT107: =AT133 -> 28955.549
B108: Expansion | G108: =G144 -> 27 | H108: =H144 -> 108 | I108: =I144 -> 189 | J108: =J144 -> 220.5 | K108: =K144 -> 297.432 | L108: =L144 -> 404.226 | M108: =M144 -> 511.02 | N108: =N144 -> 558.909 | ... AH108: =AH144 -> 0 | AP108: =AP144 -> 0 | AQ108: =AQ144 -> 544.5 | AR108: =AR144 -> 1771.587 | AS108: =AS144 -> 3565.598 | AT108: =AT144 -> 5791.1097 | AU108: =AU144 -> 0 | AV108: =AV144 -> 0 | AW108: =AW144 -> 0
B109: Downsell | G109: =G156 -> -9 | H109: =H156 -> -36 | I109: =I156 -> -63 | J109: =J156 -> -73.5 | K109: =K156 -> -87.48 | L109: =L156 -> -118.89 | M109: =M156 -> -150.3 | N109: =N156 -> -164.385 | ... AH109: =AH156 -> 0 | AP109: =AP156 -> 0 | AQ109: =AQ156 -> -181.5 | AR109: =AR156 -> -521.055 | AS109: =AS156 -> -938.31525 | AT109: =AT156 -> -1447.7774 | AU109: =AU156 -> 0 | AV109: =AV156 -> 0 | AW109: =AW156 -> 0
B110: Churn | G110: =G168 -> -9 | H110: =H168 -> -36 | I110: =I168 -> -63 | J110: =J168 -> -73.5 | K110: =K168 -> -87.48 | L110: =L168 -> -118.89 | M110: =M168 -> -150.3 | N110: =N168 -> -164.385 | ... AH110: =AH168 -> 0 | AP110: =AP168 -> 0 | AQ110: =AQ168 -> -181.5 | AR110: =AR168 -> -521.055 | AS110: =AS168 -> -938.31525 | AT110: =AT168 -> -1447.7774 | AU110: =AU168 -> 0 | AV110: =AV168 -> 0 | AW110: =AW168 -> 0
B112: Total | C112: =SUM(C105:C111) -> 180 | D112: =SUM(D105:D111) -> 720 | E112: =SUM(E105:E111) -> 1260 | F112: =SUM(F105:F111) -> 1470 | G112: =SUM(G105:G111) -> 1749.6 | H112: =SUM(H105:H111) -> 2377.8 | I112: =SUM(I105:I111) -> 3006 | J112: =SUM(J105:J111) -> 3287.7 | ... AH112: =SUM(AH105:AH111) -> 0 | AP112: =SUM(AP105:AP111) -> 3630 | AQ112: =SUM(AQ105:AQ111) -> 10421.1 | AR112: =SUM(AR105:AR111) -> 18766.305 | AS112: =SUM(AS105:AS111) -> 28955.549 | AT112: =SUM(AT105:AT111) -> 40553.858 | AU112: =SUM(AU105:AU111) -> 0 | AV112: =SUM(AV105:AV111) -> 0 | AW112: =SUM(AW105:AW111) -> 0
B113: Y/Y % | G113: =IFERROR(G112/C112-1, 0) -> 8.72 | H113: =IFERROR(H112/D112-1, 0) -> 2.3025 | I113: =IFERROR(I112/E112-1, 0) -> 1.3857143 | J113: =IFERROR(J112/F112-1, 0) -> 1.2365306 | K113: =IFERROR(K112/G112-1, 0) -> 1.1046914 | L113: =IFERROR(L112/H112-1, 0) -> 0.85758516 | M113: =IFERROR(M112/I112-1, 0) -> 0.71376048 | N113: =IFERROR(N112/J112-1, 0) -> 0.67758828 | ... AH113: =IFERROR(AH112/AD112-1, 0) -> 0 | AQ113: =IFERROR(AQ112/AP112-1, 0) -> 1.8708264 | AR113: =IFERROR(AR112/AQ112-1, 0) -> 0.80079886 | AS113: =IFERROR(AS112/AR112-1, 0) -> 0.54295417 | AT113: =IFERROR(AT112/AS112-1, 0) -> 0.40055568 | AU113: =IFERROR(AU112/AT112-1, 0) -> -1 | AV113: =IFERROR(AV112/AU112-1, 0) -> 0 | AW113: =IFERROR(AW112/AV112-1, 0) -> 0
B114: Q/Q % | D114: =IFERROR(D112/C112-1, 0) -> 3 | E114: =IFERROR(E112/D112-1, 0) -> 0.75 | F114: =IFERROR(F112/E112-1, 0) -> 0.16666667 | G114: =IFERROR(G112/F112-1, 0) -> 0.19020408 | H114: =IFERROR(H112/G112-1, 0) -> 0.3590535 | I114: =IFERROR(I112/H112-1, 0) -> 0.26419379 | J114: =IFERROR(J112/I112-1, 0) -> 0.093712575 | K114: =IFERROR(K112/J112-1, 0) -> 0.1200438 | ... AH114: =IFERROR(AH112/AG112-1, 0) -> 0
B115: Net new ACV | C115: =C112-C107 -> 180 | D115: =D112-D107 -> 720 | E115: =E112-E107 -> 1260 | F115: =F112-F107 -> 1470 | G115: =G112-G107 -> 1569.6 | H115: =H112-H107 -> 1657.8 | I115: =I112-I107 -> 1746 | J115: =J112-J107 -> 1817.7 | ... AH115: =AH112-AH107 -> 0 | AP115: =AP112-AP107 -> 3630 | AQ115: =AQ112-AQ107 -> 6791.1 | AR115: =AR112-AR107 -> 8345.205 | AS115: =AS112-AS107 -> 10189.244 | AT115: =AT112-AT107 -> 11598.309 | AU115: =AU112-AU107 -> 0 | AV115: =AV112-AV107 -> 0 | AW115: =AW112-AW107 -> 0
B117: % Total ACV
B118: New logo | G118: =IFERROR(G106/G$112, 0) -> 0.89197531 | H118: =IFERROR(H106/H$112, 0) -> 0.68205905 | I118: =IFERROR(I106/I$112, 0) -> 0.55988024 | J118: =IFERROR(J106/J$112, 0) -> 0.53052286 | K118: =IFERROR(K106/K$112, 0) -> 0.49161192 | L118: =IFERROR(L106/L$112, 0) -> 0.42398334 | M118: =IFERROR(M106/M$112, 0) -> 0.37564204 | N118: =IFERROR(N106/N$112, 0) -> 0.36217962 | ... AH118: =IFERROR(AH106/AH$112, 0) -> 0 | AP118: =IFERROR(AP106/AP$112, 0) -> 1 | AQ118: =IFERROR(AQ106/AQ$112, 0) -> 0.63425166 | AR118: =IFERROR(AR106/AR$112, 0) -> 0.40581926 | AS118: =IFERROR(AS106/AS$112, 0) -> 0.29356294 | AT118: =IFERROR(AT106/AT$112, 0) -> 0.21459745 | AU118: =IFERROR(AU106/AU$112, 0) -> 0 | AV118: =IFERROR(AV106/AV$112, 0) -> 0 | AW118: =IFERROR(AW106/AW$112, 0) -> 0
B119: Renewal | G119: =IFERROR(G107/G$112, 0) -> 0.10288066 | H119: =IFERROR(H107/H$112, 0) -> 0.30280091 | I119: =IFERROR(I107/I$112, 0) -> 0.41916168 | J119: =IFERROR(J107/J$112, 0) -> 0.44712109 | K119: =IFERROR(K107/K$112, 0) -> 0.47512905 | L119: =IFERROR(L107/L$112, 0) -> 0.53833333 | M119: =IFERROR(M107/M$112, 0) -> 0.58351211 | N119: =IFERROR(N107/N$112, 0) -> 0.59609382 | ... AH119: =IFERROR(AH107/AH$112, 0) -> 0 | AP119: =IFERROR(AP107/AP$112, 0) -> 0 | AQ119: =IFERROR(AQ107/AQ$112, 0) -> 0.34833175 | AR119: =IFERROR(AR107/AR$112, 0) -> 0.5553091 | AS119: =IFERROR(AS107/AS$112, 0) -> 0.64810739 | AT119: =IFERROR(AT107/AT$112, 0) -> 0.71400232 | AU119: =IFERROR(AU107/AU$112, 0) -> 0 | AV119: =IFERROR(AV107/AV$112, 0) -> 0 | AW119: =IFERROR(AW107/AW$112, 0) -> 0
B120: Expansion | G120: =IFERROR(G108/G$112, 0) -> 0.015432099 | H120: =IFERROR(H108/H$112, 0) -> 0.045420136 | I120: =IFERROR(I108/I$112, 0) -> 0.062874251 | J120: =IFERROR(J108/J$112, 0) -> 0.067068163 | K120: =IFERROR(K108/K$112, 0) -> 0.080771938 | L120: =IFERROR(L108/L$112, 0) -> 0.091516666 | M120: =IFERROR(M108/M$112, 0) -> 0.099197059 | N120: =IFERROR(N108/N$112, 0) -> 0.10133595 | ... AH120: =IFERROR(AH108/AH$112, 0) -> 0 | AP120: =IFERROR(AP108/AP$112, 0) -> 0 | AQ120: =IFERROR(AQ108/AQ$112, 0) -> 0.052249763 | AR120: =IFERROR(AR108/AR$112, 0) -> 0.094402548 | AS120: =IFERROR(AS108/AS$112, 0) -> 0.1231404 | AT120: =IFERROR(AT108/AT$112, 0) -> 0.14280046 | AU120: =IFERROR(AU108/AU$112, 0) -> 0 | AV120: =IFERROR(AV108/AV$112, 0) -> 0 | AW120: =IFERROR(AW108/AW$112, 0) -> 0
B121: Downsell | G121: =IFERROR(G109/G$112, 0) -> -0.0051440329 | H121: =IFERROR(H109/H$112, 0) -> -0.015140045 | I121: =IFERROR(I109/I$112, 0) -> -0.020958084 | J121: =IFERROR(J109/J$112, 0) -> -0.022356054 | K121: =IFERROR(K109/K$112, 0) -> -0.023756452 | L121: =IFERROR(L109/L$112, 0) -> -0.026916666 | M121: =IFERROR(M109/M$112, 0) -> -0.029175606 | N121: =IFERROR(N109/N$112, 0) -> -0.029804691 | ... AH121: =IFERROR(AH109/AH$112, 0) -> 0 | AP121: =IFERROR(AP109/AP$112, 0) -> 0 | AQ121: =IFERROR(AQ109/AQ$112, 0) -> -0.017416588 | AR121: =IFERROR(AR109/AR$112, 0) -> -0.027765455 | AS121: =IFERROR(AS109/AS$112, 0) -> -0.03240537 | AT121: =IFERROR(AT109/AT$112, 0) -> -0.035700116 | AU121: =IFERROR(AU109/AU$112, 0) -> 0 | AV121: =IFERROR(AV109/AV$112, 0) -> 0 | AW121: =IFERROR(AW109/AW$112, 0) -> 0
B122: Churn | G122: =IFERROR(G110/G$112, 0) -> -0.0051440329 | H122: =IFERROR(H110/H$112, 0) -> -0.015140045 | I122: =IFERROR(I110/I$112, 0) -> -0.020958084 | J122: =IFERROR(J110/J$112, 0) -> -0.022356054 | K122: =IFERROR(K110/K$112, 0) -> -0.023756452 | L122: =IFERROR(L110/L$112, 0) -> -0.026916666 | M122: =IFERROR(M110/M$112, 0) -> -0.029175606 | N122: =IFERROR(N110/N$112, 0) -> -0.029804691 | ... AH122: =IFERROR(AH110/AH$112, 0) -> 0 | AP122: =IFERROR(AP110/AP$112, 0) -> 0 | AQ122: =IFERROR(AQ110/AQ$112, 0) -> -0.017416588 | AR122: =IFERROR(AR110/AR$112, 0) -> -0.027765455 | AS122: =IFERROR(AS110/AS$112, 0) -> -0.03240537 | AT122: =IFERROR(AT110/AT$112, 0) -> -0.035700116 | AU122: =IFERROR(AU110/AU$112, 0) -> 0 | AV122: =IFERROR(AV110/AV$112, 0) -> 0 | AW122: =IFERROR(AW110/AW$112, 0) -> 0
B124: Renewal ACV
B125: Y-1 | G125: =C106 -> 180 | H125: =D106 -> 720 | I125: =E106 -> 1260 | J125: =F106 -> 1470 | K125: =G106 -> 1560.6 | L125: =H106 -> 1621.8 | M125: =I106 -> 1683 | N125: =J106 -> 1744.2 | ... AH125: =AD106 -> 0 | AI125: Annual renewals to simplify calculations for the purpose of | AP125: =SUMIFS($B125:$AI125, $B$6:$AI$6, AP$6) -> 0 | AQ125: =SUMIFS($B125:$AI125, $B$6:$AI$6, AQ$6) -> 3630 | AR125: =SUMIFS($B125:$AI125, $B$6:$AI$6, AR$6) -> 6609.6 | AS125: =SUMIFS($B125:$AI125, $B$6:$AI$6, AS$6) -> 7615.728 | AT125: =SUMIFS($B125:$AI125, $B$6:$AI$6, AT$6) -> 8500.2761 | AU125: =SUMIFS($B125:$AI125, $B$6:$AI$6, AU$6) -> 8702.7546 | AV125: =SUMIFS($B125:$AI125, $B$6:$AI$6, AV$6) -> 0 | AW125: =SUMIFS($B125:$AI125, $B$6:$AI$6, AW$6) -> 0
B126: Y-2 | K126: =G125+G136+G148+G160 -> 189 | L126: =H125+H136+H148+H160 -> 756 | M126: =I125+I136+I148+I160 -> 1323 | N126: =J125+J136+J148+J160 -> 1543.5 | O126: =K125+K136+K148+K160 -> 1669.842 | P126: =L125+L136+L148+L160 -> 1735.326 | Q126: =M125+M136+M148+M160 -> 1800.81 | R126: =N125+N136+N148+N160 -> 1866.294 | ... AH126: =AD125+AD136+AD148+AD160 -> 0 | AI126: this top-down model, which has no bottoms-up cohort roll-up. | AP126: =SUMIFS($B126:$AI126, $B$6:$AI$6, AP$6) -> 0 | AQ126: =SUMIFS($B126:$AI126, $B$6:$AI$6, AQ$6) -> 0 | AR126: =SUMIFS($B126:$AI126, $B$6:$AI$6, AR$6) -> 3811.5 | AS126: =SUMIFS($B126:$AI126, $B$6:$AI$6, AS$6) -> 7072.272 | AT126: =SUMIFS($B126:$AI126, $B$6:$AI$6, AT$6) -> 8301.1435 | AU126: =SUMIFS($B126:$AI126, $B$6:$AI$6, AU$6) -> 9350.3037 | AV126: =SUMIFS($B126:$AI126, $B$6:$AI$6, AV$6) -> 8702.7546 | AW126: =SUMIFS($B126:$AI126, $B$6:$AI$6, AW$6) -> 0
B127: Y-3 | O127: =K126+K137+K149+K161 -> 202.23 | P127: =L126+L137+L149+L161 -> 808.92 | Q127: =M126+M137+M149+M161 -> 1415.61 | R127: =N126+N137+N149+N161 -> 1651.545 | S127: =O126+O137+O149+O161 -> 1820.1278 | T127: =P126+P137+P149+P161 -> 1891.5053 | U127: =Q126+Q137+Q149+Q161 -> 1962.8829 | V127: =R126+R137+R149+R161 -> 2034.2605 | ... AH127: =AD126+AD137+AD149+AD161 -> 2175.6886 | AP127: =SUMIFS($B127:$AI127, $B$6:$AI$6, AP$6) -> 0 | AQ127: =SUMIFS($B127:$AI127, $B$6:$AI$6, AQ$6) -> 0 | AR127: =SUMIFS($B127:$AI127, $B$6:$AI$6, AR$6) -> 0 | AS127: =SUMIFS($B127:$AI127, $B$6:$AI$6, AS$6) -> 4078.305 | AT127: =SUMIFS($B127:$AI127, $B$6:$AI$6, AT$6) -> 7708.7765 | AU127: =SUMIFS($B127:$AI127, $B$6:$AI$6, AU$6) -> 9131.2579 | AV127: =SUMIFS($B127:$AI127, $B$6:$AI$6, AV$6) -> 9350.3037 | AW127: =SUMIFS($B127:$AI127, $B$6:$AI$6, AW$6) -> 8702.7546
B128: Y-4 | S128: =O127+O138+O150+O162 -> 220.4307 | T128: =P127+P138+P150+P162 -> 881.7228 | U128: =Q127+Q138+Q150+Q162 -> 1543.0149 | V128: =R127+R138+R150+R162 -> 1800.1841 | W128: =S127+S138+S150+S162 -> 2002.1406 | X128: =T127+T138+T150+T162 -> 2080.6559 | Y128: =U127+U138+U150+U162 -> 2159.1712 | Z128: =V127+V138+V150+V162 -> 2237.6865 | ... AH128: =AD127+AD138+AD150+AD162 -> 2346.3309 | AP128: =SUMIFS($B128:$AI128, $B$6:$AI$6, AP$6) -> 0 | AQ128: =SUMIFS($B128:$AI128, $B$6:$AI$6, AQ$6) -> 0 | AR128: =SUMIFS($B128:$AI128, $B$6:$AI$6, AR$6) -> 0 | AS128: =SUMIFS($B128:$AI128, $B$6:$AI$6, AS$6) -> 0 | AT128: =SUMIFS($B128:$AI128, $B$6:$AI$6, AT$6) -> 4445.3524 | AU128: =SUMIFS($B128:$AI128, $B$6:$AI$6, AU$6) -> 8479.6541 | AV128: =SUMIFS($B128:$AI128, $B$6:$AI$6, AV$6) -> 9131.2579 | AW128: =SUMIFS($B128:$AI128, $B$6:$AI$6, AW$6) -> 9350.3037
B129: Y-5 | W129: =S128+S139+S151+S163 -> 242.47377 | X129: =T128+T139+T151+T163 -> 969.89508 | Y129: =U128+U139+U151+U163 -> 1697.3164 | Z129: =V128+V139+V151+V163 -> 1980.2025 | AA129: =W128+W139+W151+W163 -> 2002.1406 | AB129: =X128+X139+X151+X163 -> 2080.6559 | AC129: =Y128+Y139+Y151+Y163 -> 2159.1712 | AD129: =Z128+Z139+Z151+Z163 -> 2237.6865 | ... AH129: =AD128+AD139+AD151+AD163 -> 2395.084 | AP129: =SUMIFS($B129:$AI129, $B$6:$AI$6, AP$6) -> 0 | AQ129: =SUMIFS($B129:$AI129, $B$6:$AI$6, AQ$6) -> 0 | AR129: =SUMIFS($B129:$AI129, $B$6:$AI$6, AR$6) -> 0 | AS129: =SUMIFS($B129:$AI129, $B$6:$AI$6, AS$6) -> 0 | AT129: =SUMIFS($B129:$AI129, $B$6:$AI$6, AT$6) -> 0 | AU129: =SUMIFS($B129:$AI129, $B$6:$AI$6, AU$6) -> 4889.8877 | AV129: =SUMIFS($B129:$AI129, $B$6:$AI$6, AV$6) -> 8479.6541 | AW129: =SUMIFS($B129:$AI129, $B$6:$AI$6, AW$6) -> 9131.2579
B130: Y-6 | AA130: =W129+W140+W152+W164 -> 242.47377 | AB130: =X129+X140+X152+X164 -> 969.89508 | AC130: =Y129+Y140+Y152+Y164 -> 1697.3164 | AD130: =Z129+Z140+Z152+Z164 -> 1980.2025 | AE130: =AA129+AA140+AA152+AA164 -> 2002.1406 | AF130: =AB129+AB140+AB152+AB164 -> 2080.6559 | AG130: =AC129+AC140+AC152+AC164 -> 2159.1712 | AH130: =AD129+AD140+AD152+AD164 -> 2237.6865 | AP130: =SUMIFS($B130:$AI130, $B$6:$AI$6, AP$6) -> 0 | AQ130: =SUMIFS($B130:$AI130, $B$6:$AI$6, AQ$6) -> 0 | AR130: =SUMIFS($B130:$AI130, $B$6:$AI$6, AR$6) -> 0 | AS130: =SUMIFS($B130:$AI130, $B$6:$AI$6, AS$6) -> 0 | AT130: =SUMIFS($B130:$AI130, $B$6:$AI$6, AT$6) -> 0 | AU130: =SUMIFS($B130:$AI130, $B$6:$AI$6, AU$6) -> 0 | AV130: =SUMIFS($B130:$AI130, $B$6:$AI$6, AV$6) -> 4889.8877 | AW130: =SUMIFS($B130:$AI130, $B$6:$AI$6, AW$6) -> 8479.6541
B131: Y-7 | AE131: =AA130+AA141+AA153+AA165 -> 242.47377 | AF131: =AB130+AB141+AB153+AB165 -> 969.89508 | AG131: =AC130+AC141+AC153+AC165 -> 1697.3164 | AH131: =AD130+AD141+AD153+AD165 -> 1980.2025 | AP131: =SUMIFS($B131:$AI131, $B$6:$AI$6, AP$6) -> 0 | AQ131: =SUMIFS($B131:$AI131, $B$6:$AI$6, AQ$6) -> 0 | AR131: =SUMIFS($B131:$AI131, $B$6:$AI$6, AR$6) -> 0 | AS131: =SUMIFS($B131:$AI131, $B$6:$AI$6, AS$6) -> 0 | AT131: =SUMIFS($B131:$AI131, $B$6:$AI$6, AT$6) -> 0 | AU131: =SUMIFS($B131:$AI131, $B$6:$AI$6, AU$6) -> 0 | AV131: =SUMIFS($B131:$AI131, $B$6:$AI$6, AV$6) -> 0 | AW131: =SUMIFS($B131:$AI131, $B$6:$AI$6, AW$6) -> 4889.8877
B133: Total | C133: =SUM(C124:C132) -> 0 | D133: =SUM(D124:D132) -> 0 | E133: =SUM(E124:E132) -> 0 | F133: =SUM(F124:F132) -> 0 | G133: =SUM(G124:G132) -> 180 | H133: =SUM(H124:H132) -> 720 | I133: =SUM(I124:I132) -> 1260 | J133: =SUM(J124:J132) -> 1470 | ... AH133: =SUM(AH124:AH132) -> 11134.993 | AP133: =SUM(AP124:AP132) -> 0 | AQ133: =SUM(AQ124:AQ132) -> 3630 | AR133: =SUM(AR124:AR132) -> 10421.1 | AS133: =SUM(AS124:AS132) -> 18766.305 | AT133: =SUM(AT124:AT132) -> 28955.549 | AU133: =SUM(AU124:AU132) -> 40553.858 | AV133: =SUM(AV124:AV132) -> 40553.858 | AW133: =SUM(AW124:AW132) -> 40553.858
B135: Expansion ACV
...

Sheet Presentation >
A1: z

Sheet IS
A1: =Drivers!$A$1 -> XYZ Company
B2: Income Statement ($ in 000's)
B4: Fiscal year | C4: =Drivers!C14 -> FY26E | D4: =Drivers!D14 -> FY26E | E4: =Drivers!E14 -> FY26E | F4: =Drivers!F14 -> FY26E | G4: =Drivers!G14 -> FY27E | H4: =Drivers!H14 -> FY27E | I4: =Drivers!I14 -> FY27E | J4: =Drivers!J14 -> FY27E | ... V4: =Drivers!V14 -> FY30E | X4: =F4 -> FY26E | Y4: =J4 -> FY27E | Z4: =N4 -> FY28E | AA4: =R4 -> FY29E | AB4: =V4 -> FY30E
C5: =Drivers!C15 -> FQ1'26E | D5: =Drivers!D15 -> FQ2'26E | E5: =Drivers!E15 -> FQ3'26E | F5: =Drivers!F15 -> FQ4'26E | G5: =Drivers!G15 -> FQ1'27E | H5: =Drivers!H15 -> FQ2'27E | I5: =Drivers!I15 -> FQ3'27E | J5: =Drivers!J15 -> FQ4'27E | ... V5: =Drivers!V15 -> FQ4'30E | X5: =X4 -> FY26E | Y5: =Y4 -> FY27E | Z5: =Z4 -> FY28E | AA5: =AA4 -> FY29E | AB5: =AB4 -> FY30E
B7: Total revenue | C7: =Calculations!C631 -> 32.85 | D7: =Calculations!D631 -> 176.4 | E7: =Calculations!E631 -> 454.95 | F7: =Calculations!F631 -> 808.275 | G7: =Calculations!G631 -> 1193.052 | H7: =Calculations!H631 -> 1598.8485 | I7: =Calculations!I631 -> 2026.695 | J7: =Calculations!J631 -> 2475.2303 | ... V7: =Calculations!V631 -> 9855.1797 | X7: =SUMIFS($B7:$W7, $B$4:$W$4, X$4) -> 1472.475 | Y7: =SUMIFS($B7:$W7, $B$4:$W$4, Y$4) -> 7293.8257 | Z7: =SUMIFS($B7:$W7, $B$4:$W$4, Z$4) -> 14876.702 | AA7: =SUMIFS($B7:$W7, $B$4:$W$4, AA$4) -> 24195.844 | AB7: =SUMIFS($B7:$W7, $B$4:$W$4, AB$4) -> 35045.922
B8: Total cost of revenue | C8: =Calculations!C638 -> -14.5125 | D8: =Calculations!D638 -> -69.3 | E8: =Calculations!E638 -> -157.8375 | F8: =Calculations!F638 -> -253.51875 | G8: =Calculations!G638 -> -342.51408 | H8: =Calculations!H638 -> -442.10844 | I8: =Calculations!I638 -> -546.9948 | J8: =Calculations!J638 -> -656.84646 | ... V8: =Calculations!V638 -> -2154.4396 | X8: =SUMIFS($B8:$W8, $B$4:$W$4, X$4) -> -495.16875 | Y8: =SUMIFS($B8:$W8, $B$4:$W$4, Y$4) -> -1988.4638 | Z8: =SUMIFS($B8:$W8, $B$4:$W$4, Z$4) -> -3703.4234 | AA8: =SUMIFS($B8:$W8, $B$4:$W$4, AA$4) -> -5646.0961 | AB8: =SUMIFS($B8:$W8, $B$4:$W$4, AB$4) -> -7699.0511
B9: Gross profit, non-GAAP | C9: =C7+C8 -> 18.3375 | D9: =D7+D8 -> 107.1 | E9: =E7+E8 -> 297.1125 | F9: =F7+F8 -> 554.75625 | G9: =G7+G8 -> 850.53792 | H9: =H7+H8 -> 1156.7401 | I9: =I7+I8 -> 1479.7002 | J9: =J7+J8 -> 1818.3838 | ... V9: =V7+V8 -> 7700.7401 | X9: =X7+X8 -> 977.30625 | Y9: =Y7+Y8 -> 5305.362 | Z9: =Z7+Z8 -> 11173.279 | AA9: =AA7+AA8 -> 18549.748 | AB9: =AB7+AB8 -> 27346.871
B10: Gross margin %, non-GAAP | C10: =IFERROR(C9/C7, 0) -> 0.55821918 | D10: =IFERROR(D9/D7, 0) -> 0.60714286 | E10: =IFERROR(E9/E7, 0) -> 0.65306627 | F10: =IFERROR(F9/F7, 0) -> 0.68634592 | G10: =IFERROR(G9/G7, 0) -> 0.71290935 | H10: =IFERROR(H9/H7, 0) -> 0.72348322 | I10: =IFERROR(I9/I7, 0) -> 0.73010502 | J10: =IFERROR(J9/J7, 0) -> 0.73463218 | ... V10: =IFERROR(V9/V7, 0) -> 0.78139013 | X10: =IFERROR(X9/X7, 0) -> 0.6637167 | Y10: =IFERROR(Y9/Y7, 0) -> 0.72737712 | Z10: =IFERROR(Z9/Z7, 0) -> 0.75105884 | AA10: =IFERROR(AA9/AA7, 0) -> 0.76665017 | AB10: =IFERROR(AB9/AB7, 0) -> 0.78031535
B12: Operating expenses:
B14: Sales | C14: =Calculations!C645 -> -378.79348 | D14: =Calculations!D645 -> -816.76668 | E14: =Calculations!E645 -> -930.03063 | F14: =Calculations!F645 -> -1025.116 | G14: =Calculations!G645 -> -1126.6651 | H14: =Calculations!H645 -> -1204.5466 | I14: =Calculations!I645 -> -1305.6464 | J14: =Calculations!J645 -> -1362.426 | ... V14: =Calculations!V645 -> -1907.7287 | X14: =SUMIFS($B14:$W14, $B$4:$W$4, X$4) -> -3150.7068 | Y14: =SUMIFS($B14:$W14, $B$4:$W$4, Y$4) -> -4999.284 | Z14: =SUMIFS($B14:$W14, $B$4:$W$4, Z$4) -> -6102.5922 | AA14: =SUMIFS($B14:$W14, $B$4:$W$4, AA$4) -> -6918.1203 | AB14: =SUMIFS($B14:$W14, $B$4:$W$4, AB$4) -> -7467.5942
B15: Marketing | C15: =Calculations!C646 -> -1.6425 | D15: =Calculations!D646 -> -8.82 | E15: =Calculations!E646 -> -22.7475 | F15: =Calculations!F646 -> -40.41375 | G15: =Calculations!G646 -> -59.6526 | H15: =Calculations!H646 -> -79.942425 | I15: =Calculations!I646 -> -101.33475 | J15: =Calculations!J646 -> -123.76151 | ... V15: =Calculations!V646 -> -492.75899 | X15: =SUMIFS($B15:$W15, $B$4:$W$4, X$4) -> -73.62375 | Y15: =SUMIFS($B15:$W15, $B$4:$W$4, Y$4) -> -364.69129 | Z15: =SUMIFS($B15:$W15, $B$4:$W$4, Z$4) -> -743.83511 | AA15: =SUMIFS($B15:$W15, $B$4:$W$4, AA$4) -> -1209.7922 | AB15: =SUMIFS($B15:$W15, $B$4:$W$4, AB$4) -> -1752.2961
B16: R&D | C16: =Calculations!C647 -> -6.57 | D16: =Calculations!D647 -> -35.28 | E16: =Calculations!E647 -> -90.99 | F16: =Calculations!F647 -> -161.655 | G16: =Calculations!G647 -> -238.6104 | H16: =Calculations!H647 -> -319.7697 | I16: =Calculations!I647 -> -405.339 | J16: =Calculations!J647 -> -495.04605 | ... V16: =Calculations!V647 -> -1971.0359 | X16: =SUMIFS($B16:$W16, $B$4:$W$4, X$4) -> -294.495 | Y16: =SUMIFS($B16:$W16, $B$4:$W$4, Y$4) -> -1458.7652 | Z16: =SUMIFS($B16:$W16, $B$4:$W$4, Z$4) -> -2975.3404 | AA16: =SUMIFS($B16:$W16, $B$4:$W$4, AA$4) -> -4839.1687 | AB16: =SUMIFS($B16:$W16, $B$4:$W$4, AB$4) -> -7009.1845
B17: G&A | C17: =Calculations!C648 -> -1.6425 | D17: =Calculations!D648 -> -8.82 | E17: =Calculations!E648 -> -22.7475 | F17: =Calculations!F648 -> -40.41375 | G17: =Calculations!G648 -> -59.6526 | H17: =Calculations!H648 -> -79.942425 | I17: =Calculations!I648 -> -101.33475 | J17: =Calculations!J648 -> -123.76151 | ... V17: =Calculations!V648 -> -492.75899 | X17: =SUMIFS($B17:$W17, $B$4:$W$4, X$4) -> -73.62375 | Y17: =SUMIFS($B17:$W17, $B$4:$W$4, Y$4) -> -364.69129 | Z17: =SUMIFS($B17:$W17, $B$4:$W$4, Z$4) -> -743.83511 | AA17: =SUMIFS($B17:$W17, $B$4:$W$4, AA$4) -> -1209.7922 | AB17: =SUMIFS($B17:$W17, $B$4:$W$4, AB$4) -> -1752.2961
B19: Total operating expenses, non-GAAP | C19: =SUM(C13:C18) -> -388.64848 | D19: =SUM(D13:D18) -> -869.68668 | E19: =SUM(E13:E18) -> -1066.5156 | F19: =SUM(F13:F18) -> -1267.5985 | G19: =SUM(G13:G18) -> -1484.5807 | H19: =SUM(H13:H18) -> -1684.2011 | I19: =SUM(I13:I18) -> -1913.6549 | J19: =SUM(J13:J18) -> -2104.9951 | ... V19: =SUM(V13:V18) -> -4864.2826 | X19: =SUM(X13:X18) -> -3592.4493 | Y19: =SUM(Y13:Y18) -> -7187.4317 | Z19: =SUM(Z13:Z18) -> -10565.603 | AA19: =SUM(AA13:AA18) -> -14176.873 | AB19: =SUM(AB13:AB18) -> -17981.371
B21: Operating income (loss), non-GAAP | C21: =C9+C19 -> -370.31098 | D21: =D9+D19 -> -762.58668 | E21: =E9+E19 -> -769.40313 | F21: =F9+F19 -> -712.84227 | G21: =G9+G19 -> -634.04278 | H21: =H9+H19 -> -527.46106 | I21: =I9+I19 -> -433.95467 | J21: =J9+J19 -> -286.61127 | ... V21: =V9+V19 -> 2836.4575 | X21: =X9+X19 -> -2615.1431 | Y21: =Y9+Y19 -> -1882.0698 | Z21: =Z9+Z19 -> 607.67589 | AA21: =AA9+AA19 -> 4372.8741 | AB21: =AB9+AB19 -> 9365.5003
B22: Operating margin %, non-GAAP | C22: =IFERROR(C21/C7, 0) -> -11.272785 | D22: =IFERROR(D21/D7, 0) -> -4.3230537 | E22: =IFERROR(E21/E7, 0) -> -1.6911817 | F22: =IFERROR(F21/F7, 0) -> -0.88193037 | G22: =IFERROR(G21/G7, 0) -> -0.53144605 | H22: =IFERROR(H21/H7, 0) -> -0.32990059 | I22: =IFERROR(I21/I7, 0) -> -0.21411938 | J22: =IFERROR(J21/J7, 0) -> -0.11579176 | ... V22: =IFERROR(V21/V7, 0) -> 0.28781388 | X22: =IFERROR(X21/X7, 0) -> -1.7760187 | Y22: =IFERROR(Y21/Y7, 0) -> -0.25803602 | Z22: =IFERROR(Z21/Z7, 0) -> 0.040847486 | AA22: =IFERROR(AA21/AA7, 0) -> 0.18072832 | AB22: =IFERROR(AB21/AB7, 0) -> 0.26723509
B24: Non-operating income (expense):
B26: Interest income | C26: =Calculations!C657 -> 0 | D26: =Calculations!D657 -> 60.574074 | E26: =Calculations!E657 -> 53.141618 | F26: =Calculations!F657 -> 50.819058 | G26: =Calculations!G657 -> 51.322791 | H26: =Calculations!H657 -> 49.988001 | I26: =Calculations!I657 -> 49.959509 | J26: =Calculations!J657 -> 55.247309 | ... V26: =Calculations!V657 -> 395.53755 | X26: =SUMIFS($B26:$W26, $B$4:$W$4, X$4) -> 164.53475 | Y26: =SUMIFS($B26:$W26, $B$4:$W$4, Y$4) -> 206.51761 | Z26: =SUMIFS($B26:$W26, $B$4:$W$4, Z$4) -> 324.71591 | AA26: =SUMIFS($B26:$W26, $B$4:$W$4, AA$4) -> 646.33788 | AB26: =SUMIFS($B26:$W26, $B$4:$W$4, AB$4) -> 1256.4101
B28: Total non-operating income (expense), net | C28: =SUM(C25:C27) -> 0 | D28: =SUM(D25:D27) -> 60.574074 | E28: =SUM(E25:E27) -> 53.141618 | F28: =SUM(F25:F27) -> 50.819058 | G28: =SUM(G25:G27) -> 51.322791 | H28: =SUM(H25:H27) -> 49.988001 | I28: =SUM(I25:I27) -> 49.959509 | J28: =SUM(J25:J27) -> 55.247309 | ... V28: =SUM(V25:V27) -> 395.53755 | X28: =SUM(X25:X27) -> 164.53475 | Y28: =SUM(Y25:Y27) -> 206.51761 | Z28: =SUM(Z25:Z27) -> 324.71591 | AA28: =SUM(AA25:AA27) -> 646.33788 | AB28: =SUM(AB25:AB27) -> 1256.4101
B30: Income (loss) before income taxes, non-GAAP | C30: =C21+C28 -> -370.31098 | D30: =D21+D28 -> -702.01261 | E30: =E21+E28 -> -716.26151 | F30: =F21+F28 -> -662.02322 | G30: =G21+G28 -> -582.71999 | H30: =H21+H28 -> -477.47306 | I30: =I21+I28 -> -383.99516 | J30: =J21+J28 -> -231.36396 | ... V30: =V21+V28 -> 3231.9951 | X30: =X21+X28 -> -2450.6083 | Y30: =Y21+Y28 -> -1675.5522 | Z30: =Z21+Z28 -> 932.3918 | AA30: =AA21+AA28 -> 5019.212 | AB30: =AB21+AB28 -> 10621.91
B32: GAAP adjustments:
B34: Stock-based compensation | C34: =Calculations!C665 -> -8.541 | D34: =Calculations!D665 -> -45.864 | E34: =Calculations!E665 -> -118.287 | F34: =Calculations!F665 -> -210.1515 | G34: =Calculations!G665 -> -310.19352 | H34: =Calculations!H665 -> -415.70061 | I34: =Calculations!I665 -> -526.9407 | J34: =Calculations!J665 -> -643.55986 | ... V34: =Calculations!V665 -> -2562.3467 | X34: =SUMIFS($B34:$W34, $B$4:$W$4, X$4) -> -382.8435 | Y34: =SUMIFS($B34:$W34, $B$4:$W$4, Y$4) -> -1896.3947 | Z34: =SUMIFS($B34:$W34, $B$4:$W$4, Z$4) -> -3867.9426 | AA34: =SUMIFS($B34:$W34, $B$4:$W$4, AA$4) -> -6290.9193 | AB34: =SUMIFS($B34:$W34, $B$4:$W$4, AB$4) -> -9111.9398
B35: Depreciation | C35: =Calculations!C666 -> -0.049275 | D35: =Calculations!D666 -> -0.36315 | E35: =Calculations!E666 -> -1.310175 | F35: =Calculations!F666 -> -3.2050125 | G35: =Calculations!G666 -> -6.207003 | H35: =Calculations!H666 -> -10.394854 | I35: =Calculations!I666 -> -15.833169 | J35: =Calculations!J666 -> -22.586057 | ... V35: =Calculations!V666 -> -233.87154 | X35: =SUMIFS($B35:$W35, $B$4:$W$4, X$4) -> -4.9276125 | Y35: =SUMIFS($B35:$W35, $B$4:$W$4, Y$4) -> -55.021083 | Z35: =SUMIFS($B35:$W35, $B$4:$W$4, Z$4) -> -186.59265 | AA35: =SUMIFS($B35:$W35, $B$4:$W$4, AA$4) -> -419.34176 | AB35: =SUMIFS($B35:$W35, $B$4:$W$4, AB$4) -> -773.49585
B36: Amortization | C36: =Calculations!C667 -> 0 | D36: =Calculations!D667 -> 0 | E36: =Calculations!E667 -> 0 | F36: =Calculations!F667 -> 0 | G36: =Calculations!G667 -> 0 | H36: =Calculations!H667 -> 0 | I36: =Calculations!I667 -> 0 | J36: =Calculations!J667 -> 0 | ... V36: =Calculations!V667 -> 0 | X36: =SUMIFS($B36:$W36, $B$4:$W$4, X$4) -> 0 | Y36: =SUMIFS($B36:$W36, $B$4:$W$4, Y$4) -> 0 | Z36: =SUMIFS($B36:$W36, $B$4:$W$4, Z$4) -> 0 | AA36: =SUMIFS($B36:$W36, $B$4:$W$4, AA$4) -> 0 | AB36: =SUMIFS($B36:$W36, $B$4:$W$4, AB$4) -> 0
B38: GAAP adjustments | C38: =SUM(C33:C37) -> -8.590275 | D38: =SUM(D33:D37) -> -46.22715 | E38: =SUM(E33:E37) -> -119.59717 | F38: =SUM(F33:F37) -> -213.35651 | G38: =SUM(G33:G37) -> -316.40052 | H38: =SUM(H33:H37) -> -426.09546 | I38: =SUM(I33:I37) -> -542.77387 | J38: =SUM(J33:J37) -> -666.14592 | ... V38: =SUM(V33:V37) -> -2796.2183 | X38: =SUM(X33:X37) -> -387.77111 | Y38: =SUM(Y33:Y37) -> -1951.4158 | Z38: =SUM(Z33:Z37) -> -4054.5352 | AA38: =SUM(AA33:AA37) -> -6710.2611 | AB38: =SUM(AB33:AB37) -> -9885.4357
B40: Income (loss) before income taxes, GAAP | C40: =C30+C38 -> -378.90126 | D40: =D30+D38 -> -748.23976 | E40: =E30+E38 -> -835.85868 | F40: =F30+F38 -> -875.37973 | G40: =G30+G38 -> -899.12051 | H40: =H30+H38 -> -903.56852 | I40: =I30+I38 -> -926.76903 | J40: =J30+J38 -> -897.50988 | ... V40: =V30+V38 -> 435.77682 | X40: =X30+X38 -> -2838.3794 | Y40: =Y30+Y38 -> -3626.9679 | Z40: =Z30+Z38 -> -3122.1434 | AA40: =AA30+AA38 -> -1691.0491 | AB40: =AB30+AB38 -> 736.47481
B41: Income tax benefit (expense) | C41: =Calculations!C672 -> -1.3925516 | D41: =Calculations!D672 -> 2.2259718 | E41: =Calculations!E672 -> 29.151129 | F41: =Calculations!F672 -> 81.690232 | G41: =Calculations!G672 -> 135.27823 | H41: =Calculations!H672 -> 172.3484 | I41: =Calculations!I672 -> 196.38104 | J41: =Calculations!J672 -> 220.34246 | ... V41: =Calculations!V672 -> -113.30197 | X41: =SUMIFS($B41:$W41, $B$4:$W$4, X$4) -> 111.67478 | Y41: =SUMIFS($B41:$W41, $B$4:$W$4, Y$4) -> 724.35012 | Z41: =SUMIFS($B41:$W41, $B$4:$W$4, Z$4) -> 783.84647 | AA41: =SUMIFS($B41:$W41, $B$4:$W$4, AA$4) -> 439.67276 | AB41: =SUMIFS($B41:$W41, $B$4:$W$4, AB$4) -> -191.48345
B42: Net income, GAAP | C42: =C40+C41 -> -380.29381 | D42: =D40+D41 -> -746.01378 | E42: =E40+E41 -> -806.70756 | F42: =F40+F41 -> -793.6895 | G42: =G40+G41 -> -763.84228 | H42: =H40+H41 -> -731.22012 | I42: =I40+I41 -> -730.38799 | J42: =J40+J41 -> -677.16742 | ... V42: =V40+V41 -> 322.47485 | X42: =X40+X41 -> -2726.7046 | Y42: =Y40+Y41 -> -2902.6178 | Z42: =Z40+Z41 -> -2338.297 | AA42: =AA40+AA41 -> -1251.3763 | AB42: =AB40+AB41 -> 544.99136
B43: Net profit margin % | C43: =IFERROR(C42/C7, 0) -> -11.576676 | D43: =IFERROR(D42/D7, 0) -> -4.2291031 | E43: =IFERROR(E42/E7, 0) -> -1.7731785 | F43: =IFERROR(F42/F7, 0) -> -0.98195478 | G43: =IFERROR(G42/G7, 0) -> -0.64024224 | H43: =IFERROR(H42/H7, 0) -> -0.45734172 | I43: =IFERROR(I42/I7, 0) -> -0.36038377 | J43: =IFERROR(J42/J7, 0) -> -0.27357755 | ... V43: =IFERROR(V42/V7, 0) -> 0.032721356 | X43: =IFERROR(X42/X7, 0) -> -1.8517833 | Y43: =IFERROR(Y42/Y7, 0) -> -0.39795546 | Z43: =IFERROR(Z42/Z7, 0) -> -0.15717845 | AA43: =IFERROR(AA42/AA7, 0) -> -0.051718648 | AB43: =IFERROR(AB42/AB7, 0) -> 0.015550778
B45: Check with calculations | C45: =C42-Calculations!C673 -> 0 | D45: =D42-Calculations!D673 -> 0 | E45: =E42-Calculations!E673 -> 0 | F45: =F42-Calculations!F673 -> 0 | G45: =G42-Calculations!G673 -> 0 | H45: =H42-Calculations!H673 -> 0 | I45: =I42-Calculations!I673 -> 0 | J45: =J42-Calculations!J673 -> 0 | ... V45: =V42-Calculations!V673 -> 0 | X45: =X42-Calculations!AP673 -> 0 | Y45: =Y42-Calculations!AQ673 -> 0 | Z45: =Z42-Calculations!AR673 -> 0 | AA45: =AA42-Calculations!AS673 -> -3.6379788e-12 | AB45: =AB42-Calculations!AT673 -> 0

Sheet BS
A1: =Drivers!$A$1 -> XYZ Company
B2: Balance Sheet ($ in 000's)
B4: Fiscal year | F4: =Drivers!F14 -> FY26E | J4: =Drivers!J14 -> FY27E | N4: =Drivers!N14 -> FY28E | R4: =Drivers!R14 -> FY29E | V4: =Drivers!V14 -> FY30E | X4: =F4 -> FY26E | Y4: =J4 -> FY27E | Z4: =N4 -> FY28E | AA4: =R4 -> FY29E | AB4: =V4 -> FY30E
C5: =Drivers!C15 -> FQ1'26E | D5: =Drivers!D15 -> FQ2'26E | E5: =Drivers!E15 -> FQ3'26E | F5: =Drivers!F15 -> FQ4'26E | G5: =Drivers!G15 -> FQ1'27E | H5: =Drivers!H15 -> FQ2'27E | I5: =Drivers!I15 -> FQ3'27E | J5: =Drivers!J15 -> FQ4'27E | ... V5: =Drivers!V15 -> FQ4'30E | X5: =X4 -> FY26E | Y5: =Y4 -> FY27E | Z5: =Z4 -> FY28E | AA5: =AA4 -> FY29E | AB5: =AB4 -> FY30E
B7: Assets
B9: Cash | C9: =Calculations!C736 -> 3028.7037 | D9: =Calculations!D736 -> 2657.0809 | E9: =Calculations!E736 -> 2540.9529 | F9: =Calculations!F736 -> 2566.1396 | G9: =Calculations!G736 -> 2499.4001 | H9: =Calculations!H736 -> 2497.9755 | I9: =Calculations!I736 -> 2762.3654 | J9: =Calculations!J736 -> 3203.8101 | ... V9: =Calculations!V736 -> 23073.844 | X9: =SUMIFS($B9:$W9, $B$4:$W$4, X$4) -> 2566.1396 | Y9: =SUMIFS($B9:$W9, $B$4:$W$4, Y$4) -> 3203.8101 | Z9: =SUMIFS($B9:$W9, $B$4:$W$4, Z$4) -> 6217.6066 | AA9: =SUMIFS($B9:$W9, $B$4:$W$4, AA$4) -> 12068.798 | AB9: =SUMIFS($B9:$W9, $B$4:$W$4, AB$4) -> 23073.844
B10: Accounts receivable | C10: =Calculations!C737 -> 132.66 | D10: =Calculations!D737 -> 530.64 | E10: =Calculations!E737 -> 928.62 | F10: =Calculations!F737 -> 1083.39 | G10: =Calculations!G737 -> 1276.7922 | H10: =Calculations!H737 -> 1701.7866 | I10: =Calculations!I737 -> 2126.781 | J10: =Calculations!J737 -> 2319.6204 | ... V10: =Calculations!V737 -> 7606.2161 | X10: =SUMIFS($B10:$W10, $B$4:$W$4, X$4) -> 1083.39 | Y10: =SUMIFS($B10:$W10, $B$4:$W$4, Y$4) -> 2319.6204 | Z10: =SUMIFS($B10:$W10, $B$4:$W$4, Z$4) -> 3829.1597 | AA10: =SUMIFS($B10:$W10, $B$4:$W$4, AA$4) -> 5599.9434 | AB10: =SUMIFS($B10:$W10, $B$4:$W$4, AB$4) -> 7606.2161
B11: Prepaids and other current assets | C11: =Calculations!C739 -> 1.6425 | D11: =Calculations!D739 -> 8.82 | E11: =Calculations!E739 -> 22.7475 | F11: =Calculations!F739 -> 40.41375 | G11: =Calculations!G739 -> 59.6526 | H11: =Calculations!H739 -> 79.942425 | I11: =Calculations!I739 -> 101.33475 | J11: =Calculations!J739 -> 123.76151 | ... V11: =Calculations!V739 -> 492.75899 | X11: =SUMIFS($B11:$W11, $B$4:$W$4, X$4) -> 40.41375 | Y11: =SUMIFS($B11:$W11, $B$4:$W$4, Y$4) -> 123.76151 | Z11: =SUMIFS($B11:$W11, $B$4:$W$4, Z$4) -> 225.90961 | AA11: =SUMIFS($B11:$W11, $B$4:$W$4, AA$4) -> 350.58815 | AB11: =SUMIFS($B11:$W11, $B$4:$W$4, AB$4) -> 492.75899
B12: Deferred contract acquisition costs, current | C12: =Calculations!C738 -> 22.865018 | D12: =Calculations!D738 -> 108.09484 | E12: =Calculations!E738 -> 236.99871 | F12: =Calculations!F738 -> 348.96669 | G12: =Calculations!G738 -> 429.24731 | H12: =Calculations!H738 -> 491.0353 | I12: =Calculations!I738 -> 546.30233 | J12: =Calculations!J738 -> 592.93219 | ... V12: =Calculations!V738 -> 1288.9373 | X12: =SUMIFS($B12:$W12, $B$4:$W$4, X$4) -> 348.96669 | Y12: =SUMIFS($B12:$W12, $B$4:$W$4, Y$4) -> 592.93219 | Z12: =SUMIFS($B12:$W12, $B$4:$W$4, Z$4) -> 808.56656 | AA12: =SUMIFS($B12:$W12, $B$4:$W$4, AA$4) -> 1050.9672 | AB12: =SUMIFS($B12:$W12, $B$4:$W$4, AB$4) -> 1288.9373
B14: Total current assets | C14: =SUM(C8:C13) -> 3185.8712 | D14: =SUM(D8:D13) -> 3304.6357 | E14: =SUM(E8:E13) -> 3729.3191 | F14: =SUM(F8:F13) -> 4038.91 | G14: =SUM(G8:G13) -> 4265.0922 | H14: =SUM(H8:H13) -> 4770.7398 | I14: =SUM(I8:I13) -> 5536.7835 | J14: =SUM(J8:J13) -> 6240.1242 | ... V14: =SUM(V8:V13) -> 32461.756 | X14: =SUM(X8:X13) -> 4038.91 | Y14: =SUM(Y8:Y13) -> 6240.1242 | Z14: =SUM(Z8:Z13) -> 11081.242 | AA14: =SUM(AA8:AA13) -> 19070.297 | AB14: =SUM(AB8:AB13) -> 32461.756
B16: Property and equipment, net | C16: =Calculations!C743 -> 1.921725 | D16: =Calculations!D743 -> 12.142575 | E16: =Calculations!E743 -> 38.1294 | F16: =Calculations!F743 -> 83.420888 | G16: =Calculations!G743 -> 148.797 | H16: =Calculations!H743 -> 234.33306 | I16: =Calculations!I743 -> 340.10159 | J16: =Calculations!J743 -> 466.02935 | ... V16: =Calculations!V743 -> 3533.7072 | X16: =SUMIFS($B16:$W16, $B$4:$W$4, X$4) -> 83.420888 | Y16: =SUMIFS($B16:$W16, $B$4:$W$4, Y$4) -> 466.02935 | Z16: =SUMIFS($B16:$W16, $B$4:$W$4, Z$4) -> 1172.0388 | AA16: =SUMIFS($B16:$W16, $B$4:$W$4, AA$4) -> 2204.4477 | AB16: =SUMIFS($B16:$W16, $B$4:$W$4, AB$4) -> 3533.7072
B17: Deferred contract acquisition costs, non-current | C17: =Calculations!C744 -> 0 | D17: =Calculations!D744 -> 0 | E17: =Calculations!E744 -> 0 | F17: =Calculations!F744 -> 0 | G17: =Calculations!G744 -> 0 | H17: =Calculations!H744 -> 0 | I17: =Calculations!I744 -> 0 | J17: =Calculations!J744 -> 0 | ... V17: =Calculations!V744 -> 0 | X17: =SUMIFS($B17:$W17, $B$4:$W$4, X$4) -> 0 | Y17: =SUMIFS($B17:$W17, $B$4:$W$4, Y$4) -> 0 | Z17: =SUMIFS($B17:$W17, $B$4:$W$4, Z$4) -> 0 | AA17: =SUMIFS($B17:$W17, $B$4:$W$4, AA$4) -> 0 | AB17: =SUMIFS($B17:$W17, $B$4:$W$4, AB$4) -> 0
B18: Deferred tax assets | C18: =Calculations!C745 -> 0 | D18: =Calculations!D745 -> 0 | E18: =Calculations!E745 -> 0 | F18: =Calculations!F745 -> 0 | G18: =Calculations!G745 -> 0 | H18: =Calculations!H745 -> 0 | I18: =Calculations!I745 -> 0 | J18: =Calculations!J745 -> 0 | ... V18: =Calculations!V745 -> 4861.3893 | X18: =SUMIFS($B18:$W18, $B$4:$W$4, X$4) -> 0 | Y18: =SUMIFS($B18:$W18, $B$4:$W$4, Y$4) -> 0 | Z18: =SUMIFS($B18:$W18, $B$4:$W$4, Z$4) -> 992.42105 | AA18: =SUMIFS($B18:$W18, $B$4:$W$4, AA$4) -> 3059.0229 | AB18: =SUMIFS($B18:$W18, $B$4:$W$4, AB$4) -> 4861.3893
B20: Total assets | C20: =SUM(C14:C19) -> 3187.7929 | D20: =SUM(D14:D19) -> 3316.7783 | E20: =SUM(E14:E19) -> 3767.4485 | F20: =SUM(F14:F19) -> 4122.3309 | G20: =SUM(G14:G19) -> 4413.8892 | H20: =SUM(H14:H19) -> 5005.0729 | I20: =SUM(I14:I19) -> 5876.8851 | J20: =SUM(J14:J19) -> 6706.1535 | ... V20: =SUM(V14:V19) -> 40856.853 | X20: =SUM(X14:X19) -> 4122.3309 | Y20: =SUM(Y14:Y19) -> 6706.1535 | Z20: =SUM(Z14:Z19) -> 13245.702 | AA20: =SUM(AA14:AA19) -> 24333.768 | AB20: =SUM(AB14:AB19) -> 40856.853
B22: Liabilities
B24: Accounts payable | C24: =Calculations!C751 -> 1.03125 | D24: =Calculations!D751 -> 7.25 | E24: =Calculations!E751 -> 22.84375 | F24: =Calculations!F751 -> 45.921875 | G24: =Calculations!G751 -> 69.1328 | H24: =Calculations!H751 -> 95.7779 | I24: =Calculations!I751 -> 123.893 | J24: =Calculations!J751 -> 153.38735 | ... V24: =Calculations!V751 -> 562.19397 | X24: =SUMIFS($B24:$W24, $B$4:$W$4, X$4) -> 45.921875 | Y24: =SUMIFS($B24:$W24, $B$4:$W$4, Y$4) -> 153.38735 | Z24: =SUMIFS($B24:$W24, $B$4:$W$4, Z$4) -> 275.90003 | AA24: =SUMIFS($B24:$W24, $B$4:$W$4, AA$4) -> 415.46145 | AB24: =SUMIFS($B24:$W24, $B$4:$W$4, AB$4) -> 562.19397
B25: Accrued liabilities | C25: =Calculations!C752 -> 3.942 | D25: =Calculations!D752 -> 21.168 | E25: =Calculations!E752 -> 54.594 | F25: =Calculations!F752 -> 96.993 | G25: =Calculations!G752 -> 143.16624 | H25: =Calculations!H752 -> 191.86182 | I25: =Calculations!I752 -> 243.2034 | J25: =Calculations!J752 -> 297.02763 | ... V25: =Calculations!V752 -> 1182.6216 | X25: =SUMIFS($B25:$W25, $B$4:$W$4, X$4) -> 96.993 | Y25: =SUMIFS($B25:$W25, $B$4:$W$4, Y$4) -> 297.02763 | Z25: =SUMIFS($B25:$W25, $B$4:$W$4, Z$4) -> 542.18306 | AA25: =SUMIFS($B25:$W25, $B$4:$W$4, AA$4) -> 841.41156 | AB25: =SUMIFS($B25:$W25, $B$4:$W$4, AB$4) -> 1182.6216
B26: Deferred revenue, current | C26: =Calculations!C753 -> 165.15 | D26: =Calculations!D753 -> 780.75 | E26: =Calculations!E753 -> 1711.8 | F26: =Calculations!F753 -> 2520.525 | G26: =Calculations!G753 -> 3233.133 | H26: =Calculations!H753 -> 4174.2645 | I26: =Calculations!I753 -> 5321.8695 | J26: =Calculations!J753 -> 6308.7593 | ... V26: =Calculations!V753 -> 22947.878 | X26: =SUMIFS($B26:$W26, $B$4:$W$4, X$4) -> 2520.525 | Y26: =SUMIFS($B26:$W26, $B$4:$W$4, Y$4) -> 6308.7593 | Z26: =SUMIFS($B26:$W26, $B$4:$W$4, Z$4) -> 10959.935 | AA26: =SUMIFS($B26:$W26, $B$4:$W$4, AA$4) -> 16569.667 | AB26: =SUMIFS($B26:$W26, $B$4:$W$4, AB$4) -> 22947.878
B28: Total current liabilities | C28: =SUM(C23:C27) -> 170.12325 | D28: =SUM(D23:D27) -> 809.168 | E28: =SUM(E23:E27) -> 1789.2378 | F28: =SUM(F23:F27) -> 2663.4399 | G28: =SUM(G23:G27) -> 3445.432 | H28: =SUM(H23:H27) -> 4461.9042 | I28: =SUM(I23:I27) -> 5688.9659 | J28: =SUM(J23:J27) -> 6759.1742 | ... V28: =SUM(V23:V27) -> 24692.694 | X28: =SUM(X23:X27) -> 2663.4399 | Y28: =SUM(Y23:Y27) -> 6759.1742 | Z28: =SUM(Z23:Z27) -> 11778.018 | AA28: =SUM(AA23:AA27) -> 17826.54 | AB28: =SUM(AB23:AB27) -> 24692.694
B30: Deferred revenue, non-current | C30: =Calculations!C757 -> 0 | D30: =Calculations!D757 -> 0 | E30: =Calculations!E757 -> 0 | F30: =Calculations!F757 -> 0 | G30: =Calculations!G757 -> 0 | H30: =Calculations!H757 -> 0 | I30: =Calculations!I757 -> 0 | J30: =Calculations!J757 -> 0 | ... V30: =Calculations!V757 -> 0 | X30: =SUMIFS($B30:$W30, $B$4:$W$4, X$4) -> 0 | Y30: =SUMIFS($B30:$W30, $B$4:$W$4, Y$4) -> 0 | Z30: =SUMIFS($B30:$W30, $B$4:$W$4, Z$4) -> 0 | AA30: =SUMIFS($B30:$W30, $B$4:$W$4, AA$4) -> 0 | AB30: =SUMIFS($B30:$W30, $B$4:$W$4, AB$4) -> 0
B31: Deferred tax liabilities | C31: =Calculations!C758 -> 101.29943 | D31: =Calculations!D758 -> 291.38982 | E31: =Calculations!E758 -> 450.41082 | F31: =Calculations!F758 -> 514.62909 | G31: =Calculations!G758 -> 477.84396 | H31: =Calculations!H758 -> 368.07498 | I31: =Calculations!I758 -> 216.27285 | J31: =Calculations!J758 -> 8.9405074 | ... V31: =Calculations!V758 -> 0 | X31: =SUMIFS($B31:$W31, $B$4:$W$4, X$4) -> 514.62909 | Y31: =SUMIFS($B31:$W31, $B$4:$W$4, Y$4) -> 8.9405074 | Z31: =SUMIFS($B31:$W31, $B$4:$W$4, Z$4) -> 0 | AA31: =SUMIFS($B31:$W31, $B$4:$W$4, AA$4) -> 0 | AB31: =SUMIFS($B31:$W31, $B$4:$W$4, AB$4) -> 0
B33: Total liabilities | C33: =SUM(C28:C32) -> 271.42268 | D33: =SUM(D28:D32) -> 1100.5578 | E33: =SUM(E28:E32) -> 2239.6486 | F33: =SUM(F28:F32) -> 3178.069 | G33: =SUM(G28:G32) -> 3923.276 | H33: =SUM(H28:H32) -> 4829.9792 | I33: =SUM(I28:I32) -> 5905.2387 | J33: =SUM(J28:J32) -> 6768.1147 | ... V33: =SUM(V28:V32) -> 24692.694 | X33: =SUM(X28:X32) -> 3178.069 | Y33: =SUM(Y28:Y32) -> 6768.1147 | Z33: =SUM(Z28:Z32) -> 11778.018 | AA33: =SUM(AA28:AA32) -> 17826.54 | AB33: =SUM(AB28:AB32) -> 24692.694
B35: Equity
B37: Retained earnings | C37: =Calculations!C764 -> -380.29381 | D37: =Calculations!D764 -> -1126.3076 | E37: =Calculations!E764 -> -1933.0151 | F37: =Calculations!F764 -> -2726.7046 | G37: =Calculations!G764 -> -3490.5469 | H37: =Calculations!H764 -> -4221.767 | I37: =Calculations!I764 -> -4952.155 | J37: =Calculations!J764 -> -5629.3225 | ... V37: =Calculations!V764 -> -8674.0044 | X37: =SUMIFS($B37:$W37, $B$4:$W$4, X$4) -> -2726.7046 | Y37: =SUMIFS($B37:$W37, $B$4:$W$4, Y$4) -> -5629.3225 | Z37: =SUMIFS($B37:$W37, $B$4:$W$4, Z$4) -> -7967.6194 | AA37: =SUMIFS($B37:$W37, $B$4:$W$4, AA$4) -> -9218.9957 | AB37: =SUMIFS($B37:$W37, $B$4:$W$4, AB$4) -> -8674.0044
B38: Common stock and additional paid-in capital | C38: =Calculations!C765 -> 3296.6641 | D38: =Calculations!D765 -> 3342.5281 | E38: =Calculations!E765 -> 3460.8151 | F38: =Calculations!F765 -> 3670.9666 | G38: =Calculations!G765 -> 3981.1601 | H38: =Calculations!H765 -> 4396.8607 | I38: =Calculations!I765 -> 4923.8014 | J38: =Calculations!J765 -> 5567.3613 | ... V38: =Calculations!V765 -> 24838.163 | X38: =SUMIFS($B38:$W38, $B$4:$W$4, X$4) -> 3670.9666 | Y38: =SUMIFS($B38:$W38, $B$4:$W$4, Y$4) -> 5567.3613 | Z38: =SUMIFS($B38:$W38, $B$4:$W$4, Z$4) -> 9435.3038 | AA38: =SUMIFS($B38:$W38, $B$4:$W$4, AA$4) -> 15726.223 | AB38: =SUMIFS($B38:$W38, $B$4:$W$4, AB$4) -> 24838.163
B40: Total equity | C40: =SUM(C36:C39) -> 2916.3703 | D40: =SUM(D36:D39) -> 2216.2205 | E40: =SUM(E36:E39) -> 1527.7999 | F40: =SUM(F36:F39) -> 944.26193 | G40: =SUM(G36:G39) -> 490.61317 | H40: =SUM(H36:H39) -> 175.09366 | I40: =SUM(I36:I39) -> -28.353636 | J40: =SUM(J36:J39) -> -61.961195 | ... V40: =SUM(V36:V39) -> 16164.159 | X40: =SUM(X36:X39) -> 944.26193 | Y40: =SUM(Y36:Y39) -> -61.961195 | Z40: =SUM(Z36:Z39) -> 1467.6844 | AA40: =SUM(AA36:AA39) -> 6507.2275 | AB40: =SUM(AB36:AB39) -> 16164.159
B42: Total liabilities and equity | C42: =C33+C40 -> 3187.7929 | D42: =D33+D40 -> 3316.7783 | E42: =E33+E40 -> 3767.4485 | F42: =F33+F40 -> 4122.3309 | G42: =G33+G40 -> 4413.8892 | H42: =H33+H40 -> 5005.0729 | I42: =I33+I40 -> 5876.8851 | J42: =J33+J40 -> 6706.1535 | ... V42: =V33+V40 -> 40856.853 | X42: =X33+X40 -> 4122.3309 | Y42: =Y33+Y40 -> 6706.1535 | Z42: =Z33+Z40 -> 13245.702 | AA42: =AA33+AA40 -> 24333.768 | AB42: =AB33+AB40 -> 40856.853
B44: Balance | C44: =C20-C42 -> 0 | D44: =D20-D42 -> 0 | E44: =E20-E42 -> 0 | F44: =F20-F42 -> 0 | G44: =G20-G42 -> 0 | H44: =H20-H42 -> 0 | I44: =I20-I42 -> 0 | J44: =J20-J42 -> 0 | ... V44: =V20-V42 -> 0 | X44: =X20-X42 -> 0 | Y44: =Y20-Y42 -> 0 | Z44: =Z20-Z42 -> 0 | AA44: =AA20-AA42 -> 0 | AB44: =AB20-AB42 -> 0
B46: Check with calculations | C46: =C42-Calculations!C769 -> 0 | D46: =D42-Calculations!D769 -> 0 | E46: =E42-Calculations!E769 -> 0 | F46: =F42-Calculations!F769 -> 0 | G46: =G42-Calculations!G769 -> 0 | H46: =H42-Calculations!H769 -> 0 | I46: =I42-Calculations!I769 -> 0 | J46: =J42-Calculations!J769 -> 0 | ... V46: =V42-Calculations!V769 -> 0

Sheet CF
A1: =Drivers!$A$1 -> XYZ Company
B2: Cash Flow Statement ($ in 000's)
B4: Fiscal year | C4: =Drivers!C14 -> FY26E | D4: =Drivers!D14 -> FY26E | E4: =Drivers!E14 -> FY26E | F4: =Drivers!F14 -> FY26E | G4: =Drivers!G14 -> FY27E | H4: =Drivers!H14 -> FY27E | I4: =Drivers!I14 -> FY27E | J4: =Drivers!J14 -> FY27E | ... V4: =Drivers!V14 -> FY30E | X4: =F4 -> FY26E | Y4: =J4 -> FY27E | Z4: =N4 -> FY28E | AA4: =R4 -> FY29E | AB4: =V4 -> FY30E
C5: =Drivers!C15 -> FQ1'26E | D5: =Drivers!D15 -> FQ2'26E | E5: =Drivers!E15 -> FQ3'26E | F5: =Drivers!F15 -> FQ4'26E | G5: =Drivers!G15 -> FQ1'27E | H5: =Drivers!H15 -> FQ2'27E | I5: =Drivers!I15 -> FQ3'27E | J5: =Drivers!J15 -> FQ4'27E | ... V5: =Drivers!V15 -> FQ4'30E | X5: =X4 -> FY26E | Y5: =Y4 -> FY27E | Z5: =Z4 -> FY28E | AA5: =AA4 -> FY29E | AB5: =AB4 -> FY30E
B7: Cash Flows from Operating Activities
B9: Net (income) loss | C9: =Calculations!C683 -> -380.29381 | D9: =Calculations!D683 -> -746.01378 | E9: =Calculations!E683 -> -806.70756 | F9: =Calculations!F683 -> -793.6895 | G9: =Calculations!G683 -> -763.84228 | H9: =Calculations!H683 -> -731.22012 | I9: =Calculations!I683 -> -730.38799 | J9: =Calculations!J683 -> -677.16742 | ... V9: =Calculations!V683 -> 322.47485 | X9: =SUMIFS($B9:$W9, $B$4:$W$4, X$4) -> -2726.7046 | Y9: =SUMIFS($B9:$W9, $B$4:$W$4, Y$4) -> -2902.6178 | Z9: =SUMIFS($B9:$W9, $B$4:$W$4, Z$4) -> -2338.297 | AA9: =SUMIFS($B9:$W9, $B$4:$W$4, AA$4) -> -1251.3763 | AB9: =SUMIFS($B9:$W9, $B$4:$W$4, AB$4) -> 544.99136
B10: Adjustments:
B11: Depreciation and amortization | C11: =Calculations!C685 -> 0.049275 | D11: =Calculations!D685 -> 0.36315 | E11: =Calculations!E685 -> 1.310175 | F11: =Calculations!F685 -> 3.2050125 | G11: =Calculations!G685 -> 6.207003 | H11: =Calculations!H685 -> 10.394854 | I11: =Calculations!I685 -> 15.833169 | J11: =Calculations!J685 -> 22.586057 | ... V11: =Calculations!V685 -> 233.87154 | X11: =SUMIFS($B11:$W11, $B$4:$W$4, X$4) -> 4.9276125 | Y11: =SUMIFS($B11:$W11, $B$4:$W$4, Y$4) -> 55.021083 | Z11: =SUMIFS($B11:$W11, $B$4:$W$4, Z$4) -> 186.59265 | AA11: =SUMIFS($B11:$W11, $B$4:$W$4, AA$4) -> 419.34176 | AB11: =SUMIFS($B11:$W11, $B$4:$W$4, AB$4) -> 773.49585
B12: Stock-based compensation expense | C12: =Calculations!C686 -> 8.541 | D12: =Calculations!D686 -> 45.864 | E12: =Calculations!E686 -> 118.287 | F12: =Calculations!F686 -> 210.1515 | G12: =Calculations!G686 -> 310.19352 | H12: =Calculations!H686 -> 415.70061 | I12: =Calculations!I686 -> 526.9407 | J12: =Calculations!J686 -> 643.55986 | ... V12: =Calculations!V686 -> 2562.3467 | X12: =SUMIFS($B12:$W12, $B$4:$W$4, X$4) -> 382.8435 | Y12: =SUMIFS($B12:$W12, $B$4:$W$4, Y$4) -> 1896.3947 | Z12: =SUMIFS($B12:$W12, $B$4:$W$4, Z$4) -> 3867.9426 | AA12: =SUMIFS($B12:$W12, $B$4:$W$4, AA$4) -> 6290.9193 | AB12: =SUMIFS($B12:$W12, $B$4:$W$4, AB$4) -> 9111.9398
B13: Deferred income taxes | C13: =Calculations!C687 -> 101.29943 | D13: =Calculations!D687 -> 190.09039 | E13: =Calculations!E687 -> 159.021 | F13: =Calculations!F687 -> 64.218266 | G13: =Calculations!G687 -> -36.78513 | H13: =Calculations!H687 -> -109.76898 | I13: =Calculations!I687 -> -151.80213 | J13: =Calculations!J687 -> -207.33234 | ... V13: =Calculations!V687 -> -477.1982 | X13: =SUMIFS($B13:$W13, $B$4:$W$4, X$4) -> 514.62909 | Y13: =SUMIFS($B13:$W13, $B$4:$W$4, Y$4) -> -505.68858 | Z13: =SUMIFS($B13:$W13, $B$4:$W$4, Z$4) -> -1001.3616 | AA13: =SUMIFS($B13:$W13, $B$4:$W$4, AA$4) -> -2066.6019 | AB13: =SUMIFS($B13:$W13, $B$4:$W$4, AB$4) -> -1802.3664
B14: Other | C14: =Calculations!C688 -> 0 | D14: =Calculations!D688 -> 0 | E14: =Calculations!E688 -> 0 | F14: =Calculations!F688 -> 0 | G14: =Calculations!G688 -> 0 | H14: =Calculations!H688 -> 0 | I14: =Calculations!I688 -> 0 | J14: =Calculations!J688 -> 0 | ... V14: =Calculations!V688 -> 0 | X14: =SUMIFS($B14:$W14, $B$4:$W$4, X$4) -> 0 | Y14: =SUMIFS($B14:$W14, $B$4:$W$4, Y$4) -> 0 | Z14: =SUMIFS($B14:$W14, $B$4:$W$4, Z$4) -> 0 | AA14: =SUMIFS($B14:$W14, $B$4:$W$4, AA$4) -> 0 | AB14: =SUMIFS($B14:$W14, $B$4:$W$4, AB$4) -> 0
B15: Changes in operating assets and liabilities, net:
B16: Accounts receivable | C16: =Calculations!C690 -> -132.66 | D16: =Calculations!D690 -> -397.98 | E16: =Calculations!E690 -> -397.98 | F16: =Calculations!F690 -> -154.77 | G16: =Calculations!G690 -> -193.4022 | H16: =Calculations!H690 -> -424.9944 | I16: =Calculations!I690 -> -424.9944 | J16: =Calculations!J690 -> -192.8394 | ... V16: =Calculations!V690 -> -292.286 | X16: =SUMIFS($B16:$W16, $B$4:$W$4, X$4) -> -1083.39 | Y16: =SUMIFS($B16:$W16, $B$4:$W$4, Y$4) -> -1236.2304 | Z16: =SUMIFS($B16:$W16, $B$4:$W$4, Z$4) -> -1509.5393 | AA16: =SUMIFS($B16:$W16, $B$4:$W$4, AA$4) -> -1770.7837 | AB16: =SUMIFS($B16:$W16, $B$4:$W$4, AB$4) -> -2006.2727
B17: Prepaid expenses & other current assets | C17: =Calculations!C691 -> -1.6425 | D17: =Calculations!D691 -> -7.1775 | E17: =Calculations!E691 -> -13.9275 | F17: =Calculations!F691 -> -17.66625 | G17: =Calculations!G691 -> -19.23885 | H17: =Calculations!H691 -> -20.289825 | I17: =Calculations!I691 -> -21.392325 | J17: =Calculations!J691 -> -22.426763 | ... V17: =Calculations!V691 -> -37.044992 | X17: =SUMIFS($B17:$W17, $B$4:$W$4, X$4) -> -40.41375 | Y17: =SUMIFS($B17:$W17, $B$4:$W$4, Y$4) -> -83.347763 | Z17: =SUMIFS($B17:$W17, $B$4:$W$4, Z$4) -> -102.14809 | AA17: =SUMIFS($B17:$W17, $B$4:$W$4, AA$4) -> -124.67854 | AB17: =SUMIFS($B17:$W17, $B$4:$W$4, AB$4) -> -142.17084
B18: Deferred contract acquisition costs | C18: =Calculations!C692 -> -22.865018 | D18: =Calculations!D692 -> -85.22982 | E18: =Calculations!E692 -> -128.90387 | F18: =Calculations!F692 -> -111.96798 | G18: =Calculations!G692 -> -80.280621 | H18: =Calculations!H692 -> -61.787993 | I18: =Calculations!I692 -> -55.26703 | J18: =Calculations!J692 -> -46.629859 | ... V18: =Calculations!V692 -> -53.39592 | X18: =SUMIFS($B18:$W18, $B$4:$W$4, X$4) -> -348.96669 | Y18: =SUMIFS($B18:$W18, $B$4:$W$4, Y$4) -> -243.9655 | Z18: =SUMIFS($B18:$W18, $B$4:$W$4, Z$4) -> -215.63437 | AA18: =SUMIFS($B18:$W18, $B$4:$W$4, AA$4) -> -242.40067 | AB18: =SUMIFS($B18:$W18, $B$4:$W$4, AB$4) -> -237.97009
B19: Accounts payable | C19: =Calculations!C693 -> 1.03125 | D19: =Calculations!D693 -> 6.21875 | E19: =Calculations!E693 -> 15.59375 | F19: =Calculations!F693 -> 23.078125 | G19: =Calculations!G693 -> 23.210925 | H19: =Calculations!H693 -> 26.6451 | I19: =Calculations!I693 -> 28.1151 | J19: =Calculations!J693 -> 29.49435 | ... V19: =Calculations!V693 -> 43.219157 | X19: =SUMIFS($B19:$W19, $B$4:$W$4, X$4) -> 45.921875 | Y19: =SUMIFS($B19:$W19, $B$4:$W$4, Y$4) -> 107.46547 | Z19: =SUMIFS($B19:$W19, $B$4:$W$4, Z$4) -> 122.51268 | AA19: =SUMIFS($B19:$W19, $B$4:$W$4, AA$4) -> 139.56142 | AB19: =SUMIFS($B19:$W19, $B$4:$W$4, AB$4) -> 146.73251
B20: Deferred revenue | C20: =Calculations!C694 -> 165.15 | D20: =Calculations!D694 -> 615.6 | E20: =Calculations!E694 -> 931.05 | F20: =Calculations!F694 -> 808.725 | G20: =Calculations!G694 -> 712.608 | H20: =Calculations!H694 -> 941.1315 | I20: =Calculations!I694 -> 1147.605 | J20: =Calculations!J694 -> 986.88975 | ... V20: =Calculations!V694 -> 1497.3816 | X20: =SUMIFS($B20:$W20, $B$4:$W$4, X$4) -> 2520.525 | Y20: =SUMIFS($B20:$W20, $B$4:$W$4, Y$4) -> 3788.2343 | Z20: =SUMIFS($B20:$W20, $B$4:$W$4, Z$4) -> 4651.1756 | AA20: =SUMIFS($B20:$W20, $B$4:$W$4, AA$4) -> 5609.7325 | AB20: =SUMIFS($B20:$W20, $B$4:$W$4, AB$4) -> 6378.2111
B21: Accrued expenses & other liabilities | C21: =Calculations!C695 -> 3.942 | D21: =Calculations!D695 -> 17.226 | E21: =Calculations!E695 -> 33.426 | F21: =Calculations!F695 -> 42.399 | G21: =Calculations!G695 -> 46.17324 | H21: =Calculations!H695 -> 48.69558 | I21: =Calculations!I695 -> 51.34158 | J21: =Calculations!J695 -> 53.82423 | ... V21: =Calculations!V695 -> 88.907981 | X21: =SUMIFS($B21:$W21, $B$4:$W$4, X$4) -> 96.993 | Y21: =SUMIFS($B21:$W21, $B$4:$W$4, Y$4) -> 200.03463 | Z21: =SUMIFS($B21:$W21, $B$4:$W$4, Z$4) -> 245.15543 | AA21: =SUMIFS($B21:$W21, $B$4:$W$4, AA$4) -> 299.2285 | AB21: =SUMIFS($B21:$W21, $B$4:$W$4, AB$4) -> 341.21001
B23: Total Cash Flows from Operating Activities | C23: =SUM(C8:C22) -> -257.44837 | D23: =SUM(D8:D22) -> -361.03881 | E23: =SUM(E8:E22) -> -88.831003 | F23: =SUM(F8:F22) -> 73.68318 | G23: =SUM(G8:G22) -> 4.8436077 | H23: =SUM(H8:H22) -> 94.506324 | I23: =SUM(I8:I22) -> 385.99167 | J23: =SUM(J8:J22) -> 589.95846 | ... V23: =SUM(V8:V22) -> 3888.2768 | X23: =SUM(X9:X22) -> -633.63501 | Y23: =SUM(Y9:Y22) -> 1075.3001 | Z23: =SUM(Z9:Z22) -> 3906.3986 | AA23: =SUM(AA9:AA22) -> 7302.9424 | AB23: =SUM(AB9:AB22) -> 13107.801
B25: Cash Flows from Investing Activities:
B27: Capital Expenditures | C27: =Calculations!C701 -> -1.971 | D27: =Calculations!D701 -> -10.584 | E27: =Calculations!E701 -> -27.297 | F27: =Calculations!F701 -> -48.4965 | G27: =Calculations!G701 -> -71.58312 | H27: =Calculations!H701 -> -95.93091 | I27: =Calculations!I701 -> -121.6017 | J27: =Calculations!J701 -> -148.51381 | ... V27: =Calculations!V701 -> -591.31078 | X27: =SUMIFS($B27:$W27, $B$4:$W$4, X$4) -> -88.3485 | Y27: =SUMIFS($B27:$W27, $B$4:$W$4, Y$4) -> -437.62955 | Z27: =SUMIFS($B27:$W27, $B$4:$W$4, Z$4) -> -892.60213 | AA27: =SUMIFS($B27:$W27, $B$4:$W$4, AA$4) -> -1451.7506 | AB27: =SUMIFS($B27:$W27, $B$4:$W$4, AB$4) -> -2102.7553
B29: Total Cash Flows from Investing Activities | C29: =SUM(C26:C28) -> -1.971 | D29: =SUM(D26:D28) -> -10.584 | E29: =SUM(E26:E28) -> -27.297 | F29: =SUM(F26:F28) -> -48.4965 | G29: =SUM(G26:G28) -> -71.58312 | H29: =SUM(H26:H28) -> -95.93091 | I29: =SUM(I26:I28) -> -121.6017 | J29: =SUM(J26:J28) -> -148.51381 | ... V29: =SUM(V26:V28) -> -591.31078 | X29: =SUM(X26:X28) -> -88.3485 | Y29: =SUM(Y26:Y28) -> -437.62955 | Z29: =SUM(Z26:Z28) -> -892.60213 | AA29: =SUM(AA26:AA28) -> -1451.7506 | AB29: =SUM(AB26:AB28) -> -2102.7553
B31: Cash Flows from Financing Activities:
B33: Proceeds from equity financing | C33: =Calculations!C708 -> 3288.1231 | D33: =Calculations!D708 -> 0 | E33: =Calculations!E708 -> 0 | F33: =Calculations!F708 -> 0 | G33: =Calculations!G708 -> 0 | H33: =Calculations!H708 -> 0 | I33: =Calculations!I708 -> 0 | J33: =Calculations!J708 -> 0 | ... V33: =Calculations!V708 -> 0 | X33: =SUMIFS($B33:$W33, $B$4:$W$4, X$4) -> 3288.1231 | Y33: =SUMIFS($B33:$W33, $B$4:$W$4, Y$4) -> 0 | Z33: =SUMIFS($B33:$W33, $B$4:$W$4, Z$4) -> 0 | AA33: =SUMIFS($B33:$W33, $B$4:$W$4, AA$4) -> 0 | AB33: =SUMIFS($B33:$W33, $B$4:$W$4, AB$4) -> 0
B35: Total Cash Flows from Financing Activities | C35: =SUM(C33:C34) -> 3288.1231 | D35: =SUM(D33:D34) -> 0 | E35: =SUM(E33:E34) -> 0 | F35: =SUM(F33:F34) -> 0 | G35: =SUM(G33:G34) -> 0 | H35: =SUM(H33:H34) -> 0 | I35: =SUM(I33:I34) -> 0 | J35: =SUM(J33:J34) -> 0 | ... V35: =SUM(V33:V34) -> 0 | X35: =SUM(X33:X34) -> 3288.1231 | Y35: =SUM(Y33:Y34) -> 0 | Z35: =SUM(Z33:Z34) -> 0 | AA35: =SUM(AA33:AA34) -> 0 | AB35: =SUM(AB33:AB34) -> 0
B37: Total Net Cash Flow | C37: =SUM(C23, C29, C35) -> 3028.7037 | D37: =SUM(D23, D29, D35) -> -371.62281 | E37: =SUM(E23, E29, E35) -> -116.128 | F37: =SUM(F23, F29, F35) -> 25.18668 | G37: =SUM(G23, G29, G35) -> -66.739512 | H37: =SUM(H23, H29, H35) -> -1.4245864 | I37: =SUM(I23, I29, I35) -> 264.38997 | J37: =SUM(J23, J29, J35) -> 441.44465 | ... V37: =SUM(V23, V29, V35) -> 3296.966 | X37: =SUM(X23, X29, X35) -> 2566.1396 | Y37: =SUM(Y23, Y29, Y35) -> 637.67052 | Z37: =SUM(Z23, Z29, Z35) -> 3013.7965 | AA37: =SUM(AA23, AA29, AA35) -> 5851.1918 | AB37: =SUM(AB23, AB29, AB35) -> 11005.045
B39: Cash, beginning of period | C39: =Calculations!C713 -> 0 | D39: =Calculations!D713 -> 3028.7037 | E39: =Calculations!E713 -> 2657.0809 | F39: =Calculations!F713 -> 2540.9529 | G39: =Calculations!G713 -> 2566.1396 | H39: =Calculations!H713 -> 2499.4001 | I39: =Calculations!I713 -> 2497.9755 | J39: =Calculations!J713 -> 2762.3654 | ... V39: =Calculations!V713 -> 19776.878 | X39: =C39 -> 0 | Y39: =X40 -> 2566.1396 | Z39: =Y40 -> 3203.8101 | AA39: =Z40 -> 6217.6066 | AB39: =AA40 -> 12068.798
B40: Cash, ending of period | C40: =Calculations!C714 -> 3028.7037 | D40: =Calculations!D714 -> 2657.0809 | E40: =Calculations!E714 -> 2540.9529 | F40: =Calculations!F714 -> 2566.1396 | G40: =Calculations!G714 -> 2499.4001 | H40: =Calculations!H714 -> 2497.9755 | I40: =Calculations!I714 -> 2762.3654 | J40: =Calculations!J714 -> 3203.8101 | ... V40: =Calculations!V714 -> 23073.844 | X40: =X37+X39 -> 2566.1396 | Y40: =Y37+Y39 -> 3203.8101 | Z40: =Z37+Z39 -> 6217.6066 | AA40: =AA37+AA39 -> 12068.798 | AB40: =AB37+AB39 -> 23073.844
B42: Total Cash Flows from Operating Activities | C42: =Calculations!C717 -> -257.44837 | D42: =Calculations!D717 -> -361.03881 | E42: =Calculations!E717 -> -88.831003 | F42: =Calculations!F717 -> 73.68318 | G42: =Calculations!G717 -> 4.8436077 | H42: =Calculations!H717 -> 94.506324 | I42: =Calculations!I717 -> 385.99167 | J42: =Calculations!J717 -> 589.95846 | ... V42: =Calculations!V717 -> 3888.2768 | X42: =SUMIFS($B42:$W42, $B$4:$W$4, X$4) -> -633.63501 | Y42: =SUMIFS($B42:$W42, $B$4:$W$4, Y$4) -> 1075.3001 | Z42: =SUMIFS($B42:$W42, $B$4:$W$4, Z$4) -> 3906.3986 | AA42: =SUMIFS($B42:$W42, $B$4:$W$4, AA$4) -> 7302.9424 | AB42: =SUMIFS($B42:$W42, $B$4:$W$4, AB$4) -> 13107.801
B43: Capital Expenditures | C43: =Calculations!C718 -> -1.971 | D43: =Calculations!D718 -> -10.584 | E43: =Calculations!E718 -> -27.297 | F43: =Calculations!F718 -> -48.4965 | G43: =Calculations!G718 -> -71.58312 | H43: =Calculations!H718 -> -95.93091 | I43: =Calculations!I718 -> -121.6017 | J43: =Calculations!J718 -> -148.51381 | ... V43: =Calculations!V718 -> -591.31078 | X43: =SUMIFS($B43:$W43, $B$4:$W$4, X$4) -> -88.3485 | Y43: =SUMIFS($B43:$W43, $B$4:$W$4, Y$4) -> -437.62955 | Z43: =SUMIFS($B43:$W43, $B$4:$W$4, Z$4) -> -892.60213 | AA43: =SUMIFS($B43:$W43, $B$4:$W$4, AA$4) -> -1451.7506 | AB43: =SUMIFS($B43:$W43, $B$4:$W$4, AB$4) -> -2102.7553
B44: Free Cash Flow | C44: =Calculations!C719 -> -259.41937 | D44: =Calculations!D719 -> -371.62281 | E44: =Calculations!E719 -> -116.128 | F44: =Calculations!F719 -> 25.18668 | G44: =Calculations!G719 -> -66.739512 | H44: =Calculations!H719 -> -1.4245864 | I44: =Calculations!I719 -> 264.38997 | J44: =Calculations!J719 -> 441.44465 | ... V44: =Calculations!V719 -> 3296.966 | X44: =SUMIFS($B44:$W44, $B$4:$W$4, X$4) -> -721.98351 | Y44: =SUMIFS($B44:$W44, $B$4:$W$4, Y$4) -> 637.67052 | Z44: =SUMIFS($B44:$W44, $B$4:$W$4, Z$4) -> 3013.7965 | AA44: =SUMIFS($B44:$W44, $B$4:$W$4, AA$4) -> 5851.1918 | AB44: =SUMIFS($B44:$W44, $B$4:$W$4, AB$4) -> 11005.045
B45: Free cash flow margin | C45: =IFERROR(C44/IS!C7, 0) -> -7.8970889 | D45: =IFERROR(D44/IS!D7, 0) -> -2.1067053 | E45: =IFERROR(E44/IS!E7, 0) -> -0.25525443 | F45: =IFERROR(F44/IS!F7, 0) -> 0.031161029 | G45: =IFERROR(G44/IS!G7, 0) -> -0.055940154 | H45: =IFERROR(H44/IS!H7, 0) -> -0.00089100776 | I45: =IFERROR(I44/IS!I7, 0) -> 0.13045376 | J45: =IFERROR(J44/IS!J7, 0) -> 0.17834488 | ... V45: =IFERROR(V44/IS!V7, 0) -> 0.33454144 | X45: =IFERROR(X44/IS!X7, 0) -> -0.4903197 | Y45: =IFERROR(Y44/IS!Y7, 0) -> 0.087426071 | Z45: =IFERROR(Z44/IS!Z7, 0) -> 0.20258498 | AA45: =IFERROR(AA44/IS!AA7, 0) -> 0.24182632 | AB45: =IFERROR(AB44/IS!AB7, 0) -> 0.31401785
B47: Check with calculations | C47: =C37-Calculations!C712 -> 0 | D47: =D37-Calculations!D712 -> 0 | E47: =E37-Calculations!E712 -> 0 | F47: =F37-Calculations!F712 -> 0 | G47: =G37-Calculations!G712 -> 0 | H47: =H37-Calculations!H712 -> 0 | I47: =I37-Calculations!I712 -> 0 | J47: =J37-Calculations!J712 -> 0 | ... V47: =V37-Calculations!V712 -> 0 | X47: =X37-Calculations!AP712 -> 0 | Y47: =Y37-Calculations!AQ712 -> 0 | Z47: =Z37-Calculations!AR712 -> 0 | AA47: =AA37-Calculations!AS712 -> 0 | AB47: =AB37-Calculations!AT712 -> 0

Sheet KPIs
A1: =Drivers!$A$1 -> XYZ Company
B2: Key Performance Indicators ($ in 000's)
B4: Fiscal year | C4: =Drivers!C14 -> FY26E | D4: =Drivers!D14 -> FY26E | E4: =Drivers!E14 -> FY26E | F4: =Drivers!F14 -> FY26E | G4: =Drivers!G14 -> FY27E | H4: =Drivers!H14 -> FY27E | I4: =Drivers!I14 -> FY27E | J4: =Drivers!J14 -> FY27E | ... V4: =Drivers!V14 -> FY30E | X4: =F4 -> FY26E | Y4: =J4 -> FY27E | Z4: =N4 -> FY28E | AA4: =R4 -> FY29E | AB4: =V4 -> FY30E
B5: ($ in 000's) | C5: =Drivers!C15 -> FQ1'26E | D5: =Drivers!D15 -> FQ2'26E | E5: =Drivers!E15 -> FQ3'26E | F5: =Drivers!F15 -> FQ4'26E | G5: =Drivers!G15 -> FQ1'27E | H5: =Drivers!H15 -> FQ2'27E | I5: =Drivers!I15 -> FQ3'27E | J5: =Drivers!J15 -> FQ4'27E | ... V5: =Drivers!V15 -> FQ4'30E | X5: =X4 -> FY26E | Y5: =Y4 -> FY27E | Z5: =Z4 -> FY28E | AA5: =AA4 -> FY29E | AB5: =AB4 -> FY30E
B7: Inputs to analysis below
B8: Avg sales reps | C8: =Calculations!C868 -> 12.5 | D8: =Calculations!D868 -> 25.5 | E8: =Calculations!E868 -> 26.5 | F8: =Calculations!F868 -> 27.5 | G8: =Calculations!G868 -> 28.5 | H8: =Calculations!H868 -> 29.5 | I8: =Calculations!I868 -> 30.5 | J8: =Calculations!J868 -> 31.5 | ... V8: =Calculations!V868 -> 36 | X8: =Calculations!AP868 -> 14 | Y8: =Calculations!AQ868 -> 30 | Z8: =Calculations!AR868 -> 34 | AA8: =Calculations!AS868 -> 36 | AB8: =Calculations!AT868 -> 36
B9: Avg ramped sales reps | C9: =Calculations!C869 -> 3.125 | D9: =Calculations!D869 -> 12.25 | E9: =Calculations!E869 -> 21.625 | F9: =Calculations!F869 -> 25.5 | G9: =Calculations!G869 -> 26.5 | H9: =Calculations!H869 -> 27.5 | I9: =Calculations!I869 -> 28.5 | J9: =Calculations!J869 -> 29.5 | ... V9: =Calculations!V869 -> 35 | X9: =Calculations!AP869 -> 13 | Y9: =Calculations!AQ869 -> 28 | Z9: =Calculations!AR869 -> 32 | AA9: =Calculations!AS869 -> 34.5 | AB9: =Calculations!AT869 -> 35
B10: New logos won | C10: =Calculations!C870 -> 6 | D10: =Calculations!D870 -> 24 | E10: =Calculations!E870 -> 42 | F10: =Calculations!F870 -> 49 | G10: =Calculations!G870 -> 51 | H10: =Calculations!H870 -> 53 | I10: =Calculations!I870 -> 55 | J10: =Calculations!J870 -> 57 | ... V10: =Calculations!V870 -> 67 | X10: =Calculations!AP870 -> 121 | Y10: =Calculations!AQ870 -> 216 | Z10: =Calculations!AR870 -> 244 | AA10: =Calculations!AS870 -> 267 | AB10: =Calculations!AT870 -> 268
B11: Avg customers | C11: =Calculations!C871 -> 3 | D11: =Calculations!D871 -> 18 | E11: =Calculations!E871 -> 51 | F11: =Calculations!F871 -> 96.5 | G11: =Calculations!G871 -> 146.5 | H11: =Calculations!H871 -> 197.5 | I11: =Calculations!I871 -> 248.5 | J11: =Calculations!J871 -> 299.5 | ... V11: =Calculations!V871 -> 821 | X11: =Calculations!AP871 -> 60.5 | Y11: =Calculations!AQ871 -> 223 | Z11: =Calculations!AR871 -> 422 | AA11: =Calculations!AS871 -> 607.5 | AB11: =Calculations!AT871 -> 766.5
B12: Avg new logo ACV per customer | C12: =Calculations!C872 -> 30 | D12: =Calculations!D872 -> 30 | E12: =Calculations!E872 -> 30 | F12: =Calculations!F872 -> 30 | G12: =Calculations!G872 -> 30.6 | H12: =Calculations!H872 -> 30.6 | I12: =Calculations!I872 -> 30.6 | J12: =Calculations!J872 -> 30.6 | ... V12: =Calculations!V872 -> 32.472965 | X12: =Calculations!AP872 -> 30 | Y12: =Calculations!AQ872 -> 30.6 | Z12: =Calculations!AR872 -> 31.212 | AA12: =Calculations!AS872 -> 31.83624 | AB12: =Calculations!AT872 -> 32.472965
B13: Total new logo ACV | C13: =Calculations!C873 -> 180 | D13: =Calculations!D873 -> 720 | E13: =Calculations!E873 -> 1260 | F13: =Calculations!F873 -> 1470 | G13: =Calculations!G873 -> 1560.6 | H13: =Calculations!H873 -> 1621.8 | I13: =Calculations!I873 -> 1683 | J13: =Calculations!J873 -> 1744.2 | ... V13: =Calculations!V873 -> 2175.6886 | X13: =Calculations!AP873 -> 3630 | Y13: =Calculations!AQ873 -> 6609.6 | Z13: =Calculations!AR873 -> 7615.728 | AA13: =Calculations!AS873 -> 8500.2761 | AB13: =Calculations!AT873 -> 8702.7546
B14: Net new ACV | C14: =Calculations!C874 -> 180 | D14: =Calculations!D874 -> 720 | E14: =Calculations!E874 -> 1260 | F14: =Calculations!F874 -> 1470 | G14: =Calculations!G874 -> 1569.6 | H14: =Calculations!H874 -> 1657.8 | I14: =Calculations!I874 -> 1746 | J14: =Calculations!J874 -> 1817.7 | ... V14: =Calculations!V874 -> 2990.1708 | X14: =Calculations!AP874 -> 3630 | Y14: =Calculations!AQ874 -> 6791.1 | Z14: =Calculations!AR874 -> 8345.205 | AA14: =Calculations!AS874 -> 10189.244 | AB14: =Calculations!AT874 -> 11598.309
B15: Avg ARR | C15: =Calculations!C875 -> 90 | D15: =Calculations!D875 -> 540 | E15: =Calculations!E875 -> 1530 | F15: =Calculations!F875 -> 2895 | G15: =Calculations!G875 -> 4414.8 | H15: =Calculations!H875 -> 6028.5 | I15: =Calculations!I875 -> 7730.4 | J15: =Calculations!J875 -> 9512.25 | ... V15: =Calculations!V875 -> 39058.773 | X15: =Calculations!AP875 -> 1815 | Y15: =Calculations!AQ875 -> 7025.55 | Z15: =Calculations!AR875 -> 14593.702 | AA15: =Calculations!AS875 -> 23860.927 | AB15: =Calculations!AT875 -> 34754.703
B16: Sales OpEx (non-GAAP) | C16: =Calculations!C876 -> -378.79348 | D16: =Calculations!D876 -> -816.76668 | E16: =Calculations!E876 -> -930.03063 | F16: =Calculations!F876 -> -1025.116 | G16: =Calculations!G876 -> -1126.6651 | H16: =Calculations!H876 -> -1204.5466 | I16: =Calculations!I876 -> -1305.6464 | J16: =Calculations!J876 -> -1362.426 | ... V16: =Calculations!V876 -> -1907.7287 | X16: =Calculations!AP876 -> -3150.7068 | Y16: =Calculations!AQ876 -> -4999.284 | Z16: =Calculations!AR876 -> -6102.5922 | AA16: =Calculations!AS876 -> -6918.1203 | AB16: =Calculations!AT876 -> -7467.5942
B17: Marketing OpEx (non-GAAP) | C17: =Calculations!C877 -> -1.6425 | D17: =Calculations!D877 -> -8.82 | E17: =Calculations!E877 -> -22.7475 | F17: =Calculations!F877 -> -40.41375 | G17: =Calculations!G877 -> -59.6526 | H17: =Calculations!H877 -> -79.942425 | I17: =Calculations!I877 -> -101.33475 | J17: =Calculations!J877 -> -123.76151 | ... V17: =Calculations!V877 -> -492.75899 | X17: =Calculations!AP877 -> -73.62375 | Y17: =Calculations!AQ877 -> -364.69129 | Z17: =Calculations!AR877 -> -743.83511 | AA17: =Calculations!AS877 -> -1209.7922 | AB17: =Calculations!AT877 -> -1752.2961
B19: Growth
B20: ARR (end of quarter) | C20: =Calculations!C880 -> 180 | D20: =Calculations!D880 -> 900 | E20: =Calculations!E880 -> 2160 | F20: =Calculations!F880 -> 3630 | G20: =Calculations!G880 -> 5199.6 | H20: =Calculations!H880 -> 6857.4 | I20: =Calculations!I880 -> 8603.4 | J20: =Calculations!J880 -> 10421.1 | ... V20: =Calculations!V880 -> 40553.858 | X20: =Calculations!AP880 -> 3630 | Y20: =Calculations!AQ880 -> 10421.1 | Z20: =Calculations!AR880 -> 18766.305 | AA20: =Calculations!AS880 -> 28955.549 | AB20: =Calculations!AT880 -> 40553.858
B21: Y/Y % | G21: =IFERROR(G20/C20-1, 0) -> 27.886667 | H21: =IFERROR(H20/D20-1, 0) -> 6.6193333 | I21: =IFERROR(I20/E20-1, 0) -> 2.9830556 | J21: =IFERROR(J20/F20-1, 0) -> 1.8708264 | K21: =IFERROR(K20/G20-1, 0) -> 1.3759266 | L21: =IFERROR(L20/H20-1, 0) -> 1.0989054 | M21: =IFERROR(M20/I20-1, 0) -> 0.9223328 | N21: =IFERROR(N20/J20-1, 0) -> 0.80079886 | ... V21: =IFERROR(V20/R20-1, 0) -> 0.40055568 | Y21: =IFERROR(Y20/X20-1, 0) -> 1.8708264 | Z21: =IFERROR(Z20/Y20-1, 0) -> 0.80079886 | AA21: =IFERROR(AA20/Z20-1, 0) -> 0.54295417 | AB21: =IFERROR(AB20/AA20-1, 0) -> 0.40055568
B22: Q/Q % | D22: =IFERROR(D20/C20-1, 0) -> 4 | E22: =IFERROR(E20/D20-1, 0) -> 1.4 | F22: =IFERROR(F20/E20-1, 0) -> 0.68055556 | G22: =IFERROR(G20/F20-1, 0) -> 0.43239669 | H22: =IFERROR(H20/G20-1, 0) -> 0.31883222 | I22: =IFERROR(I20/H20-1, 0) -> 0.25461545 | J22: =IFERROR(J20/I20-1, 0) -> 0.21127694 | K22: =IFERROR(K20/J20-1, 0) -> 0.18546679 | ... V22: =IFERROR(V20/U20-1, 0) -> 0.079602697
B23: Revenue | C23: =Calculations!C883 -> 32.85 | D23: =Calculations!D883 -> 176.4 | E23: =Calculations!E883 -> 454.95 | F23: =Calculations!F883 -> 808.275 | G23: =Calculations!G883 -> 1193.052 | H23: =Calculations!H883 -> 1598.8485 | I23: =Calculations!I883 -> 2026.695 | J23: =Calculations!J883 -> 2475.2303 | ... V23: =Calculations!V883 -> 9855.1797 | X23: =Calculations!AP883 -> 1472.475 | Y23: =Calculations!AQ883 -> 7293.8257 | Z23: =Calculations!AR883 -> 14876.702 | AA23: =Calculations!AS883 -> 24195.844 | AB23: =Calculations!AT883 -> 35045.922
B24: Y/Y % | G24: =IFERROR(G23/C23-1, 0) -> 35.318174 | H24: =IFERROR(H23/D23-1, 0) -> 8.063767 | I24: =IFERROR(I23/E23-1, 0) -> 3.4547643 | J24: =IFERROR(J23/F23-1, 0) -> 2.0623615 | K24: =IFERROR(K23/G23-1, 0) -> 1.4690944 | L24: =IFERROR(L23/H23-1, 0) -> 1.1540316 | M24: =IFERROR(M23/I23-1, 0) -> 0.95825318 | N24: =IFERROR(N23/J23-1, 0) -> 0.82536236 | ... V24: =IFERROR(V23/R23-1, 0) -> 0.40552095 | Y24: =IFERROR(Y23/X23-1, 0) -> 3.9534462 | Z24: =IFERROR(Z23/Y23-1, 0) -> 1.0396295 | AA24: =IFERROR(AA23/Z23-1, 0) -> 0.62642522 | AB24: =IFERROR(AB23/AA23-1, 0) -> 0.44842738
B25: Q/Q % | D25: =IFERROR(D23/C23-1, 0) -> 4.369863 | E25: =IFERROR(E23/D23-1, 0) -> 1.5790816 | F25: =IFERROR(F23/E23-1, 0) -> 0.7766238 | G25: =IFERROR(G23/F23-1, 0) -> 0.47604714 | H25: =IFERROR(H23/G23-1, 0) -> 0.34013312 | I25: =IFERROR(I23/H23-1, 0) -> 0.26759665 | J25: =IFERROR(J23/I23-1, 0) -> 0.22131364 | K25: =IFERROR(K23/J23-1, 0) -> 0.19009452 | ... V25: =IFERROR(V23/U23-1, 0) -> 0.081290003
B26: Net new ARR | C26: =Calculations!C889 -> 180 | D26: =Calculations!D889 -> 720 | E26: =Calculations!E889 -> 1260 | F26: =Calculations!F889 -> 1470 | G26: =Calculations!G889 -> 1569.6 | H26: =Calculations!H889 -> 1657.8 | I26: =Calculations!I889 -> 1746 | J26: =Calculations!J889 -> 1817.7 | ... V26: =Calculations!V889 -> 2990.1708 | X26: =Calculations!AP889 -> 3630 | Y26: =Calculations!AQ889 -> 6791.1 | Z26: =Calculations!AR889 -> 8345.205 | AA26: =Calculations!AS889 -> 10189.244 | AB26: =Calculations!AT889 -> 11598.309
B27: Y/Y % | G27: =IFERROR(G26/C26-1, 0) -> 7.72 | H27: =IFERROR(H26/D26-1, 0) -> 1.3025 | I27: =IFERROR(I26/E26-1, 0) -> 0.38571429 | J27: =IFERROR(J26/F26-1, 0) -> 0.23653061 | K27: =IFERROR(K26/G26-1, 0) -> 0.23137615 | L27: =IFERROR(L26/H26-1, 0) -> 0.23004343 | M27: =IFERROR(M26/I26-1, 0) -> 0.22884536 | N27: =IFERROR(N26/J26-1, 0) -> 0.22556362 | ... V27: =IFERROR(V26/R26-1, 0) -> 0.13720015 | Y27: =IFERROR(Y26/X26-1, 0) -> 0.87082645 | Z27: =IFERROR(Z26/Y26-1, 0) -> 0.22884437 | AA27: =IFERROR(AA26/Z26-1, 0) -> 0.22096983 | AB27: =IFERROR(AB26/AA26-1, 0) -> 0.13828955
B28: Q/Q % | D28: =IFERROR(D26/C26-1, 0) -> 3 | E28: =IFERROR(E26/D26-1, 0) -> 0.75 | F28: =IFERROR(F26/E26-1, 0) -> 0.16666667 | G28: =IFERROR(G26/F26-1, 0) -> 0.067755102 | H28: =IFERROR(H26/G26-1, 0) -> 0.056192661 | I28: =IFERROR(I26/H26-1, 0) -> 0.05320304 | J28: =IFERROR(J26/I26-1, 0) -> 0.041065292 | K28: =IFERROR(K26/J26-1, 0) -> 0.063304176 | ... V28: =IFERROR(V26/U26-1, 0) -> 0.013441358
B30: Sales rep economics
B31: New logos won per ramped rep | C31: =Calculations!C894 -> 1.92 | D31: =Calculations!D894 -> 1.9591837 | E31: =Calculations!E894 -> 1.9421965 | F31: =Calculations!F894 -> 1.9215686 | G31: =Calculations!G894 -> 1.9245283 | H31: =Calculations!H894 -> 1.9272727 | I31: =Calculations!I894 -> 1.9298246 | J31: =Calculations!J894 -> 1.9322034 | ... V31: =Calculations!V894 -> 1.9142857 | X31: =Calculations!AP894 -> 9.3076923 | Y31: =Calculations!AQ894 -> 7.7142857 | Z31: =Calculations!AR894 -> 7.625 | AA31: =Calculations!AS894 -> 7.7391304 | AB31: =Calculations!AT894 -> 7.6571429
B32: Avg new logo ACV per customer | C32: =Calculations!C895 -> 30 | D32: =Calculations!D895 -> 30 | E32: =Calculations!E895 -> 30 | F32: =Calculations!F895 -> 30 | G32: =Calculations!G895 -> 30.6 | H32: =Calculations!H895 -> 30.6 | I32: =Calculations!I895 -> 30.6 | J32: =Calculations!J895 -> 30.6 | ... V32: =Calculations!V895 -> 32.472965 | X32: =Calculations!AP895 -> 30 | Y32: =Calculations!AQ895 -> 30.6 | Z32: =Calculations!AR895 -> 31.212 | AA32: =Calculations!AS895 -> 31.83624 | AB32: =Calculations!AT895 -> 32.472965
B33: Net upsell/crosssell ACV per customer | C33: =Calculations!C896 -> 0 | D33: =Calculations!D896 -> 0 | E33: =Calculations!E896 -> 0 | F33: =Calculations!F896 -> 0 | G33: =Calculations!G896 -> 0.17647059 | H33: =Calculations!H896 -> 0.67924528 | I33: =Calculations!I896 -> 1.1454545 | J33: =Calculations!J896 -> 1.2894737 | ... V33: =Calculations!V896 -> 12.15645 | X33: =Calculations!AP896 -> 0 | Y33: =Calculations!AQ896 -> 0.84027778 | Z33: =Calculations!AR896 -> 2.9896598 | AA33: =Calculations!AS896 -> 6.3257208 | AB33: =Calculations!AT896 -> 10.804309
B34: Net new ACV per ramped rep | C34: =Calculations!C897 -> 57.6 | D34: =Calculations!D897 -> 58.77551 | E34: =Calculations!E897 -> 58.265896 | F34: =Calculations!F897 -> 57.647059 | G34: =Calculations!G897 -> 59.230189 | H34: =Calculations!H897 -> 60.283636 | I34: =Calculations!I897 -> 61.263158 | J34: =Calculations!J897 -> 61.616949 | ... V34: =Calculations!V897 -> 85.433452 | X34: =Calculations!AP897 -> 279.23077 | Y34: =Calculations!AQ897 -> 242.53929 | Z34: =Calculations!AR897 -> 260.78766 | AA34: =Calculations!AS897 -> 295.34039 | AB34: =Calculations!AT897 -> 331.38027
B35: Sales productivity | C35: =IFERROR(C36/C34, 0) -> 0.25 | D35: =IFERROR(D36/D34, 0) -> 0.48039216 | E35: =IFERROR(E36/E34, 0) -> 0.81603774 | F35: =IFERROR(F36/F34, 0) -> 0.92727273 | G35: =IFERROR(G36/G34, 0) -> 0.92982456 | H35: =IFERROR(H36/H34, 0) -> 0.93220339 | I35: =IFERROR(I36/I34, 0) -> 0.93442623 | J35: =IFERROR(J36/J34, 0) -> 0.93650794 | ... V35: =IFERROR(V36/V34, 0) -> 0.97222222 | X35: =IFERROR(X36/X34, 0) -> 0.92857143 | Y35: =IFERROR(Y36/Y34, 0) -> 0.93333333 | Z35: =IFERROR(Z36/Z34, 0) -> 0.94117647 | AA35: =IFERROR(AA36/AA34, 0) -> 0.95833333 | AB35: =IFERROR(AB36/AB34, 0) -> 0.97222222
B36: Net new ACV per sales rep | C36: =Calculations!C899 -> 14.4 | D36: =Calculations!D899 -> 28.235294 | E36: =Calculations!E899 -> 47.54717 | F36: =Calculations!F899 -> 53.454545 | G36: =Calculations!G899 -> 55.073684 | H36: =Calculations!H899 -> 56.19661 | I36: =Calculations!I899 -> 57.245902 | J36: =Calculations!J899 -> 57.704762 | ... V36: =Calculations!V899 -> 83.0603 | X36: =Calculations!AP899 -> 259.28571 | Y36: =Calculations!AQ899 -> 226.37 | Z36: =Calculations!AR899 -> 245.44721 | AA36: =Calculations!AS899 -> 283.03454 | AB36: =Calculations!AT899 -> 322.17526
B37: Gross margin | C37: =Calculations!C900 -> 0.55821918 | D37: =Calculations!D900 -> 0.60714286 | E37: =Calculations!E900 -> 0.65306627 | F37: =Calculations!F900 -> 0.68634592 | G37: =Calculations!G900 -> 0.71290935 | H37: =Calculations!H900 -> 0.72348322 | I37: =Calculations!I900 -> 0.73010502 | J37: =Calculations!J900 -> 0.73463218 | ... V37: =Calculations!V900 -> 0.78139013 | X37: =Calculations!AP900 -> 0.6637167 | Y37: =Calculations!AQ900 -> 0.72737712 | Z37: =Calculations!AR900 -> 0.75105884 | AA37: =Calculations!AS900 -> 0.76665017 | AB37: =Calculations!AT900 -> 0.78031535
B38: Gross profit on net new ACV per sales rep | C38: =C36*C37 -> 8.0383562 | D38: =D36*D37 -> 17.142857 | E38: =E36*E37 -> 31.051453 | F38: =F36*F37 -> 36.688309 | G38: =G36*G37 -> 39.262544 | H38: =H36*H37 -> 40.657304 | I38: =I36*I37 -> 41.79552 | J38: =J36*J37 -> 42.391775 | ... V38: =V36*V37 -> 64.902499 | X38: =X36*X37 -> 172.09226 | Y38: =Y36*Y37 -> 164.65636 | Z38: =Z36*Z37 -> 184.34529 | AA38: =AA36*AA37 -> 216.98848 | AB38: =AB36*AB37 -> 251.3983
B39: Sales OpEx per sales rep | C39: =Calculations!C902 -> -30.303479 | D39: =Calculations!D902 -> -32.030066 | E39: =Calculations!E902 -> -35.095495 | F39: =Calculations!F902 -> -37.276946 | G39: =Calculations!G902 -> -39.532109 | H39: =Calculations!H902 -> -40.832087 | I39: =Calculations!I902 -> -42.808078 | J39: =Calculations!J902 -> -43.251618 | ... V39: =Calculations!V902 -> -52.992463 | X39: =Calculations!AP902 -> -225.05049 | Y39: =Calculations!AQ902 -> -166.6428 | Z39: =Calculations!AR902 -> -179.48801 | AA39: =Calculations!AS902 -> -192.17001 | AB39: =Calculations!AT902 -> -207.43317
B40: Contribution margin per sales rep | C40: =C38+C39 -> -22.265122 | D40: =D38+D39 -> -14.887209 | E40: =E38+E39 -> -4.0440425 | F40: =F38+F39 -> -0.58863704 | G40: =G38+G39 -> -0.26956459 | H40: =H38+H39 -> -0.17478257 | I40: =I38+I39 -> -1.0125574 | J40: =J38+J39 -> -0.85984352 | ... V40: =V38+V39 -> 11.910035 | X40: =X38+X39 -> -52.958228 | Y40: =Y38+Y39 -> -1.9864418 | Z40: =Z38+Z39 -> 4.8572885 | AA40: =AA38+AA39 -> 24.81847 | AB40: =AB38+AB39 -> 43.965131
B41: Contribution margin % | C41: =IFERROR(C40/C34, 0) -> -0.38654726 | D41: =IFERROR(D40/D34, 0) -> -0.25328932 | E41: =IFERROR(E40/E34, 0) -> -0.069406682 | F41: =IFERROR(F40/F34, 0) -> -0.010211051 | G41: =IFERROR(G40/G34, 0) -> -0.004551135 | H41: =IFERROR(H40/H34, 0) -> -0.0028993369 | I41: =IFERROR(I40/I34, 0) -> -0.016527998 | J41: =IFERROR(J40/J34, 0) -> -0.013954659 | ... V41: =IFERROR(V40/V34, 0) -> 0.13940717 | X41: =IFERROR(X40/X34, 0) -> -0.18965756 | Y41: =IFERROR(Y40/Y34, 0) -> -0.0081901859 | Z41: =IFERROR(Z40/Z34, 0) -> 0.018625454 | AA41: =IFERROR(AA40/AA34, 0) -> 0.084033444 | AB41: =IFERROR(AB40/AB34, 0) -> 0.13267275
B43: Customers
B44: ARR per customer | C44: =Calculations!C907 -> 30 | D44: =Calculations!D907 -> 30 | E44: =Calculations!E907 -> 30 | F44: =Calculations!F907 -> 30 | G44: =Calculations!G907 -> 30.135154 | H44: =Calculations!H907 -> 30.524051 | I44: =Calculations!I907 -> 31.108249 | J44: =Calculations!J907 -> 31.760434 | ... V44: =Calculations!V907 -> 47.574632 | X44: =Calculations!AP907 -> 30 | Y44: =Calculations!AQ907 -> 31.504709 | Z44: =Calculations!AR907 -> 34.582233 | AA44: =Calculations!AS907 -> 39.277246 | AB44: =Calculations!AT907 -> 45.342079
B45: Churn rate (blended) | C45: =Calculations!C908 -> 0 | D45: =Calculations!D908 -> 0 | E45: =Calculations!E908 -> 0 | F45: =Calculations!F908 -> 0 | G45: =Calculations!G908 -> -0.05 | H45: =Calculations!H908 -> -0.05 | I45: =Calculations!I908 -> -0.05 | J45: =Calculations!J908 -> -0.05 | ... V45: =Calculations!V908 -> -0.05 | X45: =Calculations!AP908 -> 0 | Y45: =Calculations!AQ908 -> -0.05 | Z45: =Calculations!AR908 -> -0.05 | AA45: =Calculations!AS908 -> -0.05 | AB45: =Calculations!AT908 -> -0.05
B46: Gross retention rate (blended) | C46: =Calculations!C909 -> 0 | D46: =Calculations!D909 -> 0 | E46: =Calculations!E909 -> 0 | F46: =Calculations!F909 -> 0 | G46: =Calculations!G909 -> 0.9 | H46: =Calculations!H909 -> 0.9 | I46: =Calculations!I909 -> 0.9 | J46: =Calculations!J909 -> 0.9 | ... V46: =Calculations!V909 -> 0.9 | X46: =Calculations!AP909 -> 0 | Y46: =Calculations!AQ909 -> 0.9 | Z46: =Calculations!AR909 -> 0.9 | AA46: =Calculations!AS909 -> 0.9 | AB46: =Calculations!AT909 -> 0.9
B47: Net revenue retention rate (blended) | C47: =Calculations!C910 -> 0 | D47: =Calculations!D910 -> 0 | E47: =Calculations!E910 -> 0 | F47: =Calculations!F910 -> 0 | G47: =Calculations!G910 -> 1.05 | H47: =Calculations!H910 -> 1.05 | I47: =Calculations!I910 -> 1.05 | J47: =Calculations!J910 -> 1.05 | ... V47: =Calculations!V910 -> 1.1 | X47: =Calculations!AP910 -> 0 | Y47: =Calculations!AQ910 -> 1.05 | Z47: =Calculations!AR910 -> 1.07 | AA47: =Calculations!AS910 -> 1.09 | AB47: =Calculations!AT910 -> 1.1
B49: Unit economics
B50: Customer acquisition cost (CAC)
B51: S&M costs (non-GAAP) | C51: =Calculations!C914 -> -380.43598 | D51: =Calculations!D914 -> -825.58668 | E51: =Calculations!E914 -> -952.77813 | F51: =Calculations!F914 -> -1065.5298 | G51: =Calculations!G914 -> -1186.3177 | H51: =Calculations!H914 -> -1284.489 | I51: =Calculations!I914 -> -1406.9811 | J51: =Calculations!J914 -> -1486.1875 | ... V51: =Calculations!V914 -> -2400.4877 | X51: =Calculations!AP914 -> -3224.3306 | Y51: =Calculations!AQ914 -> -5363.9753 | Z51: =Calculations!AR914 -> -6846.4273 | AA51: =Calculations!AS914 -> -8127.9125 | AB51: =Calculations!AT914 -> -9219.8903
B52: New logos won | C52: =Calculations!C915 -> 6 | D52: =Calculations!D915 -> 24 | E52: =Calculations!E915 -> 42 | F52: =Calculations!F915 -> 49 | G52: =Calculations!G915 -> 51 | H52: =Calculations!H915 -> 53 | I52: =Calculations!I915 -> 55 | J52: =Calculations!J915 -> 57 | ... V52: =Calculations!V915 -> 67 | X52: =Calculations!AP915 -> 121 | Y52: =Calculations!AQ915 -> 216 | Z52: =Calculations!AR915 -> 244 | AA52: =Calculations!AS915 -> 267 | AB52: =Calculations!AT915 -> 268
B53: CAC | C53: =IFERROR(C51/C52, 0) -> -63.405997 | D53: =IFERROR(D51/D52, 0) -> -34.399445 | E53: =IFERROR(E51/E52, 0) -> -22.685194 | F53: =IFERROR(F51/F52, 0) -> -21.745506 | G53: =IFERROR(G51/G52, 0) -> -23.261131 | H53: =IFERROR(H51/H52, 0) -> -24.235641 | I53: =IFERROR(I51/I52, 0) -> -25.581475 | J53: =IFERROR(J51/J52, 0) -> -26.073465 | ... V53: =IFERROR(V51/V52, 0) -> -35.828174 | X53: =IFERROR(X51/X52, 0) -> -26.64736 | Y53: =IFERROR(Y51/Y52, 0) -> -24.833219 | Z53: =IFERROR(Z51/Z52, 0) -> -28.059128 | AA53: =IFERROR(AA51/AA52, 0) -> -30.44162 | AB53: =IFERROR(AB51/AB52, 0) -> -34.402576
B54: CAC payback in months
B55: S&M costs (non-GAAP) | C55: =Calculations!C918 -> -380.43598 | D55: =Calculations!D918 -> -825.58668 | E55: =Calculations!E918 -> -952.77813 | F55: =Calculations!F918 -> -1065.5298 | G55: =Calculations!G918 -> -1186.3177 | H55: =Calculations!H918 -> -1284.489 | I55: =Calculations!I918 -> -1406.9811 | J55: =Calculations!J918 -> -1486.1875 | ... V55: =Calculations!V918 -> -2400.4877 | X55: =Calculations!AP918 -> -3224.3306 | Y55: =Calculations!AQ918 -> -5363.9753 | Z55: =Calculations!AR918 -> -6846.4273 | AA55: =Calculations!AS918 -> -8127.9125 | AB55: =Calculations!AT918 -> -9219.8903
B56: Total new logo MRR | C56: =Calculations!C919 -> 15 | D56: =Calculations!D919 -> 60 | E56: =Calculations!E919 -> 105 | F56: =Calculations!F919 -> 122.5 | G56: =Calculations!G919 -> 130.05 | H56: =Calculations!H919 -> 135.15 | I56: =Calculations!I919 -> 140.25 | J56: =Calculations!J919 -> 145.35 | ... V56: =Calculations!V919 -> 181.30739 | X56: =Calculations!AP919 -> 302.5 | Y56: =Calculations!AQ919 -> 550.8 | Z56: =Calculations!AR919 -> 634.644 | AA56: =Calculations!AS919 -> 708.35634 | AB56: =Calculations!AT919 -> 725.22955
B57: Gross margin | C57: =Calculations!C920 -> 0.55821918 | D57: =Calculations!D920 -> 0.60714286 | E57: =Calculations!E920 -> 0.65306627 | F57: =Calculations!F920 -> 0.68634592 | G57: =Calculations!G920 -> 0.71290935 | H57: =Calculations!H920 -> 0.72348322 | I57: =Calculations!I920 -> 0.73010502 | J57: =Calculations!J920 -> 0.73463218 | ... V57: =Calculations!V920 -> 0.78139013 | X57: =Calculations!AP920 -> 0.6637167 | Y57: =Calculations!AQ920 -> 0.72737712 | Z57: =Calculations!AR920 -> 0.75105884 | AA57: =Calculations!AS920 -> 0.76665017 | AB57: =Calculations!AT920 -> 0.78031535
B58: CAC payback in months | C58: =IFERROR(-C55/(C56*C57), 0) -> 45.434481 | D58: =IFERROR(-D55/(D56*D57), 0) -> 22.663164 | E58: =IFERROR(-E55/(E56*E57), 0) -> 13.894574 | F58: =IFERROR(-F55/(F56*F57), 0) -> 12.673205 | G58: =IFERROR(-G55/(G56*G57), 0) -> 12.795473 | H58: =IFERROR(-H55/(H56*H57), 0) -> 13.136688 | I58: =IFERROR(-I55/(I56*I57), 0) -> 13.740422 | J58: =IFERROR(-J55/(J56*J57), 0) -> 13.918378 | ... V58: =IFERROR(-V55/(V56*V57), 0) -> 16.944005 | X58: =IFERROR(-X55/(X56*X57), 0) -> 16.059478 | Y58: =IFERROR(-Y55/(Y56*Y57), 0) -> 13.388539 | Z58: =IFERROR(-Z55/(Z56*Z57), 0) -> 14.363486 | AA58: =IFERROR(-AA55/(AA56*AA57), 0) -> 14.966836 | AB58: =IFERROR(-AB55/(AB56*AB57), 0) -> 16.292214
B59: CAC Payback in quarters | C59: =C58/4 -> 11.35862 | D59: =D58/4 -> 5.6657909 | E59: =E58/4 -> 3.4736434 | F59: =F58/4 -> 3.1683011 | G59: =G58/4 -> 3.1988683 | H59: =H58/4 -> 3.2841719 | I59: =I58/4 -> 3.4351054 | J59: =J58/4 -> 3.4795944 | ... V59: =V58/4 -> 4.2360012 | X59: =X58/4 -> 4.0148696 | Y59: =Y58/4 -> 3.3471349 | Z59: =Z58/4 -> 3.5908715 | AA59: =AA58/4 -> 3.741709 | AB59: =AB58/4 -> 4.0730536
B60: Lifetime Value (LTV)
B61: Avg new logo ACV per customer | C61: =Calculations!C924 -> 30 | D61: =Calculations!D924 -> 30 | E61: =Calculations!E924 -> 30 | F61: =Calculations!F924 -> 30 | G61: =Calculations!G924 -> 30.6 | H61: =Calculations!H924 -> 30.6 | I61: =Calculations!I924 -> 30.6 | J61: =Calculations!J924 -> 30.6 | ... V61: =Calculations!V924 -> 32.472965 | X61: =Calculations!AP924 -> 30 | Y61: =Calculations!AQ924 -> 30.6 | Z61: =Calculations!AR924 -> 31.212 | AA61: =Calculations!AS924 -> 31.83624 | AB61: =Calculations!AT924 -> 32.472965
B62: Gross margin | C62: =Calculations!C925 -> 0.55821918 | D62: =Calculations!D925 -> 0.60714286 | E62: =Calculations!E925 -> 0.65306627 | F62: =Calculations!F925 -> 0.68634592 | G62: =Calculations!G925 -> 0.71290935 | H62: =Calculations!H925 -> 0.72348322 | I62: =Calculations!I925 -> 0.73010502 | J62: =Calculations!J925 -> 0.73463218 | ... V62: =Calculations!V925 -> 0.78139013 | X62: =Calculations!AP925 -> 0.6637167 | Y62: =Calculations!AQ925 -> 0.72737712 | Z62: =Calculations!AR925 -> 0.75105884 | AA62: =Calculations!AS925 -> 0.76665017 | AB62: =Calculations!AT925 -> 0.78031535
B63: Churn rate | C63: =Calculations!C926 -> 0 | D63: =Calculations!D926 -> 0 | E63: =Calculations!E926 -> 0 | F63: =Calculations!F926 -> 0 | G63: =Calculations!G926 -> -0.05 | H63: =Calculations!H926 -> -0.05 | I63: =Calculations!I926 -> -0.05 | J63: =Calculations!J926 -> -0.05 | ... V63: =Calculations!V926 -> -0.05 | X63: =Calculations!AP926 -> 0 | Y63: =Calculations!AQ926 -> -0.05 | Z63: =Calculations!AR926 -> -0.05 | AA63: =Calculations!AS926 -> -0.05 | AB63: =Calculations!AT926 -> -0.05
B64: LTV | C64: =IFERROR((C61*C62)/-C63, 0) -> 0 | D64: =IFERROR((D61*D62)/-D63, 0) -> 0 | E64: =IFERROR((E61*E62)/-E63, 0) -> 0 | F64: =IFERROR((F61*F62)/-F63, 0) -> 0 | G64: =IFERROR((G61*G62)/-G63, 0) -> 436.30052 | H64: =IFERROR((H61*H62)/-H63, 0) -> 442.77173 | I64: =IFERROR((I61*I62)/-I63, 0) -> 446.82427 | J64: =IFERROR((J61*J62)/-J63, 0) -> 449.59489 | ... V64: =IFERROR((V61*V62)/-V63, 0) -> 507.48108 | X64: =IFERROR((X61*X62)/-X63, 0) -> 0 | Y64: =IFERROR((Y61*Y62)/-Y63, 0) -> 445.1548 | Z64: =IFERROR((Z61*Z62)/-Z63, 0) -> 468.84097 | AA64: =IFERROR((AA61*AA62)/-AA63, 0) -> 488.14517 | AB64: =IFERROR((AB61*AB62)/-AB63, 0) -> 506.78306
B65: LTV / CAC | C65: =IFERROR(C64/-C53, 0) -> 0 | D65: =IFERROR(D64/-D53, 0) -> 0 | E65: =IFERROR(E64/-E53, 0) -> 0 | F65: =IFERROR(F64/-F53, 0) -> 0 | G65: =IFERROR(G64/-G53, 0) -> 18.756634 | H65: =IFERROR(H64/-H53, 0) -> 18.269446 | I65: =IFERROR(I64/-I53, 0) -> 17.466713 | J65: =IFERROR(J64/-J53, 0) -> 17.243389 | ... V65: =IFERROR(V64/-V53, 0) -> 14.164302 | X65: =IFERROR(X64/-X53, 0) -> 0 | Y65: =IFERROR(Y64/-Y53, 0) -> 17.925779 | Z65: =IFERROR(Z64/-Z53, 0) -> 16.709036 | AA65: =IFERROR(AA64/-AA53, 0) -> 16.035453 | AB65: =IFERROR(AB64/-AB53, 0) -> 14.730963
B67: Profitability
B68: Non-GAAP gross margin % | C68: =Calculations!C931 -> 0.55821918 | D68: =Calculations!D931 -> 0.60714286 | E68: =Calculations!E931 -> 0.65306627 | F68: =Calculations!F931 -> 0.68634592 | G68: =Calculations!G931 -> 0.71290935 | H68: =Calculations!H931 -> 0.72348322 | I68: =Calculations!I931 -> 0.73010502 | J68: =Calculations!J931 -> 0.73463218 | ... V68: =Calculations!V931 -> 0.78139013 | X68: =Calculations!AP931 -> 0.6637167 | Y68: =Calculations!AQ931 -> 0.72737712 | Z68: =Calculations!AR931 -> 0.75105884 | AA68: =Calculations!AS931 -> 0.76665017 | AB68: =Calculations!AT931 -> 0.78031535
B69: S&M % revenue | C69: =Calculations!C932 -> -11.581004 | D69: =Calculations!D932 -> -4.6801966 | E69: =Calculations!E932 -> -2.094248 | F69: =Calculations!F932 -> -1.3182763 | G69: =Calculations!G932 -> -0.9943554 | H69: =Calculations!H932 -> -0.80338381 | I69: =Calculations!I932 -> -0.6942244 | J69: =Calculations!J932 -> -0.60042394 | ... V69: =Calculations!V932 -> -0.24357624 | X69: =Calculations!AP932 -> -2.1897354 | Y69: =Calculations!AQ932 -> -0.73541314 | Z69: =Calculations!AR932 -> -0.46021136 | AA69: =Calculations!AS932 -> -0.33592185 | AB69: =Calculations!AT932 -> -0.26308026
B70: R&D % revenue | C70: =Calculations!C933 -> -0.2 | D70: =Calculations!D933 -> -0.2 | E70: =Calculations!E933 -> -0.2 | F70: =Calculations!F933 -> -0.2 | G70: =Calculations!G933 -> -0.2 | H70: =Calculations!H933 -> -0.2 | I70: =Calculations!I933 -> -0.2 | J70: =Calculations!J933 -> -0.2 | ... V70: =Calculations!V933 -> -0.2 | X70: =Calculations!AP933 -> -0.2 | Y70: =Calculations!AQ933 -> -0.2 | Z70: =Calculations!AR933 -> -0.2 | AA70: =Calculations!AS933 -> -0.2 | AB70: =Calculations!AT933 -> -0.2
B71: G&A % revenue | C71: =Calculations!C934 -> -0.05 | D71: =Calculations!D934 -> -0.05 | E71: =Calculations!E934 -> -0.05 | F71: =Calculations!F934 -> -0.05 | G71: =Calculations!G934 -> -0.05 | H71: =Calculations!H934 -> -0.05 | I71: =Calculations!I934 -> -0.05 | J71: =Calculations!J934 -> -0.05 | ... V71: =Calculations!V934 -> -0.05 | X71: =Calculations!AP934 -> -0.05 | Y71: =Calculations!AQ934 -> -0.05 | Z71: =Calculations!AR934 -> -0.05 | AA71: =Calculations!AS934 -> -0.05 | AB71: =Calculations!AT934 -> -0.05
B72: Non-GAAP operating margin % | C72: =Calculations!C935 -> -24.936766 | D72: =Calculations!D935 -> -7.3044701 | E72: =Calculations!E935 -> -2.3389668 | F72: =Calculations!F935 -> -1.0779816 | G72: =Calculations!G935 -> -0.61142495 | H72: =Calculations!H935 -> -0.3671418 | I72: =Calculations!I935 -> -0.23351046 | J72: =Calculations!J935 -> -0.12456971 | ... V72: =Calculations!V935 -> 0.29431127 | X72: =Calculations!AP935 -> -2.3570996 | Y72: =Calculations!AQ935 -> -0.28374911 | Z72: =Calculations!AR935 -> 0.043051386 | AA72: =Calculations!AS935 -> 0.18730869 | AB72: =Calculations!AT935 -> 0.27404018
B73: Net profit margin % | C73: =Calculations!C936 -> -11.576676 | D73: =Calculations!D936 -> -4.2291031 | E73: =Calculations!E936 -> -1.7731785 | F73: =Calculations!F936 -> -0.98195478 | G73: =Calculations!G936 -> -0.64024224 | H73: =Calculations!H936 -> -0.45734172 | I73: =Calculations!I936 -> -0.36038377 | J73: =Calculations!J936 -> -0.27357755 | ... V73: =Calculations!V936 -> 0.032721356 | X73: =Calculations!AP936 -> -1.8517833 | Y73: =Calculations!AQ936 -> -0.39795546 | Z73: =Calculations!AR936 -> -0.15717845 | AA73: =Calculations!AS936 -> -0.051718648 | AB73: =Calculations!AT936 -> 0.015550778
B74: FCF margin % | C74: =Calculations!C937 -> -17.469318 | D74: =Calculations!D937 -> -3.5596055 | E74: =Calculations!E937 -> -0.35302631 | F74: =Calculations!F937 -> 0.038088058 | G74: =Calculations!G937 -> -0.064358753 | H74: =Calculations!H937 -> -0.00099159021 | I74: =Calculations!I937 -> 0.14226791 | J74: =Calculations!J937 -> 0.19186487 | ... V74: =Calculations!V937 -> 0.3420937 | X74: =Calculations!AP937 -> 0 | Y74: =Calculations!AQ937 -> 0 | Z74: =Calculations!AR937 -> 0 | AA74: =Calculations!AS937 -> 0 | AB74: =Calculations!AT937 -> 0
